Workbook

Sheet Cover
C1: Company Model — built by Shortcut
B2: State Street Corporation (NYSE: STT)
B3: Company Model — built by Shortcut
B4: $ millions, except per share
B5: Fiscal period | C5: 1Q25A | D5: 2Q25A | E5: 3Q25A | F5: 4Q25A | G5: FY25A | H5: 1Q26A | I5: 2Q26A | J5: 3Q26E
B6: Period end | C6: =DATE(2025,3,31) -> 45747 | D6: =DATE(2025,6,30) -> 45838 | E6: =DATE(2025,9,30) -> 45930 | F6: =DATE(2025,12,31) -> 46022 | G6: =DATE(2025,12,31) -> 46022 | H6: =DATE(2026,3,31) -> 46112 | I6: =DATE(2026,6,30) -> 46203 | J6: =DATE(2026,9,30) -> 46295
B7: Days in period | C7: =C6-DATE(2024,12,31) -> 90 | D7: =D6-C6 -> 91 | E7: =E6-D6 -> 92 | F7: =F6-E6 -> 92 | G7: =G6-DATE(2024,12,31) -> 365 | H7: =H6-F6 -> 90 | I7: =I6-H6 -> 91 | J7: =J6-I6 -> 92
B8: Period band above is navigation only; the tables below use their own column headers (columns are not fiscal periods).
B9: Company information
B10: Company | C10: State Street Corporation
B11: Ticker | C11: STT
B12: Exchange | C12: NYSE (NYSE:STT)
B13: Fiscal year end | C13: Calendar year (ends 31 December)
B14: Reporting currency | C14: USD
B15: Forecast period | C15: 3Q26E = FQ3 2026 (quarter ended 30-Sep-2026; calendar quarter, label not shorthand)
B16: EPS basis | C16: Diluted EPS excluding notable items (= CapIQ normalized diluted EPS), USD per common share
B17: Information cutoff | C17: 2026-10-11 22:24 UTC
B18: Expected report date | C18: 2026-10-14 (confirmed by State Street, 23-Sep-2026; ~7:30am ET)
B19: Author | C19: Shortcut
B21: Headline: 3Q26E vs consensus vs guidance ($m, except per share)
C22: Shortcut est. | D22: Consensus | E22: Variance | F22: Variance % | G22: Guidance mid | H22: Est. vs guid. | I22: Cons. #est.
B23: Total revenue | C23: ='Income Statement'!J27 -> 4071.7303 | D23: =Inputs!C53 -> 4041.38 | E23: =C23-D23 -> 30.350283 | F23: =C23/D23-1 -> 0.007509881 | G23: =Guidance!J45 -> 4019.8675 | H23: =C23-G23 -> 51.862783 | I23: =Inputs!C58 -> 8
B24: Net income to common, ex-notables | C24: ='Income Statement'!J113 -> 1031.3059 | D24: =Inputs!C66 -> 1013.18 | E24: n.a. | F24: n.a. | G24: =Guidance!J52 -> 991.309 | H24: =C24-G24 -> 39.996899 | I24: n.d.
B25: Diluted EPS ex-notables (normalized) | C25: ='Income Statement'!J115 -> 3.7065751 | D25: =Inputs!C37 -> 3.68 | E25: =C25-D25 -> 0.02657513 | F25: =C25/D25-1 -> 0.0072215027 | G25: =Guidance!J53 -> 3.5628239 | H25: =C25-G25 -> 0.14375125 | I25: =Inputs!C42 -> 13
B26: Diluted EPS (GAAP) | C26: ='Income Statement'!J91 -> 3.7065751 | D26: =Inputs!C46 -> 3.65 | E26: =C26-D26 -> 0.05657513 | F26: =C26/D26-1 -> 0.015500036 | G26: n.a. | H26: n.a. | I26: =Inputs!C51 -> 10
B27: P(beat consensus EPS) | C27: =Inputs!C118 -> 0.7
B28: Confidence | C28: =Inputs!C119 -> medium
B29: Overall model check (3Q26E checks are identities) | C29: =IF((SUMIF('Revenue summary'!C67:J67,">0")-SUMIF('Revenue summary'!C67:J67,"<0")+IF(COUNTA('Revenue summary'!C67:J67)=COUNT('Revenue summary'!C67:J67),0,NA()))+(SUMIF('Revenue summary'!C155:J155,">0")-SUMIF('Revenue summary'!C155:J155,"<0")+IF(COUNTA('Revenue summary'!C155:J155)=COUNT('Revenue summary'!C155:J155),0,NA()))+(SUMIF('Segment - Investment Servicing'!C41:J41,">0")-SUMIF('Segment - Investment Servicing'!C41:J41,"<0")+IF(COUNTA('Segment - Investment Servicing'!C41:J41)=COUNT('Segment - Investment Servicing'!C41:J41),0,NA()))+(SUMIF('Segment - Investment Servicing'!C56:J56,">0")-SUMIF('Segment - Investment Servicing'!C56:J56,"<0")+IF(COUNTA('Segment - Investment Servicing'!C56:J56)=COUNT('Segment - Investment Servicing'!C56:J56),0,NA()))+(SUMIF('Segment - Investment Servicing'!C267:J267,">0")-SUMIF('Segment - Investment Servicing'!C267:J267,"<0")+IF(COUNTA('Segment - Investment Servicing'!C267:J267)=COUNT('Segment - Investment Servicing'!C267:J267),0,NA()))+(SUMIF('Segment - Investment Management'!C47:I47,">0")-SUMIF('Segment - Investment Management'!C47:I47,"<0")+IF(COUNTA('Segment - Investment Management'!C47:I47)=COUNT('Segment - Investment Management'!C47:I47),0,NA()))+(SUMIF('Segment - Investment Management'!C68:J68,">0")-SUMIF('Segment - Investment Management'!C68:J68,"<0")+IF(COUNTA('Segment - Investment Management'!C68:J68)=COUNT('Segment - Investment Management'!C68:J68),0,NA()))+(SUMIF('Segment - Investment Management'!C80:J80,">0")-SUMIF('Segment - Investment Management'!C80:J80,"<0")+IF(COUNTA('Segment - Investment Management'!C80:J80)=COUNT('Segment - Investment Management'!C80:J80),0,NA()))+(SUMIF('Segment - Investment Management'!C95:J95,">0")-SUMIF('Segment - Investment Management'!C95:J95,"<0")+IF(COUNTA('Segment - Investment Management'!C95:J95)=COUNT('Segment - Investment Management'!C95:J95),0,NA()))+(SUMIF('Income Statement'!C25:J25,">0")-SUMIF('Income Statement'!C25:J25,"<0")+IF(COUNTA('Income Statement'!C25:J25)=COUNT('Income Statement'!C25:J25),0,NA()))+(SUMIF('Income Statement'!C63:J63,">0")-SUMIF('Income Statement'!C63:J63,"<0")+IF(COUNTA('Income Statement'!C63:J63)=COUNT('Income Statement'!C63:J63),0,NA()))+(SUMIF('Income Statement'!C93:J93,">0")-SUMIF('Income Statement'!C93:J93,"<0")+IF(COUNTA('Income Statement'!C93:J93)=COUNT('Income Statement'!C93:J93),0,NA()))+(SUMIF('Income Statement'!C127:I127,">0")-SUMIF('Income Statement'!C127:I127,"<0")+IF(COUNTA('Income Statement'!C127:I127)=COUNT('Income Statement'!C127:I127),0,NA()))+(SUMIF('Balance Sheet'!C53:J53,">0")-SUMIF('Balance Sheet'!C53:J53,"<0")+IF(COUNTA('Balance Sheet'!C53:J53)=COUNT('Balance Sheet'!C53:J53),0,NA()))+(SUMIF('Cash Flow Statement'!C55:J55,">0")-SUMIF('Cash Flow Statement'!C55:J55,"<0")+IF(COUNTA('Cash Flow Statement'!C55:J55)=COUNT('Cash Flow Statement'!C55:J55),0,NA()))+(SUMIF('Cash Flow Statement'!C56:J56,">0")-SUMIF('Cash Flow Statement'!C56:J56,"<0")+IF(COUNTA('Cash Flow Statement'!C56:J56)=COUNT('Cash Flow Statement'!C56:J56),0,NA()))+(SUMIF('Cash Flow Statement'!C57:J57,">0")-SUMIF('Cash Flow Statement'!C57:J57,"<0")+IF(COUNTA('Cash Flow Statement'!C57:J57)=COUNT('Cash Flow Statement'!C57:J57),0,NA()))+(SUMIF('Cash Flow Statement'!C104:I104,">0")-SUMIF('Cash Flow Statement'!C104:I104,"<0")+IF(COUNTA('Cash Flow Statement'!C104:I104)=COUNT('Cash Flow Statement'!C104:I104),0,NA()))+(SUMIF('Cash Flow Statement'!C105:I105,">0")-SUMIF('Cash Flow Statement'!C105:I105,"<0")+IF(COUNTA('Cash Flow Statement'!C105:I105)=COUNT('Cash Flow Statement'!C105:I105),0,NA()))+(SUMIF('Cash Flow Statement'!C106:I106,">0")-SUMIF('Cash Flow Statement'!C106:I106,"<0")+IF(COUNTA('Cash Flow Statement'!C106:I106)=COUNT('Cash Flow Statement'!C106:I106),0,NA()))+(SUMIF(Geo!G13:G13,">0")-SUMIF(Geo!G13:G13,"<0")+IF(COUNTA(Geo!G13:G13)=COUNT(Geo!G13:G13),0,NA()))+(SUMIF(Geo!G19:G19,">0")-SUMIF(Geo!G19:G19,"<0")+IF(COUNTA(Geo!G19:G19)=COUNT(Geo!G19:G19),0,NA()))+(SUMIF(Geo!C35:J35,">0")-SUMIF(Geo!C35:J35,"<0")+IF(COUNTA(Geo!C35:J35)=COUNT(Geo!C35:J35),0,NA()))+(SUMIF(Geo!C51:J51,">0")-SUMIF(Geo!C51:J51,"<0")+IF(COUNTA(Geo!C51:J51)=COUNT(Geo!C51:J51),0,NA()))+(SUMIF(Geo!C63:I63,">0")-SUMIF(Geo!C63:I63,"<0")+IF(COUNTA(Geo!C63:I63)=COUNT(Geo!C63:I63),0,NA()))+ABS(C30)<0.001,"PASS","FAIL") -> PASS
B30: Check: Cover links to statements (link identity; should be 0) | C30: =(C23-'Income Statement'!J27)+(C24-'Income Statement'!J113)+(C25-'Income Statement'!J115)+(C26-'Income Statement'!J91) -> 0
B31: Consensus: S&P Capital IQ snapshot 11-Oct-2026 (frozen scoring baseline; 13 normalized EPS estimates, 8 revenue). Newer/other consensus observations are recorded on Sources.
B33: Key 3Q26E drivers
B34: Average AUC/A ($bn) | C34: ='Segment - Investment Servicing'!J24 -> 58247.29
B35: Servicing fees ($m) | C35: ='Segment - Investment Servicing'!J79 -> 1512.1954
B36: Average AUM ($bn) | C36: ='Segment - Investment Management'!J48 -> 6329.973
B37: Management fees ($m) | C37: ='Segment - Investment Management'!J101 -> 813.70502
B38: FX trading + securities finance ($m) | C38: ='Income Statement'!J12+'Income Statement'!J13 -> 591.70904
B39: Net interest income ($m) | C39: ='Income Statement'!J22 -> 857.77397
B40: Net interest margin, FTE (bp) | C40: ='Segment - Investment Servicing'!J247 -> 110
B41: Total expenses ($m) | C41: ='Income Statement'!J52 -> 2665.692
B42: Diluted shares (m) | C42: ='Share Count'!J34 -> 278.23688
B44: Codes: n.a. = not applicable; n.d. = not disclosed; n.f. = not forecast; n.p. = not presented; n.m. = not meaningful.

Sheet Revenue summary
B2: State Street Corporation (NYSE: STT)
B3: Revenue summary
B4: $ millions, except per share
B5: Fiscal period | C5: 1Q25A | D5: 2Q25A | E5: 3Q25A | F5: 4Q25A | G5: FY25A | H5: 1Q26A | I5: 2Q26A | J5: 3Q26E
B6: Period end | C6: =DATE(2025,3,31) -> 45747 | D6: =DATE(2025,6,30) -> 45838 | E6: =DATE(2025,9,30) -> 45930 | F6: =DATE(2025,12,31) -> 46022 | G6: =DATE(2025,12,31) -> 46022 | H6: =DATE(2026,3,31) -> 46112 | I6: =DATE(2026,6,30) -> 46203 | J6: =DATE(2026,9,30) -> 46295
B7: Days in period | C7: =C6-DATE(2024,12,31) -> 90 | D7: =D6-C6 -> 91 | E7: =E6-D6 -> 92 | F7: =F6-E6 -> 92 | G7: =G6-DATE(2024,12,31) -> 365 | H7: =H6-F6 -> 90 | I7: =I6-H6 -> 91 | J7: =J6-I6 -> 92
B9: Consolidated revenue growth and FX decomposition
B10: Total revenue | C10: ='Income Statement'!C27 -> 3284 | D10: ='Income Statement'!D27 -> 3448 | E10: ='Income Statement'!E27 -> 3545 | F10: ='Income Statement'!F27 -> 3667 | G10: ='Income Statement'!G27 -> 13944 | H10: ='Income Statement'!H27 -> 3796 | I10: ='Income Statement'!I27 -> 4048 | J10: ='Income Statement'!J27 -> 4071.7303
B11: Prior-year total revenue (memo) | C11: 3138 | D11: 3191 | E11: 3259 | F11: 3412 | G11: =SUM(C11:F11) -> 13000 | H11: =C10 -> 3284 | I11: =D10 -> 3448 | J11: =E10 -> 3545
B12: % Y/Y | C12: =C10/C11-1 -> 0.04652645 | D12: =D10/D11-1 -> 0.080539016 | E12: =E10/E11-1 -> 0.087756981 | F12: =F10/F11-1 -> 0.074736225 | G12: =G10/G11-1 -> 0.072615385 | H12: =H10/H11-1 -> 0.15590743 | I12: =I10/I11-1 -> 0.17401392 | J12: =J10/J11-1 -> 0.148584
B13: % Q/Q | D13: =D10/C10-1 -> 0.049939099 | E13: =E10/D10-1 -> 0.028132251 | F13: =F10/E10-1 -> 0.034414669 | H13: =H10/F10-1 -> 0.03517862 | I13: =I10/H10-1 -> 0.066385669 | J13: =J10/I10-1 -> 0.005862224
B14: FX translation impact ($m) | C14: -26 | D14: 33 | E14: 30 | F14: 45 | G14: =SUM(C14:F14) -> 82 | H14: 63 | I14: 14 | J14: n.f.
B15: FX impact (% of prior-year) | C15: =C14/C11 -> -0.0082855322 | D15: =D14/D11 -> 0.010341586 | E15: =E14/E11 -> 0.0092052777 | F15: =F14/F11 -> 0.013188746 | G15: =G14/G11 -> 0.0063076923 | H15: =H14/H11 -> 0.019183922 | I15: =I14/I11 -> 0.0040603248 | J15: n.a.
B16: M&A / scope impact (%) | C16: n.d. | D16: n.d. | E16: n.d. | F16: n.d. | G16: n.d. | H16: n.d. | I16: n.d. | J16: n.d.
B17: Ex-FX growth (approximation) | C17: =(1+C12)/(1+C15)-1 -> 0.055269923 | D17: =(1+D12)/(1+D15)-1 -> 0.069478908 | E17: =(1+E12)/(1+E15)-1 -> 0.077835208 | F17: =(1+F12)/(1+F15)-1 -> 0.060746312 | G17: =(1+G12)/(1+G15)-1 -> 0.065892065 | H17: =(1+H12)/(1+H15)-1 -> 0.13414999 | I17: =(1+I12)/(1+I15)-1 -> 0.16926632 | J17: n.a.
B18: Organic growth = (1+Y/Y)/((1+M&A)*(1+FX))-1 | C18: n.a. | D18: n.a. | E18: n.a. | F18: n.a. | G18: n.a. | H18: n.a. | I18: n.a. | J18: n.a.
B19: Geography: revenue is reported U.S. vs non-U.S. annually only (FY25 non-U.S. ~43%); quarterly split not disclosed - see Geo tab.
B21: Revenue by reported line of business
B22: Investment Servicing | C22: ='Segment - Investment Servicing'!C278 -> 2688 | D22: ='Segment - Investment Servicing'!D278 -> 2844 | E22: ='Segment - Investment Servicing'!E278 -> 2861 | F22: ='Segment - Investment Servicing'!F278 -> 2938 | G22: ='Segment - Investment Servicing'!G278 -> 11331 | H22: ='Segment - Investment Servicing'!H278 -> 3055 | I22: ='Segment - Investment Servicing'!I278 -> 3242 | J22: ='Segment - Investment Servicing'!J278 -> 3232.0253
B23: Prior-year segment revenue (memo) | C23: 2587 | D23: 2624 | E23: 2662 | F23: 2784 | G23: =SUM(C23:F23) -> 10657 | H23: =C22 -> 2688 | I23: =D22 -> 2844 | J23: =E22 -> 2861
B24: % Y/Y | C24: =C22/C23-1 -> 0.039041361 | D24: =D22/D23-1 -> 0.083841463 | E24: =E22/E23-1 -> 0.074755823 | F24: =F22/F23-1 -> 0.055316092 | G24: =G22/G23-1 -> 0.063244816 | H24: =H22/H23-1 -> 0.13653274 | I24: =I22/I23-1 -> 0.13994374 | J24: =J22/J23-1 -> 0.12968377
B25: % Q/Q | D25: =D22/C22-1 -> 0.058035714 | E25: =E22/D22-1 -> 0.0059774965 | F25: =F22/E22-1 -> 0.026913667 | H25: =H22/F22-1 -> 0.039823009 | I25: =I22/H22-1 -> 0.061211129 | J25: =J22/I22-1 -> -0.0030767241
B26: % of total revenue | C26: =C22/C10 -> 0.81851401 | D26: =D22/D10 -> 0.82482599 | E26: =E22/E10 -> 0.80705219 | F26: =F22/F10 -> 0.80119989 | G26: =G22/G10 -> 0.81260757 | H26: =H22/H10 -> 0.80479452 | I26: =I22/I10 -> 0.80088933 | J26: =J22/J10 -> 0.79377194
B27: FX translation impact (%) | C27: n.d. | D27: n.d. | E27: n.d. | F27: n.d. | G27: n.d. | H27: n.d. | I27: n.d. | J27: n.d.
B28: M&A / scope impact (%) | C28: n.d. | D28: n.d. | E28: n.d. | F28: n.d. | G28: n.d. | H28: n.d. | I28: n.d. | J28: n.d.
B29: Ex-FX growth (approximation) | C29: n.a. | D29: n.a. | E29: n.a. | F29: n.a. | G29: n.a. | H29: n.a. | I29: n.a. | J29: n.a.
B30: Organic growth = (1+Y/Y)/((1+M&A)*(1+FX))-1 | C30: n.a. | D30: n.a. | E30: n.a. | F30: n.a. | G30: n.a. | H30: n.a. | I30: n.a. | J30: n.a.
B31: Investment Management | C31: ='Segment - Investment Management'!C152 -> 596 | D31: ='Segment - Investment Management'!D152 -> 625 | E31: ='Segment - Investment Management'!E152 -> 684 | F31: ='Segment - Investment Management'!F152 -> 729 | G31: ='Segment - Investment Management'!G152 -> 2634 | H31: ='Segment - Investment Management'!H152 -> 741 | I31: ='Segment - Investment Management'!I152 -> 806 | J31: ='Segment - Investment Management'!J152 -> 839.70502
B32: Prior-year segment revenue (memo) | C32: 551 | D32: 567 | E32: 597 | F32: 628 | G32: =SUM(C32:F32) -> 2343 | H32: =C31 -> 596 | I32: =D31 -> 625 | J32: =E31 -> 684
B33: % Y/Y | C33: =C31/C32-1 -> 0.081669691 | D33: =D31/D32-1 -> 0.10229277 | E33: =E31/E32-1 -> 0.14572864 | F33: =F31/F32-1 -> 0.16082803 | G33: =G31/G32-1 -> 0.12419974 | H33: =H31/H32-1 -> 0.24328859 | I33: =I31/I32-1 -> 0.2896 | J33: =J31/J32-1 -> 0.22763892
B34: % Q/Q | D34: =D31/C31-1 -> 0.048657718 | E34: =E31/D31-1 -> 0.0944 | F34: =F31/E31-1 -> 0.065789474 | H34: =H31/F31-1 -> 0.016460905 | I34: =I31/H31-1 -> 0.087719298 | J34: =J31/I31-1 -> 0.041817646
B35: % of total revenue | C35: =C31/C10 -> 0.18148599 | D35: =D31/D10 -> 0.1812645 | E35: =E31/E10 -> 0.19294781 | F35: =F31/F10 -> 0.19880011 | G35: =G31/G10 -> 0.18889845 | H35: =H31/H10 -> 0.19520548 | I35: =I31/I10 -> 0.19911067 | J35: =J31/J10 -> 0.20622806
B36: FX translation impact (%) | C36: n.d. | D36: n.d. | E36: n.d. | F36: n.d. | G36: n.d. | H36: n.d. | I36: n.d. | J36: n.d.
B37: M&A / scope impact (%) | C37: n.d. | D37: n.d. | E37: n.d. | F37: n.d. | G37: n.d. | H37: n.d. | I37: n.d. | J37: n.d.
B38: Ex-FX growth (approximation) | C38: n.a. | D38: n.a. | E38: n.a. | F38: n.a. | G38: n.a. | H38: n.a. | I38: n.a. | J38: n.a.
B39: Organic growth = (1+Y/Y)/((1+M&A)*(1+FX))-1 | C39: n.a. | D39: n.a. | E39: n.a. | F39: n.a. | G39: n.a. | H39: n.a. | I39: n.a. | J39: n.a.
B40: Other (not allocated to a line of business)
B41: Foreign exchange trading services - Other | C41: =-'Income Statement'!C95 -> 0 | D41: =-'Income Statement'!D95 -> 3 | E41: =-'Income Statement'!E95 -> 0 | F41: =-'Income Statement'!F95 -> 0 | G41: =-'Income Statement'!G95 -> 3 | H41: =-'Income Statement'!H95 -> 0 | I41: =-'Income Statement'!I95 -> 0 | J41: =-'Income Statement'!J95 -> 0
B42: Q/Q chg | D42: =D41-C41 -> 3 | E42: =E41-D41 -> -3 | F42: =F41-E41 -> 0 | H42: =H41-F41 -> 0 | I42: =I41-H41 -> 0 | J42: =J41-I41 -> 0
B43: Total growth Y/Y | C43: n.m. | D43: n.m. | E43: n.m. | F43: n.m. | G43: n.m. | H43: n.m. | I43: n.m. | J43: n.m.
B44: FX translation impact ($m) | C44: n.d. | D44: n.d. | E44: n.d. | F44: n.d. | G44: n.d. | H44: n.d. | I44: n.d. | J44: n.d.
B45: FX impact (% of prior-year) | C45: n.d. | D45: n.d. | E45: n.d. | F45: n.d. | G45: n.d. | H45: n.d. | I45: n.d. | J45: n.d.
B46: M&A / scope impact (%) | C46: n.d. | D46: n.d. | E46: n.d. | F46: n.d. | G46: n.d. | H46: n.d. | I46: n.d. | J46: n.d.
B47: Ex-FX growth (approximation) | C47: n.m. | D47: n.m. | E47: n.m. | F47: n.m. | G47: n.m. | H47: n.m. | I47: n.m. | J47: n.m.
B48: Organic growth = (1+Y/Y)/((1+M&A)*(1+FX))-1 | C48: n.m. | D48: n.m. | E48: n.m. | F48: n.m. | G48: n.m. | H48: n.m. | I48: n.m. | J48: n.m.
B49: Software services - Other | C49: =-'Income Statement'!C96 -> 0 | D49: =-'Income Statement'!D96 -> -24 | E49: =-'Income Statement'!E96 -> 0 | F49: =-'Income Statement'!F96 -> 0 | G49: =-'Income Statement'!G96 -> -24 | H49: =-'Income Statement'!H96 -> 0 | I49: =-'Income Statement'!I96 -> 0 | J49: =-'Income Statement'!J96 -> 0
B50: Q/Q chg | D50: =D49-C49 -> -24 | E50: =E49-D49 -> 24 | F50: =F49-E49 -> 0 | H50: =H49-F49 -> 0 | I50: =I49-H49 -> 0 | J50: =J49-I49 -> 0
B51: Total growth Y/Y | C51: n.m. | D51: n.m. | E51: n.m. | F51: n.m. | G51: n.m. | H51: n.m. | I51: n.m. | J51: n.m.
B52: FX translation impact ($m) | C52: n.d. | D52: n.d. | E52: n.d. | F52: n.d. | G52: n.d. | H52: n.d. | I52: n.d. | J52: n.d.
B53: FX impact (% of prior-year) | C53: n.d. | D53: n.d. | E53: n.d. | F53: n.d. | G53: n.d. | H53: n.d. | I53: n.d. | J53: n.d.
B54: M&A / scope impact (%) | C54: n.d. | D54: n.d. | E54: n.d. | F54: n.d. | G54: n.d. | H54: n.d. | I54: n.d. | J54: n.d.
B55: Ex-FX growth (approximation) | C55: n.m. | D55: n.m. | E55: n.m. | F55: n.m. | G55: n.m. | H55: n.m. | I55: n.m. | J55: n.m.
B56: Organic growth = (1+Y/Y)/((1+M&A)*(1+FX))-1 | C56: n.m. | D56: n.m. | E56: n.m. | F56: n.m. | G56: n.m. | H56: n.m. | I56: n.m. | J56: n.m.
B57: Other revenue | C57: =C41+C49 -> 0 | D57: =D41+D49 -> -21 | E57: =E41+E49 -> 0 | F57: =F41+F49 -> 0 | G57: =G41+G49 -> -21 | H57: =H41+H49 -> 0 | I57: =I41+I49 -> 0 | J57: =J41+J49 -> 0
B58: % Q/Q | D58: n.m. | E58: n.m. | F58: n.m. | H58: n.m. | I58: n.m. | J58: n.m.
B59: % of total revenue | C59: =C57/C10 -> 0 | D59: =D57/D10 -> -0.0060904872 | E59: =E57/E10 -> 0 | F59: =F57/F10 -> 0 | G59: =G57/G10 -> -0.0015060241 | H59: =H57/H10 -> 0 | I59: =I57/I10 -> 0 | J59: =J57/J10 -> 0
B60: Total growth Y/Y | C60: n.m. | D60: n.m. | E60: n.m. | F60: n.m. | G60: n.m. | H60: n.m. | I60: n.m. | J60: n.m.
B61: FX translation impact ($m) | C61: n.d. | D61: n.d. | E61: n.d. | F61: n.d. | G61: n.d. | H61: n.d. | I61: n.d. | J61: n.d.
B62: FX impact (% of prior-year) | C62: n.d. | D62: n.d. | E62: n.d. | F62: n.d. | G62: n.d. | H62: n.d. | I62: n.d. | J62: n.d.
B63: M&A / scope impact (%) | C63: n.d. | D63: n.d. | E63: n.d. | F63: n.d. | G63: n.d. | H63: n.d. | I63: n.d. | J63: n.d.
B64: Ex-FX growth (approximation) | C64: n.m. | D64: n.m. | E64: n.m. | F64: n.m. | G64: n.m. | H64: n.m. | I64: n.m. | J64: n.m.
B65: Organic growth = (1+Y/Y)/((1+M&A)*(1+FX))-1 | C65: n.m. | D65: n.m. | E65: n.m. | F65: n.m. | G65: n.m. | H65: n.m. | I65: n.m. | J65: n.m.
B66: Sum of lines of business | C66: =C22+C31+C57 -> 3284 | D66: =D22+D31+D57 -> 3448 | E66: =E22+E31+E57 -> 3545 | F66: =F22+F31+F57 -> 3667 | G66: =G22+G31+G57 -> 13944 | H66: =H22+H31+H57 -> 3796 | I66: =I22+I31+I57 -> 4048 | J66: =J22+J31+J57 -> 4071.7303
B67: Check: segments sum to total revenue (should be 0) | C67: =C66-C10 -> 0 | D67: =D66-D10 -> 0 | E67: =E66-E10 -> 0 | F67: =F66-F10 -> 0 | G67: =G66-G10 -> 0 | H67: =H66-H10 -> 0 | I67: =I66-I10 -> 0 | J67: =J66-J10 -> 0
B69: Revenue by line item (consolidated)
B70: Servicing fees | C70: ='Income Statement'!C10 -> 1275 | D70: ='Income Statement'!D10 -> 1304 | E70: ='Income Statement'!E10 -> 1357 | F70: ='Income Statement'!F10 -> 1388 | G70: ='Income Statement'!G10 -> 5324 | H70: ='Income Statement'!H10 -> 1409 | I70: ='Income Statement'!I10 -> 1468 | J70: ='Income Statement'!J10 -> 1512.1954
B71: Prior-year servicing fees (memo) | C71: ='Segment - Investment Servicing'!C81 -> 1228 | D71: ='Segment - Investment Servicing'!D81 -> 1239 | E71: ='Segment - Investment Servicing'!E81 -> 1266 | F71: ='Segment - Investment Servicing'!F81 -> 1283 | G71: ='Segment - Investment Servicing'!G81 -> 5016 | H71: ='Segment - Investment Servicing'!H81 -> 1275 | I71: ='Segment - Investment Servicing'!I81 -> 1304 | J71: ='Segment - Investment Servicing'!J81 -> 1357
B72: % Q/Q | D72: =D70/C70-1 -> 0.022745098 | E72: =E70/D70-1 -> 0.040644172 | F72: =F70/E70-1 -> 0.02284451 | H72: =H70/F70-1 -> 0.015129683 | I72: =I70/H70-1 -> 0.041873669 | J72: =J70/I70-1 -> 0.030105857
B73: % of total revenue | C73: =C70/C10 -> 0.38824604 | D73: =D70/D10 -> 0.37819026 | E73: =E70/E10 -> 0.38279267 | F73: =F70/F10 -> 0.37851104 | G73: =G70/G10 -> 0.38181297 | H73: =H70/H10 -> 0.37118019 | I73: =I70/I10 -> 0.36264822 | J73: =J70/J10 -> 0.37138889
B74: Total growth Y/Y | C74: =C70/C71-1 -> 0.038273616 | D74: =D70/D71-1 -> 0.052461663 | E74: =E70/E71-1 -> 0.071879937 | F74: =F70/F71-1 -> 0.081839439 | G74: =G70/G71-1 -> 0.061403509 | H74: =H70/H71-1 -> 0.10509804 | I74: =I70/I71-1 -> 0.12576687 | J74: =J70/J71-1 -> 0.11436654
B75: FX translation impact ($m) | C75: n.d. | D75: n.d. | E75: 15 | F75: 24 | G75: 42 | H75: 35 | I75: 9 | J75: n.f.
B76: FX impact (% of prior-year) | C76: n.d. | D76: n.d. | E76: =E75/E71 -> 0.011848341 | F76: =F75/F71 -> 0.018706157 | G76: =G75/G71 -> 0.0083732057 | H76: =H75/H71 -> 0.02745098 | I76: =I75/I71 -> 0.0069018405 | J76: n.a.
B77: M&A / scope impact (%) | C77: n.d. | D77: n.d. | E77: n.d. | F77: n.d. | G77: n.d. | H77: n.d. | I77: n.d. | J77: n.d.
B78: Ex-FX growth (approximation) | C78: n.a. | D78: n.a. | E78: =(1+E74)/(1+E76)-1 -> 0.059328649 | F78: =(1+F74)/(1+F76)-1 -> 0.061973986 | G78: =(1+G74)/(1+G76)-1 -> 0.052589957 | H78: =(1+H74)/(1+H76)-1 -> 0.075572519 | I78: =(1+I74)/(1+I76)-1 -> 0.11805027 | J78: n.a.
B79: Organic growth = (1+Y/Y)/((1+M&A)*(1+FX))-1 | C79: n.a. | D79: n.a. | E79: n.a. | F79: n.a. | G79: n.a. | H79: n.a. | I79: n.a. | J79: n.a.
B80: Management fees | C80: ='Income Statement'!C11 -> 587 | D80: ='Income Statement'!D11 -> 600 | E80: ='Income Statement'!E11 -> 664 | F80: ='Income Statement'!F11 -> 717 | G80: ='Income Statement'!G11 -> 2568 | H80: ='Income Statement'!H11 -> 724 | I80: ='Income Statement'!I11 -> 772 | J80: ='Income Statement'!J11 -> 813.70502
B81: % Q/Q | D81: =D80/C80-1 -> 0.022146508 | E81: =E80/D80-1 -> 0.10666667 | F81: =F80/E80-1 -> 0.079819277 | H81: =H80/F80-1 -> 0.009762901 | I81: =I80/H80-1 -> 0.066298343 | J81: =J80/I80-1 -> 0.05402205
B82: % of total revenue | C82: =C80/C10 -> 0.17874543 | D82: =D80/D10 -> 0.17401392 | E82: =E80/E10 -> 0.18730606 | F82: =F80/F10 -> 0.19552768 | G82: =G80/G10 -> 0.18416523 | H82: =H80/H10 -> 0.19072708 | I82: =I80/I10 -> 0.19071146 | J82: =J80/J10 -> 0.19984256
B83: Total growth Y/Y | C83: n.a. | D83: n.a. | E83: n.a. | F83: n.a. | G83: n.a. | H83: =H80/C80-1 -> 0.23339012 | I83: =I80/D80-1 -> 0.28666667 | J83: =J80/E80-1 -> 0.22545937
B84: FX translation impact ($m) | C84: n.a. | D84: n.a. | E84: n.a. | F84: n.a. | G84: n.a. | H84: 5 | I84: 1 | J84: n.f.
B85: FX impact (% of prior-year) | C85: n.a. | D85: n.a. | E85: n.a. | F85: n.a. | G85: n.a. | H85: =H84/C80 -> 0.0085178876 | I85: =I84/D80 -> 0.0016666667 | J85: n.a.
B86: M&A / scope impact (%) | C86: n.a. | D86: n.a. | E86: n.a. | F86: n.a. | G86: n.a. | H86: n.d. | I86: n.d. | J86: n.d.
B87: Ex-FX growth (approximation) | C87: n.a. | D87: n.a. | E87: n.a. | F87: n.a. | G87: n.a. | H87: =(1+H83)/(1+H85)-1 -> 0.22297297 | I87: =(1+I83)/(1+I85)-1 -> 0.28452579 | J87: n.a.
B88: Organic growth = (1+Y/Y)/((1+M&A)*(1+FX))-1 | C88: n.a. | D88: n.a. | E88: n.a. | F88: n.a. | G88: n.a. | H88: n.a. | I88: n.a. | J88: n.a.
B89: Foreign exchange trading services | C89: ='Income Statement'!C12 -> 337 | D89: ='Income Statement'!D12 -> 393 | E89: ='Income Statement'!E12 -> 364 | F89: ='Income Statement'!F12 -> 350 | G89: ='Income Statement'!G12 -> 1444 | H89: ='Income Statement'!H12 -> 435 | I89: ='Income Statement'!I12 -> 494 | J89: ='Income Statement'!J12 -> 454.72
B90: % Q/Q | D90: =D89/C89-1 -> 0.16617211 | E90: =E89/D89-1 -> -0.073791349 | F90: =F89/E89-1 -> -0.038461538 | H90: =H89/F89-1 -> 0.24285714 | I90: =I89/H89-1 -> 0.13563218 | J90: =J89/I89-1 -> -0.07951417
B91: % of total revenue | C91: =C89/C10 -> 0.10261876 | D91: =D89/D10 -> 0.11397912 | E91: =E89/E10 -> 0.10267983 | F91: =F89/F10 -> 0.095445869 | G91: =G89/G10 -> 0.10355709 | H91: =H89/H10 -> 0.11459431 | I91: =I89/I10 -> 0.12203557 | J91: =J89/J10 -> 0.11167734
B92: Total growth Y/Y | C92: n.a. | D92: n.a. | E92: n.a. | F92: n.a. | G92: n.a. | H92: =H89/C89-1 -> 0.29080119 | I92: =I89/D89-1 -> 0.25699746 | J92: =J89/E89-1 -> 0.24923077
B93: FX translation impact ($m) | C93: n.a. | D93: n.a. | E93: n.a. | F93: n.a. | G93: n.a. | H93: 0 | I93: 0 | J93: n.f.
B94: FX impact (% of prior-year) | C94: n.a. | D94: n.a. | E94: n.a. | F94: n.a. | G94: n.a. | H94: =H93/C89 -> 0 | I94: =I93/D89 -> 0 | J94: n.a.
B95: M&A / scope impact (%) | C95: n.a. | D95: n.a. | E95: n.a. | F95: n.a. | G95: n.a. | H95: n.d. | I95: n.d. | J95: n.d.
B96: Ex-FX growth (approximation) | C96: n.a. | D96: n.a. | E96: n.a. | F96: n.a. | G96: n.a. | H96: =(1+H92)/(1+H94)-1 -> 0.29080119 | I96: =(1+I92)/(1+I94)-1 -> 0.25699746 | J96: n.a.
B97: Organic growth = (1+Y/Y)/((1+M&A)*(1+FX))-1 | C97: n.a. | D97: n.a. | E97: n.a. | F97: n.a. | G97: n.a. | H97: n.a. | I97: n.a. | J97: n.a.
B98: Securities finance | C98: ='Income Statement'!C13 -> 114 | D98: ='Income Statement'!D13 -> 126 | E98: ='Income Statement'!E13 -> 138 | F98: ='Income Statement'!F13 -> 127 | G98: ='Income Statement'!G13 -> 505 | H98: ='Income Statement'!H13 -> 116 | I98: ='Income Statement'!I13 -> 150 | J98: ='Income Statement'!J13 -> 136.98904
B99: % Q/Q | D99: =D98/C98-1 -> 0.10526316 | E99: =E98/D98-1 -> 0.095238095 | F99: =F98/E98-1 -> -0.079710145 | H99: =H98/F98-1 -> -0.086614173 | I99: =I98/H98-1 -> 0.29310345 | J99: =J98/I98-1 -> -0.086739726
B100: % of total revenue | C100: =C98/C10 -> 0.034713764 | D100: =D98/D10 -> 0.036542923 | E100: =E98/E10 -> 0.038928068 | F100: =F98/F10 -> 0.034633215 | G100: =G98/G10 -> 0.036216294 | H100: =H98/H10 -> 0.030558483 | I100: =I98/I10 -> 0.037055336 | J100: =J98/J10 -> 0.033643938
B101: Total growth Y/Y | C101: n.a. | D101: n.a. | E101: n.a. | F101: n.a. | G101: n.a. | H101: =H98/C98-1 -> 0.01754386 | I101: =I98/D98-1 -> 0.19047619 | J101: =J98/E98-1 -> -0.0073257892
B102: FX translation impact ($m) | C102: n.a. | D102: n.a. | E102: n.a. | F102: n.a. | G102: n.a. | H102: 0 | I102: 0 | J102: n.f.
B103: FX impact (% of prior-year) | C103: n.a. | D103: n.a. | E103: n.a. | F103: n.a. | G103: n.a. | H103: =H102/C98 -> 0 | I103: =I102/D98 -> 0 | J103: n.a.
B104: M&A / scope impact (%) | C104: n.a. | D104: n.a. | E104: n.a. | F104: n.a. | G104: n.a. | H104: n.d. | I104: n.d. | J104: n.d.
...

Sheet Segment - Investment Servicing
B2: State Street Corporation (NYSE: STT)
B3: Segment - Investment Servicing
B4: $ millions, except per share
B5: Fiscal period | C5: 1Q25A | D5: 2Q25A | E5: 3Q25A | F5: 4Q25A | G5: FY25A | H5: 1Q26A | I5: 2Q26A | J5: 3Q26E
B6: Period end | C6: =DATE(2025,3,31) -> 45747 | D6: =DATE(2025,6,30) -> 45838 | E6: =DATE(2025,9,30) -> 45930 | F6: =DATE(2025,12,31) -> 46022 | G6: =DATE(2025,12,31) -> 46022 | H6: =DATE(2026,3,31) -> 46112 | I6: =DATE(2026,6,30) -> 46203 | J6: =DATE(2026,9,30) -> 46295
B7: Days in period | C7: =C6-DATE(2024,12,31) -> 90 | D7: =D6-C6 -> 91 | E7: =E6-D6 -> 92 | F7: =F6-E6 -> 92 | G7: =G6-DATE(2024,12,31) -> 365 | H7: =H6-F6 -> 90 | I7: =I6-H6 -> 91 | J7: =J6-I6 -> 92
B9: A. Assets under custody and/or administration (AUC/A, $bn)
B10: Opening AUC/A | C10: 46560 | D10: =C21 -> 46733 | E10: =D21 -> 49000 | F10: =E21 -> 51664 | G10: =C10 -> 46560 | H10: =F21 -> 53800 | I10: =H21 -> 54515 | J10: =I21 -> 57858
B11: Net change in AUC/A | C11: =C21-C10 -> 173 | D11: =D21-D10 -> 2267 | E11: =E21-E10 -> 2664 | F11: =F21-F10 -> 2136 | G11: =G21-G10 -> 7240 | H11: =H21-H10 -> 715 | I11: =I21-I10 -> 3343 | J11: =J21-J10 -> 778.58
B12: of which: new business onboarded | C12: n.d. | D12: n.d. | E12: n.d. | F12: n.d. | G12: n.a. | H12: n.d. | I12: 228 | J12: 200
B13: Y/Y chg (abs) | C13: n.a. | D13: n.a. | E13: n.a. | F13: n.a. | G13: n.a. | H13: n.a. | I13: n.a. | J13: n.a.
B14: Q/Q chg | J14: =J12-I12 -> -28
B15: of which: market, FX and other | C15: n.d. | D15: n.d. | E15: n.d. | F15: n.d. | G15: n.a. | H15: n.d. | I15: =I11-I12 -> 3115 | J15: =J10*J18 -> 578.58
B16: Y/Y chg (abs) | C16: n.a. | D16: n.a. | E16: n.a. | F16: n.a. | G16: n.a. | H16: n.a. | I16: n.a. | J16: n.a.
B17: Q/Q chg | J17: =J15-I15 -> -2536.42
B18: Market, FX and other (% of opening) | C18: n.d. | D18: n.d. | E18: n.d. | F18: n.d. | G18: n.a. | H18: n.d. | I18: =I15/I10 -> 0.057140237 | J18: 0.01
B19: Q/Q chg (bp) | J19: =(J18-I18)*10000 -> -471.40237
B20: Y/Y chg (bp) | C20: n.a. | D20: n.a. | E20: n.a. | F20: n.a. | G20: n.a. | H20: n.a. | I20: n.a. | J20: n.a.
B21: Closing AUC/A | C21: 46733 | D21: 49000 | E21: 51664 | F21: 53800 | G21: =F21 -> 53800 | H21: 54515 | I21: 57858 | J21: =J10+J12+J15 -> 58636.58
B22: % Y/Y | H22: =H21/C21-1 -> 0.16652045 | I22: =I21/D21-1 -> 0.18077551 | J22: =J21/E21-1 -> 0.13496013
B23: Q/Q chg (abs) | D23: =D21-C21 -> 2267 | E23: =E21-D21 -> 2664 | F23: =F21-E21 -> 2136 | H23: =H21-F21 -> 715 | I23: =I21-H21 -> 3343 | J23: =J21-I21 -> 778.58
B24: Average AUC/A (simple average of opening and closing) | C24: =AVERAGE(C10,C21) -> 46646.5 | D24: =AVERAGE(D10,D21) -> 47866.5 | E24: =AVERAGE(E10,E21) -> 50332 | F24: =AVERAGE(F10,F21) -> 52732 | G24: =AVERAGE(C24:F24) -> 49394.25 | H24: =AVERAGE(H10,H21) -> 54157.5 | I24: =AVERAGE(I10,I21) -> 56186.5 | J24: =AVERAGE(J10,J21) -> 58247.29
B25: % Y/Y | H25: =H24/C24-1 -> 0.16101958 | I25: =I24/D24-1 -> 0.17381676 | J25: =J24/E24-1 -> 0.15726158
B26: Q/Q chg (abs) | D26: =D24-C24 -> 1220 | E26: =E24-D24 -> 2465.5 | F26: =F24-E24 -> 2400 | H26: =H24-F24 -> 1425.5 | I26: =I24-H24 -> 2029 | J26: =J24-I24 -> 2060.79
B27: AUC/A by product (closing)
B28: Collective funds, including ETFs | C28: 15430 | D28: 16728 | E28: 17795 | F28: 17997 | G28: =F28 -> 17997 | H28: 18338 | I28: 20055 | J28: =J21*I28/I21 -> 20324.875
B29: % Y/Y | H29: =H28/C28-1 -> 0.18846403 | I29: =I28/D28-1 -> 0.19888809 | J29: =J28/E28-1 -> 0.14216774
B30: Q/Q chg (abs) | D30: =D28-C28 -> 1298 | E30: =E28-D28 -> 1067 | F30: =F28-E28 -> 202 | H30: =H28-F28 -> 341 | I30: =I28-H28 -> 1717 | J30: =J28-I28 -> 269.8749
B31: Mutual funds | C31: 12143 | D31: 12641 | E31: 13209 | F31: 13518 | G31: =F31 -> 13518 | H31: 13309 | I31: 14353 | J31: =J21*I31/I21 -> 14546.145
B32: % Y/Y | H32: =H31/C31-1 -> 0.0960224 | I32: =I31/D31-1 -> 0.13543232 | J32: =J31/E31-1 -> 0.10122981
B33: Q/Q chg (abs) | D33: =D31-C31 -> 498 | E33: =E31-D31 -> 568 | F33: =F31-E31 -> 309 | H33: =H31-F31 -> -209 | I33: =I31-H31 -> 1044 | J33: =J31-I31 -> 193.14457
B34: Pension products | C34: 9377 | D34: 9679 | E34: 10321 | F34: 10452 | G34: =F34 -> 10452 | H34: 10912 | I34: 11219 | J34: =J21*I34/I21 -> 11369.971
B35: % Y/Y | H35: =H34/C34-1 -> 0.16369841 | I35: =I34/D34-1 -> 0.15910735 | J35: =J34/E34-1 -> 0.10163464
B36: Q/Q chg (abs) | D36: =D34-C34 -> 302 | E36: =E34-D34 -> 642 | F36: =F34-E34 -> 131 | H36: =H34-F34 -> 460 | I36: =I34-H34 -> 307 | J36: =J34-I34 -> 150.97115
B37: Insurance and other products | C37: 9783 | D37: 9952 | E37: 10339 | F37: 11833 | G37: =F37 -> 11833 | H37: 11956 | I37: 12231 | J37: =J21*I37/I21 -> 12395.589
B38: % Y/Y | H38: =H37/C37-1 -> 0.22212 | I38: =I37/D37-1 -> 0.2289992 | J38: =J37/E37-1 -> 0.1989157
B39: Q/Q chg (abs) | D39: =D37-C37 -> 169 | E39: =E37-D37 -> 387 | F39: =F37-E37 -> 1494 | H39: =H37-F37 -> 123 | I39: =I37-H37 -> 275 | J39: =J37-I37 -> 164.58937
B40: Total AUC/A by product | C40: =SUM(C28,C31,C34,C37) -> 46733 | D40: =SUM(D28,D31,D34,D37) -> 49000 | E40: =SUM(E28,E31,E34,E37) -> 51664 | F40: =SUM(F28,F31,F34,F37) -> 53800 | G40: =SUM(G28,G31,G34,G37) -> 53800 | H40: =SUM(H28,H31,H34,H37) -> 54515 | I40: =SUM(I28,I31,I34,I37) -> 57858 | J40: =SUM(J28,J31,J34,J37) -> 58636.58
B41: Check: by product - closing AUC/A (should be 0; 3Q26E identity, mix held) | C41: =C40-C21 -> 0 | D41: =D40-D21 -> 0 | E41: =E40-E21 -> 0 | F41: =F40-F21 -> 0 | G41: =G40-G21 -> 0 | H41: =H40-H21 -> 0 | I41: =I40-I21 -> 0 | J41: =J40-J21 -> 0
B42: AUC/A by asset class (closing)
B43: Equities | C43: 27508 | D43: 29311 | E43: 31124 | F43: 31879 | G43: =F43 -> 31879 | H43: 32243 | I43: 34670 | J43: =J21*I43/I21 -> 35136.545
B44: % Y/Y | H44: =H43/C43-1 -> 0.17213174 | I44: =I43/D43-1 -> 0.18283238 | J44: =J43/E43-1 -> 0.12892125
B45: Q/Q chg (abs) | D45: =D43-C43 -> 1803 | E45: =E43-D43 -> 1813 | F45: =F43-E43 -> 755 | H45: =H43-F43 -> 364 | I45: =I43-H43 -> 2427 | J45: =J43-I43 -> 466.54514
B46: % of AUC/A | C46: =C43/C21 -> 0.58862046 | D46: =D43/D21 -> 0.59818367 | E46: =E43/E21 -> 0.60243109 | F46: =F43/F21 -> 0.59254647 | G46: =G43/G21 -> 0.59254647 | H46: =H43/H21 -> 0.59145189 | I46: =I43/I21 -> 0.59922569 | J46: =J43/J21 -> 0.59922569
B47: Fixed income | C47: 11900 | D47: 12122 | E47: 12874 | F47: 13830 | G47: =F47 -> 13830 | H47: 14030 | I47: 14160 | J47: =J21*I47/I21 -> 14350.547
B48: % Y/Y | H48: =H47/C47-1 -> 0.1789916 | I48: =I47/D47-1 -> 0.16812407 | J48: =J47/E47-1 -> 0.1146922
B49: Q/Q chg (abs) | D49: =D47-C47 -> 222 | E49: =E47-D47 -> 752 | F49: =F47-E47 -> 956 | H49: =H47-F47 -> 200 | I49: =I47-H47 -> 130 | J49: =J47-I47 -> 190.54742
B50: % of AUC/A | C50: =C47/C21 -> 0.25463805 | D50: =D47/D21 -> 0.24738776 | E50: =E47/E21 -> 0.24918705 | F50: =F47/F21 -> 0.2570632 | G50: =G47/G21 -> 0.2570632 | H50: =H47/H21 -> 0.25736036 | I50: =I47/I21 -> 0.24473712 | J50: =J47/J21 -> 0.24473712
B51: Short-term and other investments | C51: 7325 | D51: 7567 | E51: 7666 | F51: 8091 | G51: =F51 -> 8091 | H51: 8242 | I51: 9028 | J51: =J21*I51/I21 -> 9149.4874
B52: % Y/Y | H52: =H51/C51-1 -> 0.12518771 | I52: =I51/D51-1 -> 0.19307519 | J52: =J51/E51-1 -> 0.19351519
B53: Q/Q chg (abs) | D53: =D51-C51 -> 242 | E53: =E51-D51 -> 99 | F53: =F51-E51 -> 425 | H53: =H51-F51 -> 151 | I53: =I51-H51 -> 786 | J53: =J51-I51 -> 121.48744
B54: % of AUC/A | C54: =C51/C21 -> 0.15674149 | D54: =D51/D21 -> 0.15442857 | E54: =E51/E21 -> 0.14838185 | F54: =F51/F21 -> 0.15039033 | G54: =G51/G21 -> 0.15039033 | H54: =H51/H21 -> 0.15118775 | I54: =I51/I21 -> 0.15603719 | J54: =J51/J21 -> 0.15603719
B55: Total AUC/A by asset class | C55: =SUM(C43,C47,C51) -> 46733 | D55: =SUM(D43,D47,D51) -> 49000 | E55: =SUM(E43,E47,E51) -> 51664 | F55: =SUM(F43,F47,F51) -> 53800 | G55: =SUM(G43,G47,G51) -> 53800 | H55: =SUM(H43,H47,H51) -> 54515 | I55: =SUM(I43,I47,I51) -> 57858 | J55: =SUM(J43,J47,J51) -> 58636.58
B56: Check: by asset class - closing AUC/A (should be 0; 3Q26E identity, mix held) | C56: =C55-C21 -> 0 | D56: =D55-D21 -> 0 | E56: =E55-E21 -> 0 | F56: =F55-F21 -> 0 | G56: =G55-G21 -> 0 | H56: =H55-H21 -> 0 | I56: =I55-I21 -> 0 | J56: =J55-J21 -> 0
B57: Memo: assets under custody (subset of AUC/A) | C57: 33837 | D57: 35548 | E57: 37499 | F57: 38352 | G57: =F57 -> 38352 | H57: 38884 | I57: 41573 | J57: n.f.
B58: % Y/Y | H58: =H57/C57-1 -> 0.14915625 | I58: =I57/D57-1 -> 0.16948914
B59: Q/Q chg (abs) | D59: =D57-C57 -> 1711 | E59: =E57-D57 -> 1951 | F59: =F57-E57 -> 853 | H59: =H57-F57 -> 532 | I59: =I57-H57 -> 2689
B61: B. New business (Investment Services)
B62: New servicing AUC/A wins ($bn) | C62: 182 | D62: 1093 | E62: 361 | F62: 484 | G62: =SUM(C62:F62) -> 2120 | H62: 365 | I62: 384 | J62: n.f.
B63: % Y/Y | H63: =H62/C62-1 -> 1.0054945 | I63: =I62/D62-1 -> -0.64867338
B64: Q/Q chg (abs) | D64: =D62-C62 -> 911 | E64: =E62-D62 -> -732 | F64: =F62-E62 -> 123 | H64: =H62-F62 -> -119 | I64: =I62-H62 -> 19
B65: AUC/A to be installed, period end ($bn) | C65: 3100 | D65: 3975 | E65: 3634 | F65: 2500 | G65: =F65 -> 2500 | H65: 2748 | I65: 2930 | J65: n.f.
B66: % Y/Y | H66: =H65/C65-1 -> -0.11354839 | I66: =I65/D65-1 -> -0.26289308
B67: Q/Q chg (abs) | D67: =D65-C65 -> 875 | E67: =E65-D65 -> -341 | F67: =F65-E65 -> -1134 | H67: =H65-F65 -> 248 | I67: =I65-H65 -> 182
B68: New servicing fee revenue wins ($m) | C68: 55 | D68: 145 | E68: 47 | F68: 87 | G68: =SUM(C68:F68) -> 334 | H68: 56 | I68: 87 | J68: n.f.
B69: % Y/Y | H69: =H68/C68-1 -> 0.018181818 | I69: =I68/D68-1 -> -0.4
B70: Q/Q chg (abs) | D70: =D68-C68 -> 90 | E70: =E68-D68 -> -98 | F70: =F68-E68 -> 40 | H70: =H68-F68 -> -31 | I70: =I68-H68 -> 31
B71: Servicing fee revenue to be installed, period end ($m) | C71: 356 | D71: 444 | E71: 401 | F71: 320 | G71: =F71 -> 320 | H71: 315 | I71: 335 | J71: n.f.
B72: % Y/Y | H72: =H71/C71-1 -> -0.11516854 | I72: =I71/D71-1 -> -0.2454955
B73: Q/Q chg (abs) | D73: =D71-C71 -> 88 | E73: =E71-D71 -> -43 | F73: =F71-E71 -> -81 | H73: =H71-F71 -> -5 | I73: =I71-H71 -> 20
B75: C. Fee revenue build ($m)
B76: Servicing fee yield (bp of average AUC/A, annualized) | C76: =C79/(C24*1000)*365/C7*10000 -> 1.1085148 | D76: =D79/(D24*1000)*365/D7*10000 -> 1.0926911 | E76: =E79/(E24*1000)*365/E7*10000 -> 1.0696475 | F76: =F79/(F24*1000)*365/F7*10000 -> 1.0442879 | G76: =G79/(G24*1000)*365/G7*10000 -> 1.0778583 | H76: =H79/(H24*1000)*365/H7*10000 -> 1.0551221 | I76: =I79/(I24*1000)*365/I7*10000 -> 1.047962 | J76: 1.03
B77: Q/Q chg (bp) | D77: =D76-C76 -> -0.015823689 | E77: =E76-D76 -> -0.023043521 | F77: =F76-E76 -> -0.025359607 | H77: =H76-F76 -> 0.010834215 | I77: =I76-H76 -> -0.0071601174 | J77: =J76-I76 -> -0.017962031
B78: Y/Y chg (bp) | C78: n.a. | D78: n.a. | E78: n.a. | F78: n.a. | G78: n.a. | H78: =H76-C76 -> -0.053392602 | I78: =I76-D76 -> -0.04472903 | J78: =J76-E76 -> -0.03964754
B79: Servicing fees | C79: 1275 | D79: 1304 | E79: 1357 | F79: 1388 | G79: =SUM(C79:F79) -> 5324 | H79: 1409 | I79: 1468 | J79: =J24*1000*J76/10000*J7/365 -> 1512.1954
B80: % Q/Q | D80: =D79/C79-1 -> 0.022745098 | E80: =E79/D79-1 -> 0.040644172 | F80: =F79/E79-1 -> 0.02284451 | H80: =H79/F79-1 -> 0.015129683 | I80: =I79/H79-1 -> 0.041873669 | J80: =J79/I79-1 -> 0.030105857
B81: Memo: prior-year servicing fees | C81: 1228 | D81: 1239 | E81: 1266 | F81: 1283 | G81: =SUM(C81:F81) -> 5016 | H81: =C79 -> 1275 | I81: =D79 -> 1304 | J81: =E79 -> 1357
B82: Total growth Y/Y | C82: =C79/C81-1 -> 0.038273616 | D82: =D79/D81-1 -> 0.052461663 | E82: =E79/E81-1 -> 0.071879937 | F82: =F79/F81-1 -> 0.081839439 | G82: =G79/G81-1 -> 0.061403509 | H82: =H79/H81-1 -> 0.10509804 | I82: =I79/I81-1 -> 0.12576687 | J82: =J79/J81-1 -> 0.11436654
B83: FX translation impact ($m) | C83: n.d. | D83: n.d. | E83: ='Revenue summary'!E75 -> 15 | F83: ='Revenue summary'!F75 -> 24 | G83: ='Revenue summary'!G75 -> 42 | H83: ='Revenue summary'!H75 -> 35 | I83: ='Revenue summary'!I75 -> 9 | J83: n.f.
B84: FX impact (% of prior-year) | C84: n.d. | D84: n.d. | E84: =E83/E81 -> 0.011848341 | F84: =F83/F81 -> 0.018706157 | G84: =G83/G81 -> 0.0083732057 | H84: =H83/H81 -> 0.02745098 | I84: =I83/I81 -> 0.0069018405 | J84: n.a.
B85: M&A / scope impact (%) | C85: n.d. | D85: n.d. | E85: n.d. | F85: n.d. | G85: n.d. | H85: n.d. | I85: n.d. | J85: n.d.
B86: Ex-FX growth (approximation) | C86: n.a. | D86: n.a. | E86: =(1+E82)/(1+E84)-1 -> 0.059328649 | F86: =(1+F82)/(1+F84)-1 -> 0.061973986 | G86: =(1+G82)/(1+G84)-1 -> 0.052589957 | H86: =(1+H82)/(1+H84)-1 -> 0.075572519 | I86: =(1+I82)/(1+I84)-1 -> 0.11805027 | J86: n.a.
B87: Organic growth = (1+Y/Y)/((1+M&A)*(1+FX))-1 | C87: n.a. | D87: n.a. | E87: n.a. | F87: n.a. | G87: n.a. | H87: n.a. | I87: n.a. | J87: n.a.
B88: FX trading services - Q/Q growth (3Q26E: assumption) | D88: =D90/C90-1 -> 0.15727003 | E88: =E90/D90-1 -> -0.066666667 | F88: =F90/E90-1 -> -0.038461538 | H88: =H90/F90-1 -> 0.23428571 | I88: =I90/H90-1 -> 0.13657407 | J88: -0.08
B89: FX client trading volumes (% Y/Y, disclosed) | C89: n.d. | D89: n.d. | E89: n.d. | F89: n.d. | G89: 0.14 | H89: n.d. | I89: 0.25 | J89: n.f.
B90: Foreign exchange trading services (IS) | C90: 337 | D90: 390 | E90: 364 | F90: 350 | G90: =SUM(C90:F90) -> 1441 | H90: 432 | I90: 491 | J90: =I90*(1+J88) -> 451.72
B91: Total growth Y/Y | C91: n.a. | D91: n.a. | E91: n.a. | F91: n.a. | G91: n.a. | H91: =H90/C90-1 -> 0.28189911 | I91: =I90/D90-1 -> 0.25897436 | J91: =J90/E90-1 -> 0.24098901
B92: FX translation impact ($m) | C92: n.a. | D92: n.a. | E92: n.a. | F92: n.a. | G92: n.a. | H92: ='Revenue summary'!H93 -> 0 | I92: ='Revenue summary'!I93 -> 0 | J92: n.f.
B93: FX impact (% of prior-year) | C93: n.a. | D93: n.a. | E93: n.a. | F93: n.a. | G93: n.a. | H93: =H92/C90 -> 0 | I93: =I92/D90 -> 0 | J93: n.a.
B94: M&A / scope impact (%) | C94: n.a. | D94: n.a. | E94: n.a. | F94: n.a. | G94: n.a. | H94: n.d. | I94: n.d. | J94: n.d.
B95: Ex-FX growth (approximation) | C95: n.a. | D95: n.a. | E95: n.a. | F95: n.a. | G95: n.a. | H95: =(1+H91)/(1+H93)-1 -> 0.28189911 | I95: =(1+I91)/(1+I93)-1 -> 0.25897436 | J95: n.a.
B96: Organic growth = (1+Y/Y)/((1+M&A)*(1+FX))-1 | C96: n.a. | D96: n.a. | E96: n.a. | F96: n.a. | G96: n.a. | H96: n.a. | I96: n.a. | J96: n.a.
B97: Average securities on loan ($m, consolidated) | C97: 358869 | D97: 386730 | E97: 404378 | F97: 411166 | G97: =AVERAGE(C97:F97) -> 390285.75 | H97: 431100 | I97: 478343 | J97: 445000
B98: % Y/Y | H98: =H97/C97-1 -> 0.201274 | I98: =I97/D97-1 -> 0.23689137 | J98: =J97/E97-1 -> 0.10045551
B99: Q/Q chg (abs) | D99: =D97-C97 -> 27861 | E99: =E97-D97 -> 17648 | F99: =F97-E97 -> 6788 | H99: =H97-F97 -> 19934 | I99: =I97-H97 -> 47243 | J99: =J97-I97 -> -33343
B100: Period-end securities on loan ($m) | C100: 376269 | D100: 387070 | E100: 397730 | F100: 394277 | G100: =F100 -> 394277 | H100: 431805 | I100: 426290 | J100: n.f.
B101: % Y/Y | H101: =H100/C100-1 -> 0.14759653 | I101: =I100/D100-1 -> 0.10132534
B102: Q/Q chg (abs) | D102: =D100-C100 -> 10801 | E102: =E100-D100 -> 10660 | F102: =F100-E100 -> -3453 | H102: =H100-F100 -> 37528 | I102: =I100-H100 -> -5515
B103: Securities finance yield, IS (bp of average securities on loan, annualized) | C103: =C106/C97*365/C7*10000 -> 12.205011 | D103: =D106/D97*365/D7*10000 -> 12.342143 | E103: =E106/E97*365/E7*10000 -> 13.048757 | F103: =F106/F97*365/F7*10000 -> 11.675439 | G103: =G106/G97*365/G7*10000 -> 12.324303 | H103: =H106/H97*365/H7*10000 -> 10.348205 | I103: =I106/I97*365/I7*10000 -> 11.739243 | J103: 11.5
B104: Q/Q chg (bp) | D104: =D103-C103 -> 0.13713216 | E104: =E103-D103 -> 0.70661454 | F104: =F103-E103 -> -1.3733186 | H104: =H103-F103 -> -1.327234 | I104: =I103-H103 -> 1.3910379 | J104: =J103-I103 -> -0.23924279
...

Sheet Segment - Investment Management
B2: State Street Corporation (NYSE: STT)
B3: Segment - Investment Management
B4: $ millions, except per share
B5: Fiscal period | C5: 1Q25A | D5: 2Q25A | E5: 3Q25A | F5: 4Q25A | G5: FY25A | H5: 1Q26A | I5: 2Q26A | J5: 3Q26E
B6: Period end | C6: =DATE(2025,3,31) -> 45747 | D6: =DATE(2025,6,30) -> 45838 | E6: =DATE(2025,9,30) -> 45930 | F6: =DATE(2025,12,31) -> 46022 | G6: =DATE(2025,12,31) -> 46022 | H6: =DATE(2026,3,31) -> 46112 | I6: =DATE(2026,6,30) -> 46203 | J6: =DATE(2026,9,30) -> 46295
B7: Days in period | C7: =C6-DATE(2024,12,31) -> 90 | D7: =D6-C6 -> 91 | E7: =E6-D6 -> 92 | F7: =F6-E6 -> 92 | G7: =G6-DATE(2024,12,31) -> 365 | H7: =H6-F6 -> 90 | I7: =I6-H6 -> 91 | J7: =J6-I6 -> 92
B9: A. Assets under management (AUM, $bn)
B10: Opening AUM | C10: 4715 | D10: =C43 -> 4665 | E10: =D43 -> 5117 | F10: =E43 -> 5446 | G10: =C10 -> 4715 | H10: =F43 -> 5665 | I10: =H43 -> 5620 | J10: =I43 -> 6278
B11: Net asset flows by strategy
B12: Index - ETFs | C12: 0 | D12: 15 | E12: 38 | F12: 51 | G12: =SUM(C12:F12) -> 104 | H12: 25 | I12: 66 | J12: n.f.
B13: Y/Y chg (abs) | H13: =H12-C12 -> 25 | I13: =I12-D12 -> 51
B14: Q/Q chg (abs) | D14: =D12-C12 -> 15 | E14: =E12-D12 -> 23 | F14: =F12-E12 -> 13 | H14: =H12-F12 -> -26 | I14: =I12-H12 -> 41
B15: Index - other index | C15: -12 | D15: 81 | E15: -7 | F15: 14 | G15: =SUM(C15:F15) -> 76 | H15: 13 | I15: 15 | J15: n.f.
B16: Y/Y chg (abs) | H16: =H15-C15 -> 25 | I16: =I15-D15 -> -66
B17: Q/Q chg (abs) | D17: =D15-C15 -> 93 | E17: =E15-D15 -> -88 | F17: =F15-E15 -> 21 | H17: =H15-F15 -> -1 | I17: =I15-H15 -> 2
B18: Total index strategies and solutions | C18: =C12+C15 -> -12 | D18: =D12+D15 -> 96 | E18: =E12+E15 -> 31 | F18: =F12+F15 -> 65 | G18: =G12+G15 -> 180 | H18: =H12+H15 -> 38 | I18: =I12+I15 -> 81 | J18: n.f.
B19: Y/Y chg (abs) | H19: =H18-C18 -> 50 | I19: =I18-D18 -> -15
B20: Q/Q chg (abs) | D20: =D18-C18 -> 108 | E20: =E18-D18 -> -65 | F20: =F18-E18 -> 34 | H20: =H18-F18 -> -27 | I20: =I18-H18 -> 43
B21: Active, alternatives and other | C21: -2 | D21: -13 | E21: -15 | F21: -4 | G21: =SUM(C21:F21) -> -34 | H21: 3 | I21: -2 | J21: n.f.
B22: Y/Y chg (abs) | H22: =H21-C21 -> 5 | I22: =I21-D21 -> 11
B23: Q/Q chg (abs) | D23: =D21-C21 -> -11 | E23: =E21-D21 -> -2 | F23: =F21-E21 -> 11 | H23: =H21-F21 -> 7 | I23: =I21-H21 -> -5
B24: Cash | C24: 1 | D24: -1 | E24: 10 | F24: 24 | G24: =SUM(C24:F24) -> 34 | H24: 8 | I24: 35 | J24: n.f.
B25: Y/Y chg (abs) | H25: =H24-C24 -> 7 | I25: =I24-D24 -> 36
B26: Q/Q chg (abs) | D26: =D24-C24 -> -2 | E26: =E24-D24 -> 11 | F26: =F24-E24 -> 14 | H26: =H24-F24 -> -16 | I26: =I24-H24 -> 27
B27: Total net asset flows | C27: =C18+C21+C24 -> -13 | D27: =D18+D21+D24 -> 82 | E27: =E18+E21+E24 -> 26 | F27: =F18+F21+F24 -> 85 | G27: =G18+G21+G24 -> 180 | H27: =H18+H21+H24 -> 49 | I27: =I18+I21+I24 -> 114 | J27: 60
B28: Y/Y chg (abs) | H28: =H27-C27 -> 62 | I28: =I27-D27 -> 32 | J28: =J27-E27 -> 34
B29: Q/Q chg (abs) | D29: =D27-C27 -> 95 | E29: =E27-D27 -> -56 | F29: =F27-E27 -> 59 | H29: =H27-F27 -> -36 | I29: =I27-H27 -> 65 | J29: =J27-I27 -> -54
B30: Organic AUM growth (annualized flows / opening AUM) | C30: =C27/C10*365/C7 -> -0.011181807 | D30: =D27/D10*365/D7 -> 0.070503987 | E30: =E27/E10*365/E7 -> 0.020158721 | F30: =F27/F10*365/F7 -> 0.061922193 | G30: =G27/G10*365/G7 -> 0.038176034 | H30: =H27/H10*365/H7 -> 0.035078945 | I30: =I27/I10*365/I7 -> 0.081361699 | J30: =J27/J10*365/J7 -> 0.037917088
B31: Q/Q chg (bp) | D31: =(D30-C30)*10000 -> 816.85794 | E31: =(E30-D30)*10000 -> -503.45266 | F31: =(F30-E30)*10000 -> 417.63472 | H31: =(H30-F30)*10000 -> -268.43248 | I31: =(I30-H30)*10000 -> 462.82754 | J31: =(J30-I30)*10000 -> -434.44611
B32: Y/Y chg (bp) | C32: n.a. | D32: n.a. | E32: n.a. | F32: n.a. | G32: n.a. | H32: =(H30-C30)*10000 -> 462.60752 | I32: =(I30-D30)*10000 -> 108.57712 | J32: =(J30-E30)*10000 -> 177.58367
B33: Market appreciation / (depreciation) | C33: -65 | D33: 318 | E33: 310 | F33: 148 | G33: =SUM(C33:F33) -> 711 | H33: -86 | I33: 551 | J33: =J10*J36 -> 43.946
B34: Y/Y chg (abs) | H34: =H33-C33 -> -21 | I34: =I33-D33 -> 233 | J34: =J33-E33 -> -266.054
B35: Q/Q chg (abs) | D35: =D33-C33 -> 383 | E35: =E33-D33 -> -8 | F35: =F33-E33 -> -162 | H35: =H33-F33 -> -234 | I35: =I33-H33 -> 637 | J35: =J33-I33 -> -507.054
B36: Market appreciation (% of opening) | C36: =C33/C10 -> -0.01378579 | D36: =D33/D10 -> 0.068167203 | E36: =E33/E10 -> 0.060582372 | F36: =F33/F10 -> 0.027175909 | G36: =G33/G10 -> 0.15079533 | H36: =H33/H10 -> -0.015180936 | I36: =I33/I10 -> 0.098042705 | J36: 0.007
B37: Q/Q chg (bp) | D37: =(D36-C36)*10000 -> 819.52993 | E37: =(E36-D36)*10000 -> -75.848301 | F37: =(F36-E36)*10000 -> -334.06464 | H37: =(H36-F36)*10000 -> -423.56844 | I37: =(I36-H36)*10000 -> 1132.2364 | J37: =(J36-I36)*10000 -> -910.42705
B38: Y/Y chg (bp) | C38: n.a. | D38: n.a. | E38: n.a. | F38: n.a. | G38: n.a. | H38: =(H36-C36)*10000 -> -13.951455 | I38: =(I36-D36)*10000 -> 298.75502 | J38: =(J36-E36)*10000 -> -535.82372
B39: Foreign exchange impact | C39: 28 | D39: 52 | E39: -7 | F39: -14 | G39: =SUM(C39:F39) -> 59 | H39: -8 | I39: -7 | J39: 0
B40: Y/Y chg (abs) | H40: =H39-C39 -> -36 | I40: =I39-D39 -> -59 | J40: =J39-E39 -> 7
B41: Q/Q chg (abs) | D41: =D39-C39 -> 24 | E41: =E39-D39 -> -59 | F41: =F39-E39 -> -7 | H41: =H39-F39 -> 6 | I41: =I39-H39 -> 1 | J41: =J39-I39 -> 7
B42: Total market and FX impact | C42: =C33+C39 -> -37 | D42: =D33+D39 -> 370 | E42: =E33+E39 -> 303 | F42: =F33+F39 -> 134 | G42: =G33+G39 -> 770 | H42: =H33+H39 -> -94 | I42: =I33+I39 -> 544 | J42: =J33+J39 -> 43.946
B43: Closing AUM | C43: =C10+C27+C42 -> 4665 | D43: =D10+D27+D42 -> 5117 | E43: =E10+E27+E42 -> 5446 | F43: =F10+F27+F42 -> 5665 | G43: =F43 -> 5665 | H43: =H10+H27+H42 -> 5620 | I43: =I10+I27+I42 -> 6278 | J43: =J10+J27+J42 -> 6381.946
B44: % Y/Y | H44: =H43/C43-1 -> 0.20471597 | I44: =I43/D43-1 -> 0.22689076 | J44: =J43/E43-1 -> 0.17185935
B45: Q/Q chg (abs) | D45: =D43-C43 -> 452 | E45: =E43-D43 -> 329 | F45: =F43-E43 -> 219 | H45: =H43-F43 -> -45 | I45: =I43-H43 -> 658 | J45: =J43-I43 -> 103.946
B46: Memo: reported closing AUM | C46: 4665 | D46: 5117 | E46: 5446 | F46: 5665 | G46: =F46 -> 5665 | H46: 5620 | I46: 6278 | J46: n.f.
B47: Check: roll-forward closing - reported (should be 0) | C47: =C43-C46 -> 0 | D47: =D43-D46 -> 0 | E47: =E43-E46 -> 0 | F47: =F43-F46 -> 0 | G47: =G43-G46 -> 0 | H47: =H43-H46 -> 0 | I47: =I43-I46 -> 0
B48: Average AUM (simple average of opening and closing) | C48: =AVERAGE(C10,C43) -> 4690 | D48: =AVERAGE(D10,D43) -> 4891 | E48: =AVERAGE(E10,E43) -> 5281.5 | F48: =AVERAGE(F10,F43) -> 5555.5 | G48: =AVERAGE(C48:F48) -> 5104.5 | H48: =AVERAGE(H10,H43) -> 5642.5 | I48: =AVERAGE(I10,I43) -> 5949 | J48: =AVERAGE(J10,J43) -> 6329.973
B49: % Y/Y | H49: =H48/C48-1 -> 0.20309168 | I49: =I48/D48-1 -> 0.21631568 | J49: =J48/E48-1 -> 0.19851803
B50: Q/Q chg (abs) | D50: =D48-C48 -> 201 | E50: =E48-D48 -> 390.5 | F50: =F48-E48 -> 274 | H50: =H48-F48 -> 87 | I50: =I48-H48 -> 306.5 | J50: =J48-I48 -> 380.973
B51: AUM by asset class (closing)
B52: Equity | C52: 2901 | D52: 3218 | E52: 3465 | F52: 3589 | G52: =F52 -> 3589 | H52: 3496 | I52: 4051 | J52: =J43*I52/I43 -> 4118.0732
B53: % Y/Y | H53: =H52/C52-1 -> 0.20510169 | I53: =I52/D52-1 -> 0.25885643 | J53: =J52/E52-1 -> 0.1884771
B54: Q/Q chg (abs) | D54: =D52-C52 -> 317 | E54: =E52-D52 -> 247 | F54: =F52-E52 -> 124 | H54: =H52-F52 -> -93 | I54: =I52-H52 -> 555 | J54: =J52-I52 -> 67.073152
B55: Fixed income | C55: 633 | D55: 700 | E55: 720 | F55: 734 | G55: =F55 -> 734 | H55: 756 | I55: 776 | J55: =J43*I55/I43 -> 788.84837
B56: % Y/Y | H56: =H55/C55-1 -> 0.1943128 | I56: =I55/D55-1 -> 0.10857143 | J56: =J55/E55-1 -> 0.095622743
B57: Q/Q chg (abs) | D57: =D55-C55 -> 67 | E57: =E55-D55 -> 20 | F57: =F55-E55 -> 14 | H57: =H55-F55 -> 22 | I57: =I55-H55 -> 20 | J57: =J55-I55 -> 12.848375
B58: Cash | C58: 518 | D58: 525 | E58: 540 | F58: 570 | G58: =F58 -> 570 | H58: 581 | I58: 621 | J58: =J43*I58/I43 -> 631.28201
B59: % Y/Y | H59: =H58/C58-1 -> 0.12162162 | I59: =I58/D58-1 -> 0.18285714 | J59: =J58/E58-1 -> 0.16904076
B60: Q/Q chg (abs) | D60: =D58-C58 -> 7 | E60: =E58-D58 -> 15 | F60: =F58-E58 -> 30 | H60: =H58-F58 -> 11 | I60: =I58-H58 -> 40 | J60: =J58-I58 -> 10.282011
B61: Multi-asset | C61: 390 | D61: 449 | E61: 477 | F61: 501 | G61: =F61 -> 501 | H61: 503 | I61: 567 | J61: =J43*I61/I43 -> 576.38792
B62: % Y/Y | H62: =H61/C61-1 -> 0.28974359 | I62: =I61/D61-1 -> 0.26280624 | J62: =J61/E61-1 -> 0.20836043
B63: Q/Q chg (abs) | D63: =D61-C61 -> 59 | E63: =E61-D61 -> 28 | F63: =F61-E61 -> 24 | H63: =H61-F61 -> 2 | I63: =I61-H61 -> 64 | J63: =J61-I61 -> 9.3879232
B64: Alternative investments | C64: 223 | D64: 225 | E64: 244 | F64: 271 | G64: =F64 -> 271 | H64: 284 | I64: 263 | J64: =J43*I64/I43 -> 267.35454
B65: % Y/Y | H65: =H64/C64-1 -> 0.2735426 | I65: =I64/D64-1 -> 0.16888889 | J65: =J64/E64-1 -> 0.095715325
B66: Q/Q chg (abs) | D66: =D64-C64 -> 2 | E66: =E64-D64 -> 19 | F66: =F64-E64 -> 27 | H66: =H64-F64 -> 13 | I66: =I64-H64 -> -21 | J66: =J64-I64 -> 4.3545393
B67: Total AUM by asset class | C67: =SUM(C52,C55,C58,C61,C64) -> 4665 | D67: =SUM(D52,D55,D58,D61,D64) -> 5117 | E67: =SUM(E52,E55,E58,E61,E64) -> 5446 | F67: =SUM(F52,F55,F58,F61,F64) -> 5665 | G67: =SUM(G52,G55,G58,G61,G64) -> 5665 | H67: =SUM(H52,H55,H58,H61,H64) -> 5620 | I67: =SUM(I52,I55,I58,I61,I64) -> 6278 | J67: =SUM(J52,J55,J58,J61,J64) -> 6381.946
B68: Check: by asset class - closing AUM (should be 0; 3Q26E identity, mix held) | C68: =C67-C43 -> 0 | D68: =D67-D43 -> 0 | E68: =E67-E43 -> 0 | F68: =F67-F43 -> 0 | G68: =G67-G43 -> 0 | H68: =H67-H43 -> 0 | I68: =I67-I43 -> 0 | J68: =J67-J43 -> 0
B69: AUM by vehicle (closing)
B70: ETF | C70: 1554 | D70: 1690 | E70: 1848 | F70: 1951 | G70: =F70 -> 1951 | H70: 1940 | I70: 2204 | J70: =J43*I70/I43 -> 2240.492
B71: % Y/Y | H71: =H70/C70-1 -> 0.24839125 | I71: =I70/D70-1 -> 0.30414201 | J71: =J70/E70-1 -> 0.21238746
B72: Q/Q chg (abs) | D72: =D70-C70 -> 136 | E72: =E70-D70 -> 158 | F72: =F70-E70 -> 103 | H72: =H70-F70 -> -11 | I72: =I70-H70 -> 264 | J72: =J70-I70 -> 36.492033
B73: Separately managed accounts | C73: 1776 | D73: 1985 | E73: 2074 | F73: 2127 | G73: =F73 -> 2127 | H73: 2120 | I73: 2340 | J73: =J43*I73/I43 -> 2378.7438
B74: % Y/Y | H74: =H73/C73-1 -> 0.19369369 | I74: =I73/D73-1 -> 0.17884131 | J74: =J73/E73-1 -> 0.1469353
B75: Q/Q chg (abs) | D75: =D73-C73 -> 209 | E75: =E73-D73 -> 89 | F75: =F73-E73 -> 53 | H75: =H73-F73 -> -7 | I75: =I73-H73 -> 220 | J75: =J73-I73 -> 38.74381
B76: Other commingled funds | C76: 1335 | D76: 1442 | E76: 1524 | F76: 1587 | G76: =F76 -> 1587 | H76: 1560 | I76: 1734 | J76: =J43*I76/I43 -> 1762.7102
B77: % Y/Y | H77: =H76/C76-1 -> 0.16853933 | I77: =I76/D76-1 -> 0.20249653 | J77: =J76/E76-1 -> 0.15663396
B78: Q/Q chg (abs) | D78: =D76-C76 -> 107 | E78: =E76-D76 -> 82 | F78: =F76-E76 -> 63 | H78: =H76-F76 -> -27 | I78: =I76-H76 -> 174 | J78: =J76-I76 -> 28.710157
B79: Total AUM by vehicle | C79: =SUM(C70,C73,C76) -> 4665 | D79: =SUM(D70,D73,D76) -> 5117 | E79: =SUM(E70,E73,E76) -> 5446 | F79: =SUM(F70,F73,F76) -> 5665 | G79: =SUM(G70,G73,G76) -> 5665 | H79: =SUM(H70,H73,H76) -> 5620 | I79: =SUM(I70,I73,I76) -> 6278 | J79: =SUM(J70,J73,J76) -> 6381.946
B80: Check: by vehicle - closing AUM (should be 0; 3Q26E identity, mix held) | C80: =C79-C43 -> 0 | D80: =D79-D43 -> 0 | E80: =E79-E43 -> 0 | F80: =F79-F43 -> 0 | G80: =G79-G43 -> 0 | H80: =H79-H43 -> 0 | I80: =I79-I43 -> 0 | J80: =J79-J43 -> 0
B81: AUM by strategy (closing)
B82: Index - ETFs | C82: 1541 | D82: 1677 | E82: 1834 | F82: 1936 | G82: =F82 -> 1936 | H82: 1926 | I82: 2188 | J82: =J43*I82/I43 -> 2224.2271
B83: % Y/Y | H83: =H82/C82-1 -> 0.24983777 | I83: =I82/D82-1 -> 0.30471079 | J83: =J82/E82-1 -> 0.21277378
B84: Q/Q chg (abs) | D84: =D82-C82 -> 136 | E84: =E82-D82 -> 157 | F84: =F82-E82 -> 102 | H84: =H82-F82 -> -10 | I84: =I82-H82 -> 262 | J84: =J82-I82 -> 36.227118
B85: Index - other index | C85: 2424 | D85: 2737 | E85: 2896 | F85: 2986 | G85: =F85 -> 2986 | H85: 2938 | I85: 3279 | J85: =J43*I85/I43 -> 3333.291
B86: % Y/Y | H86: =H85/C85-1 -> 0.2120462 | I86: =I85/D85-1 -> 0.19802704 | J86: =J85/E85-1 -> 0.15099828
B87: Q/Q chg (abs) | D87: =D85-C85 -> 313 | E87: =E85-D85 -> 159 | F87: =F85-E85 -> 90 | H87: =H85-F85 -> -48 | I87: =I85-H85 -> 341 | J87: =J85-I85 -> 54.291006
B88: Active, alternatives and other | C88: 182 | D88: 178 | E88: 176 | F88: 173 | G88: =F88 -> 173 | H88: 175 | I88: 190 | J88: =J43*I88/I43 -> 193.14586
B89: % Y/Y | H89: =H88/C88-1 -> -0.038461538 | I89: =I88/D88-1 -> 0.06741573 | J89: =J88/E88-1 -> 0.097419687
B90: Q/Q chg (abs) | D90: =D88-C88 -> -4 | E90: =E88-D88 -> -2 | F90: =F88-E88 -> -3 | H90: =H88-F88 -> 2 | I90: =I88-H88 -> 15 | J90: =J88-I88 -> 3.1458649
B91: Cash | C91: =C58 -> 518 | D91: =D58 -> 525 | E91: =E58 -> 540 | F91: =F58 -> 570 | G91: =G58 -> 570 | H91: =H58 -> 581 | I91: =I58 -> 621 | J91: =J58 -> 631.28201
B92: % Y/Y | H92: =H91/C91-1 -> 0.12162162 | I92: =I91/D91-1 -> 0.18285714 | J92: =J91/E91-1 -> 0.16904076
B93: Q/Q chg (abs) | D93: =D91-C91 -> 7 | E93: =E91-D91 -> 15 | F93: =F91-E91 -> 30 | H93: =H91-F91 -> 11 | I93: =I91-H91 -> 40 | J93: =J91-I91 -> 10.282011
B94: Total AUM by strategy | C94: =SUM(C82,C85,C88,C91) -> 4665 | D94: =SUM(D82,D85,D88,D91) -> 5117 | E94: =SUM(E82,E85,E88,E91) -> 5446 | F94: =SUM(F82,F85,F88,F91) -> 5665 | G94: =SUM(G82,G85,G88,G91) -> 5665 | H94: =SUM(H82,H85,H88,H91) -> 5620 | I94: =SUM(I82,I85,I88,I91) -> 6278 | J94: =SUM(J82,J85,J88,J91) -> 6381.946
B95: Check: by strategy - closing AUM (should be 0; 3Q26E identity, mix held) | C95: =C94-C43 -> 0 | D95: =D94-D43 -> 0 | E95: =E94-E43 -> 0 | F95: =F94-F43 -> 0 | G95: =G94-G43 -> 0 | H95: =H94-H43 -> 0 | I95: =I94-I43 -> 0 | J95: =J94-J43 -> 0
B97: B. Fee revenue build ($m)
B98: Management fee yield (bp of average AUM, annualized) | C98: =C101/(C48*1000)*365/C7*10000 -> 5.0759299 | D98: =D101/(D48*1000)*365/D7*10000 -> 4.9204527 | E98: =E101/(E48*1000)*365/E7*10000 -> 4.9878781 | F98: =F101/(F48*1000)*365/F7*10000 -> 5.1203664 | G98: =G101/(G48*1000)*365/G7*10000 -> 5.0308551 | H98: =H101/(H48*1000)*365/H7*10000 -> 5.2037611 | I98: =I101/(I48*1000)*365/I7*10000 -> 5.2050488 | J98: 5.1
B99: Q/Q chg (bp) | D99: =D98-C98 -> -0.15547719 | E99: =E98-D98 -> 0.067425433 | F99: =F98-E98 -> 0.13248831 | H99: =H98-F98 -> 0.083394717 | I99: =I98-H98 -> 0.0012876372 | J99: =J98-I98 -> -0.10504878
B100: Y/Y chg (bp) | C100: n.a. | D100: n.a. | E100: n.a. | F100: n.a. | G100: n.a. | H100: =H98-C98 -> 0.12783126 | I100: =I98-D98 -> 0.28459609 | J100: =J98-E98 -> 0.11212189
B101: Management fees | C101: 587 | D101: 600 | E101: 664 | F101: 717 | G101: =SUM(C101:F101) -> 2568 | H101: 724 | I101: 772 | J101: =J48*1000*J98/10000*J7/365 -> 813.70502
B102: % Q/Q | D102: =D101/C101-1 -> 0.022146508 | E102: =E101/D101-1 -> 0.10666667 | F102: =F101/E101-1 -> 0.079819277 | H102: =H101/F101-1 -> 0.009762901 | I102: =I101/H101-1 -> 0.066298343 | J102: =J101/I101-1 -> 0.05402205
B103: Total growth Y/Y | C103: n.a. | D103: n.a. | E103: n.a. | F103: n.a. | G103: n.a. | H103: =H101/C101-1 -> 0.23339012 | I103: =I101/D101-1 -> 0.28666667 | J103: =J101/E101-1 -> 0.22545937
...

Sheet Income Statement
B2: State Street Corporation (NYSE: STT)
B3: Income Statement
B4: $ millions, except per share
B5: Fiscal period | C5: 1Q25A | D5: 2Q25A | E5: 3Q25A | F5: 4Q25A | G5: FY25A | H5: 1Q26A | I5: 2Q26A | J5: 3Q26E
B6: Period end | C6: =DATE(2025,3,31) -> 45747 | D6: =DATE(2025,6,30) -> 45838 | E6: =DATE(2025,9,30) -> 45930 | F6: =DATE(2025,12,31) -> 46022 | G6: =DATE(2025,12,31) -> 46022 | H6: =DATE(2026,3,31) -> 46112 | I6: =DATE(2026,6,30) -> 46203 | J6: =DATE(2026,9,30) -> 46295
B7: Days in period | C7: =C6-DATE(2024,12,31) -> 90 | D7: =D6-C6 -> 91 | E7: =E6-D6 -> 92 | F7: =F6-E6 -> 92 | G7: =G6-DATE(2024,12,31) -> 365 | H7: =H6-F6 -> 90 | I7: =I6-H6 -> 91 | J7: =J6-I6 -> 92
B9: Fee revenue
B10: Servicing fees | C10: ='Segment - Investment Servicing'!C79 -> 1275 | D10: ='Segment - Investment Servicing'!D79 -> 1304 | E10: ='Segment - Investment Servicing'!E79 -> 1357 | F10: ='Segment - Investment Servicing'!F79 -> 1388 | G10: ='Segment - Investment Servicing'!G79 -> 5324 | H10: ='Segment - Investment Servicing'!H79 -> 1409 | I10: ='Segment - Investment Servicing'!I79 -> 1468 | J10: ='Segment - Investment Servicing'!J79 -> 1512.1954
B11: Management fees | C11: ='Segment - Investment Management'!C101 -> 587 | D11: ='Segment - Investment Management'!D101 -> 600 | E11: ='Segment - Investment Management'!E101 -> 664 | F11: ='Segment - Investment Management'!F101 -> 717 | G11: ='Segment - Investment Management'!G101 -> 2568 | H11: ='Segment - Investment Management'!H101 -> 724 | I11: ='Segment - Investment Management'!I101 -> 772 | J11: ='Segment - Investment Management'!J101 -> 813.70502
B12: Foreign exchange trading services | C12: ='Segment - Investment Servicing'!C90+'Segment - Investment Management'!C109+'Revenue summary'!C41 -> 337 | D12: ='Segment - Investment Servicing'!D90+'Segment - Investment Management'!D109+'Revenue summary'!D41 -> 393 | E12: ='Segment - Investment Servicing'!E90+'Segment - Investment Management'!E109+'Revenue summary'!E41 -> 364 | F12: ='Segment - Investment Servicing'!F90+'Segment - Investment Management'!F109+'Revenue summary'!F41 -> 350 | G12: ='Segment - Investment Servicing'!G90+'Segment - Investment Management'!G109+'Revenue summary'!G41 -> 1444 | H12: ='Segment - Investment Servicing'!H90+'Segment - Investment Management'!H109+'Revenue summary'!H41 -> 435 | I12: ='Segment - Investment Servicing'!I90+'Segment - Investment Management'!I109+'Revenue summary'!I41 -> 494 | J12: ='Segment - Investment Servicing'!J90+'Segment - Investment Management'!J109+'Revenue summary'!J41 -> 454.72
B13: Securities finance | C13: ='Segment - Investment Servicing'!C106+'Segment - Investment Management'!C118 -> 114 | D13: ='Segment - Investment Servicing'!D106+'Segment - Investment Management'!D118 -> 126 | E13: ='Segment - Investment Servicing'!E106+'Segment - Investment Management'!E118 -> 138 | F13: ='Segment - Investment Servicing'!F106+'Segment - Investment Management'!F118 -> 127 | G13: ='Segment - Investment Servicing'!G106+'Segment - Investment Management'!G118 -> 505 | H13: ='Segment - Investment Servicing'!H106+'Segment - Investment Management'!H118 -> 116 | I13: ='Segment - Investment Servicing'!I106+'Segment - Investment Management'!I118 -> 150 | J13: ='Segment - Investment Servicing'!J106+'Segment - Investment Management'!J118 -> 136.98904
B14: Software services | C14: ='Segment - Investment Servicing'!C126+'Revenue summary'!C49 -> 158 | D14: ='Segment - Investment Servicing'!D126+'Revenue summary'!D49 -> 169 | E14: ='Segment - Investment Servicing'!E126+'Revenue summary'!E49 -> 167 | F14: ='Segment - Investment Servicing'!F126+'Revenue summary'!F49 -> 163 | G14: ='Segment - Investment Servicing'!G126+'Revenue summary'!G49 -> 657 | H14: ='Segment - Investment Servicing'!H126+'Revenue summary'!H49 -> 169 | I14: ='Segment - Investment Servicing'!I126+'Revenue summary'!I49 -> 166 | J14: ='Segment - Investment Servicing'!J126+'Revenue summary'!J49 -> 171.34685
B15: Other fee revenue | C15: ='Segment - Investment Servicing'!C134+'Segment - Investment Management'!C126 -> 99 | D15: ='Segment - Investment Servicing'!D134+'Segment - Investment Management'!D126 -> 127 | E15: ='Segment - Investment Servicing'!E134+'Segment - Investment Management'!E126 -> 139 | F15: ='Segment - Investment Servicing'!F134+'Segment - Investment Management'!F126 -> 117 | G15: ='Segment - Investment Servicing'!G134+'Segment - Investment Management'!G126 -> 482 | H15: ='Segment - Investment Servicing'!H134+'Segment - Investment Management'!H126 -> 107 | I15: ='Segment - Investment Servicing'!I134+'Segment - Investment Management'!I126 -> 138 | J15: ='Segment - Investment Servicing'!J134+'Segment - Investment Management'!J126 -> 125
B16: Total fee revenue | C16: =SUM(C10,C11,C12,C13,C14,C15) -> 2570 | D16: =SUM(D10,D11,D12,D13,D14,D15) -> 2719 | E16: =SUM(E10,E11,E12,E13,E14,E15) -> 2829 | F16: =SUM(F10,F11,F12,F13,F14,F15) -> 2862 | G16: =SUM(G10,G11,G12,G13,G14,G15) -> 10980 | H16: =SUM(H10,H11,H12,H13,H14,H15) -> 2960 | I16: =SUM(I10,I11,I12,I13,I14,I15) -> 3188 | J16: =SUM(J10,J11,J12,J13,J14,J15) -> 3213.9563
B17: % Y/Y | H17: =H16/C16-1 -> 0.15175097 | I17: =I16/D16-1 -> 0.17248989 | J17: =J16/E16-1 -> 0.13607505
B18: % Q/Q | D18: =D16/C16-1 -> 0.057976654 | E18: =E16/D16-1 -> 0.04045605 | F18: =F16/E16-1 -> 0.011664899 | H18: =H16/F16-1 -> 0.034241789 | I18: =I16/H16-1 -> 0.077027027 | J18: =J16/I16-1 -> 0.008141879
B19: Net interest income
B20: Interest income | C20: 2922 | D20: 3055 | E20: 2918 | F20: 2749 | G20: =SUM(C20:F20) -> 11644 | H20: 2651 | I20: 2843 | J20: ='Segment - Investment Servicing'!J257 -> 2900.8356
B21: Interest expense | C21: 2208 | D21: 2326 | E21: 2203 | F21: 1947 | G21: =SUM(C21:F21) -> 8684 | H21: 1816 | I21: 1983 | J21: =J20-'Segment - Investment Servicing'!J256 -> 2043.0616
B22: Net interest income | C22: =C20-C21 -> 714 | D22: =D20-D21 -> 729 | E22: =E20-E21 -> 715 | F22: =F20-F21 -> 802 | G22: =G20-G21 -> 2960 | H22: =H20-H21 -> 835 | I22: =I20-I21 -> 860 | J22: =J20-J21 -> 857.77397
B23: % Y/Y | H23: =H22/C22-1 -> 0.16946779 | I23: =I22/D22-1 -> 0.17969822 | J23: =J22/E22-1 -> 0.19968388
B24: % Q/Q | D24: =D22/C22-1 -> 0.021008403 | E24: =E22/D22-1 -> -0.01920439 | F24: =F22/E22-1 -> 0.12167832 | H24: =H22/F22-1 -> 0.041147132 | I24: =I22/H22-1 -> 0.02994012 | J24: =J22/I22-1 -> -0.002588404
B25: Check: NII - segment NII (IS + IM) (should be 0) | C25: =C22-'Segment - Investment Servicing'!C259-'Segment - Investment Management'!C143 -> 0 | D25: =D22-'Segment - Investment Servicing'!D259-'Segment - Investment Management'!D143 -> 0 | E25: =E22-'Segment - Investment Servicing'!E259-'Segment - Investment Management'!E143 -> 0 | F25: =F22-'Segment - Investment Servicing'!F259-'Segment - Investment Management'!F143 -> 0 | G25: =G22-'Segment - Investment Servicing'!G259-'Segment - Investment Management'!G143 -> 0 | H25: =H22-'Segment - Investment Servicing'!H259-'Segment - Investment Management'!H143 -> 0 | I25: =I22-'Segment - Investment Servicing'!I259-'Segment - Investment Management'!I143 -> 0 | J25: =J22-'Segment - Investment Servicing'!J259-'Segment - Investment Management'!J143 -> 0
B26: Other income (gains on sales of AFS securities, net) | C26: ='Segment - Investment Servicing'!C270 -> 0 | D26: ='Segment - Investment Servicing'!D270 -> 0 | E26: ='Segment - Investment Servicing'!E270 -> 1 | F26: ='Segment - Investment Servicing'!F270 -> 3 | G26: ='Segment - Investment Servicing'!G270 -> 4 | H26: ='Segment - Investment Servicing'!H270 -> 1 | I26: ='Segment - Investment Servicing'!I270 -> 0 | J26: ='Segment - Investment Servicing'!J270 -> 0
B27: Total revenue | C27: =C16+C22+C26 -> 3284 | D27: =D16+D22+D26 -> 3448 | E27: =E16+E22+E26 -> 3545 | F27: =F16+F22+F26 -> 3667 | G27: =G16+G22+G26 -> 13944 | H27: =H16+H22+H26 -> 3796 | I27: =I16+I22+I26 -> 4048 | J27: =J16+J22+J26 -> 4071.7303
B28: % Y/Y | H28: =H27/C27-1 -> 0.15590743 | I28: =I27/D27-1 -> 0.17401392 | J28: =J27/E27-1 -> 0.148584
B29: % Q/Q | D29: =D27/C27-1 -> 0.049939099 | E29: =E27/D27-1 -> 0.028132251 | F29: =F27/E27-1 -> 0.034414669 | H29: =H27/F27-1 -> 0.03517862 | I29: =I27/H27-1 -> 0.066385669 | J29: =J27/I27-1 -> 0.005862224
B30: Provision for credit losses | C30: ='Segment - Investment Servicing'!C286 -> 12 | D30: ='Segment - Investment Servicing'!D286 -> 30 | E30: ='Segment - Investment Servicing'!E286 -> 9 | F30: ='Segment - Investment Servicing'!F286 -> 8 | G30: ='Segment - Investment Servicing'!G286 -> 59 | H30: ='Segment - Investment Servicing'!H286 -> 16 | I30: ='Segment - Investment Servicing'!I286 -> 0 | J30: ='Segment - Investment Servicing'!J286 -> 10
B31: Expenses
B32: Compensation and employee benefits | C32: 1262 | D32: 1280 | E32: 1162 | F32: 1331 | G32: =SUM(C32:F32) -> 5035 | H32: 1441 | I32: 1292 | J32: =I32*(1+J35) -> 1295.876
B33: % Y/Y | H33: =H32/C32-1 -> 0.14183835 | I33: =I32/D32-1 -> 0.009375 | J33: =J32/E32-1 -> 0.1152117
B34: Q/Q chg | D34: =D32-C32 -> 18 | E34: =E32-D32 -> -118 | F34: =F32-E32 -> 169 | H34: =H32-F32 -> 110 | I34: =I32-H32 -> -149 | J34: =J32-I32 -> 3.876
B35: % Q/Q (3Q26E: assumption) | D35: =D32/C32-1 -> 0.014263074 | E35: =E32/D32-1 -> -0.0921875 | F35: =F32/E32-1 -> 0.1454389 | H35: =H32/F32-1 -> 0.082644628 | I35: =I32/H32-1 -> -0.10340042 | J35: 0.003
B36: Information systems and communications | C36: 497 | D36: 523 | E36: 517 | F36: 557 | G36: =SUM(C36:F36) -> 2094 | H36: 637 | I36: 589 | J36: =I36*(1+J39) -> 594.89
B37: % Y/Y | H37: =H36/C36-1 -> 0.28169014 | I37: =I36/D36-1 -> 0.12619503 | J37: =J36/E36-1 -> 0.15065764
B38: Q/Q chg | D38: =D36-C36 -> 26 | E38: =E36-D36 -> -6 | F38: =F36-E36 -> 40 | H38: =H36-F36 -> 80 | I38: =I36-H36 -> -48 | J38: =J36-I36 -> 5.89
B39: % Q/Q (3Q26E: assumption) | D39: =D36/C36-1 -> 0.052313883 | E39: =E36/D36-1 -> -0.011472275 | F39: =F36/E36-1 -> 0.077369439 | H39: =H36/F36-1 -> 0.14362657 | I39: =I36/H36-1 -> -0.075353218 | J39: 0.01
B40: Transaction processing services | C40: 258 | D40: 260 | E40: 276 | F40: 256 | G40: =SUM(C40:F40) -> 1050 | H40: 283 | I40: 280 | J40: =I40*(1+J43) -> 282.8
B41: % Y/Y | H41: =H40/C40-1 -> 0.096899225 | I41: =I40/D40-1 -> 0.076923077 | J41: =J40/E40-1 -> 0.024637681
B42: Q/Q chg | D42: =D40-C40 -> 2 | E42: =E40-D40 -> 16 | F42: =F40-E40 -> -20 | H42: =H40-F40 -> 27 | I42: =I40-H40 -> -3 | J42: =J40-I40 -> 2.8
B43: % Q/Q (3Q26E: assumption) | D43: =D40/C40-1 -> 0.007751938 | E43: =E40/D40-1 -> 0.061538462 | F43: =F40/E40-1 -> -0.072463768 | H43: =H40/F40-1 -> 0.10546875 | I43: =I40/H40-1 -> -0.010600707 | J43: 0.01
B44: Occupancy | C44: 103 | D44: 105 | E44: 106 | F44: 173 | G44: =SUM(C44:F44) -> 487 | H44: 101 | I44: 96 | J44: =I44*(1+J47) -> 96.96
B45: % Y/Y | H45: =H44/C44-1 -> -0.019417476 | I45: =I44/D44-1 -> -0.085714286 | J45: =J44/E44-1 -> -0.085283019
B46: Q/Q chg | D46: =D44-C44 -> 2 | E46: =E44-D44 -> 1 | F46: =F44-E44 -> 67 | H46: =H44-F44 -> -72 | I46: =I44-H44 -> -5 | J46: =J44-I44 -> 0.96
B47: % Q/Q (3Q26E: assumption) | D47: =D44/C44-1 -> 0.019417476 | E47: =E44/D44-1 -> 0.0095238095 | F47: =F44/E44-1 -> 0.63207547 | H47: =H44/F44-1 -> -0.41618497 | I47: =I44/H44-1 -> -0.04950495 | J47: 0.01
B48: Other expenses | C48: 330 | D48: 361 | E48: 373 | F48: 424 | G48: =SUM(C48:F48) -> 1488 | H48: 349 | I48: 402 | J48: =I48*(1+J51) -> 395.166
B49: % Y/Y | H49: =H48/C48-1 -> 0.057575758 | I49: =I48/D48-1 -> 0.11357341 | J49: =J48/E48-1 -> 0.059426273
B50: Q/Q chg | D50: =D48-C48 -> 31 | E50: =E48-D48 -> 12 | F50: =F48-E48 -> 51 | H50: =H48-F48 -> -75 | I50: =I48-H48 -> 53 | J50: =J48-I48 -> -6.834
B51: % Q/Q (3Q26E: assumption) | D51: =D48/C48-1 -> 0.093939394 | E51: =E48/D48-1 -> 0.033240997 | F51: =F48/E48-1 -> 0.13672922 | H51: =H48/F48-1 -> -0.17688679 | I51: =I48/H48-1 -> 0.15186246 | J51: -0.017
B52: Total expenses | C52: =SUM(C32,C36,C40,C44,C48) -> 2450 | D52: =SUM(D32,D36,D40,D44,D48) -> 2529 | E52: =SUM(E32,E36,E40,E44,E48) -> 2434 | F52: =SUM(F32,F36,F40,F44,F48) -> 2741 | G52: =SUM(G32,G36,G40,G44,G48) -> 10154 | H52: =SUM(H32,H36,H40,H44,H48) -> 2811 | I52: =SUM(I32,I36,I40,I44,I48) -> 2659 | J52: =SUM(J32,J36,J40,J44,J48) -> 2665.692
B53: % Y/Y | H53: =H52/C52-1 -> 0.14734694 | I53: =I52/D52-1 -> 0.051403717 | J53: =J52/E52-1 -> 0.095189811
B54: % Q/Q | D54: =D52/C52-1 -> 0.032244898 | E54: =E52/D52-1 -> -0.037564255 | F54: =F52/E52-1 -> 0.12612983 | H54: =H52/F52-1 -> 0.025538125 | I54: =I52/H52-1 -> -0.054073284 | J54: =J52/I52-1 -> 0.0025167356
B55: Expense / revenue ratio | C55: =C52/C27 -> 0.74604141 | D55: =D52/D27 -> 0.73346868 | E55: =E52/E27 -> 0.68660085 | F55: =F52/F27 -> 0.7474775 | G55: =G52/G27 -> 0.72819851 | H55: =H52/H27 -> 0.74051633 | I55: =I52/I27 -> 0.65686759 | J55: =J52/J27 -> 0.65468285
B56: Q/Q chg (bp) | D56: =(D55-C55)*10000 -> -125.72735 | E56: =(E55-D55)*10000 -> -468.67831 | F56: =(F55-E55)*10000 -> 608.76656 | H56: =(H55-F55)*10000 -> -69.611691 | I56: =(I55-H55)*10000 -> -836.48744 | J56: =(J55-I55)*10000 -> -21.847355
B57: Y/Y chg (bp) | C57: n.a. | D57: n.a. | E57: n.a. | F57: n.a. | G57: n.a. | H57: =(H55-C55)*10000 -> -55.250799 | I57: =(I55-D55)*10000 -> -766.01089 | J57: =(J55-E55)*10000 -> -319.17993
B58: Expenses by line of business
B59: Investment Servicing | C59: ='Segment - Investment Servicing'!C289 -> 2019 | D59: ='Segment - Investment Servicing'!D289 -> 1995 | E59: ='Segment - Investment Servicing'!E289 -> 1994 | F59: ='Segment - Investment Servicing'!F289 -> 2048 | G59: ='Segment - Investment Servicing'!G289 -> 8056 | H59: ='Segment - Investment Servicing'!H289 -> 2189 | I59: ='Segment - Investment Servicing'!I289 -> 2162 | J59: ='Segment - Investment Servicing'!J289 -> 2160.692
B60: Investment Management | C60: ='Segment - Investment Management'!C160 -> 431 | D60: ='Segment - Investment Management'!D160 -> 417 | E60: ='Segment - Investment Management'!E160 -> 440 | F60: ='Segment - Investment Management'!F160 -> 487 | G60: ='Segment - Investment Management'!G160 -> 1775 | H60: ='Segment - Investment Management'!H160 -> 492 | I60: ='Segment - Investment Management'!I160 -> 497 | J60: ='Segment - Investment Management'!J160 -> 505
B61: Other (notable items not allocated) | C61: =C97+C98+C99 -> 0 | D61: =D97+D98+D99 -> 117 | E61: =E97+E98+E99 -> 0 | F61: =F97+F98+F99 -> 206 | G61: =G97+G98+G99 -> 323 | H61: =H97+H98+H99 -> 130 | I61: =I97+I98+I99 -> 0 | J61: =J97+J98+J99 -> 0
B62: Total expenses by line of business | C62: =C59+C60+C61 -> 2450 | D62: =D59+D60+D61 -> 2529 | E62: =E59+E60+E61 -> 2434 | F62: =F59+F60+F61 -> 2741 | G62: =G59+G60+G61 -> 10154 | H62: =H59+H60+H61 -> 2811 | I62: =I59+I60+I61 -> 2659 | J62: =J59+J60+J61 -> 2665.692
B63: Check: by LOB - by nature (should be 0) | C63: =C62-C52 -> 0 | D63: =D62-D52 -> 0 | E63: =E62-E52 -> 0 | F63: =F62-F52 -> 0 | G63: =G62-G52 -> 0 | H63: =H62-H52 -> 0 | I63: =I62-I52 -> 0 | J63: =J62-J52 -> 0
B64: Profitability
B65: Income before income tax expense | C65: =C27-C30-C52 -> 822 | D65: =D27-D30-D52 -> 889 | E65: =E27-E30-E52 -> 1102 | F65: =F27-F30-F52 -> 918 | G65: =G27-G30-G52 -> 3731 | H65: =H27-H30-H52 -> 969 | I65: =I27-I30-I52 -> 1389 | J65: =J27-J30-J52 -> 1396.0383
B66: % Y/Y | H66: =H65/C65-1 -> 0.17883212 | I66: =I65/D65-1 -> 0.5624297 | J66: =J65/E65-1 -> 0.2668224
B67: Pre-tax margin | C67: =C65/C27 -> 0.25030451 | D67: =D65/D27 -> 0.25783063 | E67: =E65/E27 -> 0.31086037 | F67: =F65/F27 -> 0.25034088 | G67: =G65/G27 -> 0.26757028 | H67: =H65/H27 -> 0.2552687 | I67: =I65/I27 -> 0.34313241 | J67: =J65/J27 -> 0.34286119
B68: Q/Q chg (bp) | D68: =(D67-C67)*10000 -> 75.261198 | E68: =(E67-D67)*10000 -> 530.2974 | F68: =(F67-E67)*10000 -> -605.19489 | H68: =(H67-F67)*10000 -> 49.278258 | I68: =(I67-H67)*10000 -> 878.63707 | J68: =(J67-I67)*10000 -> -2.7122287
B69: Y/Y chg (bp) | C69: n.a. | D69: n.a. | E69: n.a. | F69: n.a. | G69: n.a. | H69: =(H67-C67)*10000 -> 49.641972 | I69: =(I67-D67)*10000 -> 853.01785 | J69: =(J67-E67)*10000 -> 320.00821
B70: Income tax expense | C70: 178 | D70: 196 | E70: 241 | F70: 171 | G70: =SUM(C70:F70) -> 786 | H70: 205 | I70: 305 | J70: =J65*J71 -> 305.73238
B71: Effective tax rate (3Q26E: assumption) | C71: =C70/C65 -> 0.21654501 | D71: =D70/D65 -> 0.22047244 | E71: =E70/E65 -> 0.21869328 | F71: =F70/F65 -> 0.18627451 | G71: =G70/G65 -> 0.21066738 | H71: =H70/H65 -> 0.21155831 | I71: =I70/I65 -> 0.21958243 | J71: 0.219
B72: Q/Q chg (bp) | D72: =(D71-C71)*10000 -> 39.274288 | E72: =(E71-D71)*10000 -> -17.79156 | F72: =(F71-E71)*10000 -> -324.18775 | H72: =(H71-F71)*10000 -> 252.83798 | I72: =(I71-H71)*10000 -> 80.241259 | J72: =(J71-I71)*10000 -> -5.8243341
B73: Y/Y chg (bp) | C73: n.a. | D73: n.a. | E73: n.a. | F73: n.a. | G73: n.a. | H73: =(H71-C71)*10000 -> -49.867046 | I73: =(I71-D71)*10000 -> -8.9000754 | J73: =(J71-E71)*10000 -> 3.0671506
B74: Net income | C74: =C65-C70 -> 644 | D74: =D65-D70 -> 693 | E74: =E65-E70 -> 861 | F74: =F65-F70 -> 747 | G74: =G65-G70 -> 2945 | H74: =H65-H70 -> 764 | I74: =I65-I70 -> 1084 | J74: =J65-J70 -> 1090.3059
B75: % Y/Y | H75: =H74/C74-1 -> 0.1863354 | I75: =I74/D74-1 -> 0.56421356 | J75: =J74/E74-1 -> 0.26632509
B76: Net income margin | C76: =C74/C27 -> 0.19610231 | D76: =D74/D27 -> 0.20098608 | E76: =E74/E27 -> 0.24287729 | F76: =F74/F27 -> 0.20370875 | G76: =G74/G27 -> 0.21120195 | H76: =H74/H27 -> 0.20126449 | I76: =I74/I27 -> 0.26778656 | J76: =J74/J27 -> 0.26777459
B77: Q/Q chg (bp) | D77: =(D76-C76)*10000 -> 48.837646 | E77: =(E76-D76)*10000 -> 418.91213 | F77: =(F76-E76)*10000 -> -391.68538 | H77: =(H76-F76)*10000 -> -24.442648 | I77: =(I76-H76)*10000 -> 665.22072 | J77: =(J76-I76)*10000 -> -0.11973286
B78: Y/Y chg (bp) | C78: n.a. | D78: n.a. | E78: n.a. | F78: n.a. | G78: n.a. | H78: =(H76-C76)*10000 -> 51.621747 | I78: =(I76-D76)*10000 -> 668.00482 | J78: =(J76-E76)*10000 -> 248.97296
B79: Dividends on preferred stock | C79: 46 | D79: 63 | E79: 58 | F79: 59 | G79: =SUM(C79:F79) -> 226 | H79: 58 | I79: 58 | J79: 58
B80: Y/Y chg (abs) | H80: =H79-C79 -> 12 | I80: =I79-D79 -> -5 | J80: =J79-E79 -> 0
B81: Q/Q chg (abs) | D81: =D79-C79 -> 17 | E81: =E79-D79 -> -5 | F81: =F79-E79 -> 1 | H81: =H79-F79 -> -1 | I81: =I79-H79 -> 0 | J81: =J79-I79 -> 0
B82: Earnings allocated to participating securities | C82: 1 | D82: 0 | E82: 1 | F82: 0 | G82: =SUM(C82:F82) -> 2 | H82: 1 | I82: 0 | J82: 1
B83: Y/Y chg (abs) | H83: =H82-C82 -> 0 | I83: =I82-D82 -> 0 | J83: =J82-E82 -> 0
B84: Q/Q chg (abs) | D84: =D82-C82 -> -1 | E84: =E82-D82 -> 1 | F84: =F82-E82 -> -1 | H84: =H82-F82 -> 1 | I84: =I82-H82 -> -1 | J84: =J82-I82 -> 1
B85: Net income available to common shareholders (GAAP) | C85: =C74-C79-C82 -> 597 | D85: =D74-D79-D82 -> 630 | E85: =E74-E79-E82 -> 802 | F85: =F74-F79-F82 -> 688 | G85: =G74-G79-G82 -> 2717 | H85: =H74-H79-H82 -> 705 | I85: =I74-I79-I82 -> 1026 | J85: =J74-J79-J82 -> 1031.3059
B86: % Y/Y | H86: =H85/C85-1 -> 0.18090452 | I86: =I85/D85-1 -> 0.62857143 | J86: =J85/E85-1 -> 0.28591758
B87: Per share
B88: Weighted-average basic shares (m) | C88: ='Share Count'!C28 -> 288.562 | D88: ='Share Count'!D28 -> 286.281 | E88: ='Share Count'!E28 -> 283.434 | F88: ='Share Count'!F28 -> 280.008 | G88: ='Share Count'!G28 -> 284.545 | H88: ='Share Count'!H28 -> 278.434 | I88: ='Share Count'!I28 -> 276.15 | J88: ='Share Count'!J28 -> 273.48688
B89: Weighted-average diluted shares (m) | C89: ='Share Count'!C34 -> 292.716 | D89: ='Share Count'!D34 -> 290.49 | E89: ='Share Count'!E34 -> 288.163 | F89: ='Share Count'!F34 -> 284.806 | G89: ='Share Count'!G34 -> 289.019 | H89: ='Share Count'!H34 -> 282.874 | I89: ='Share Count'!I34 -> 281.062 | J89: ='Share Count'!J34 -> 278.23688
B90: Basic EPS (GAAP) | C90: =C85/C88 -> 2.0688795 | D90: =D85/D88 -> 2.200635 | E90: =E85/E88 -> 2.8295829 | F90: =F85/F88 -> 2.4570727 | G90: =G85/G88 -> 9.5485776 | H90: =H85/H88 -> 2.5320184 | I90: =I85/I88 -> 3.7153721 | J90: =J85/J88 -> 3.770952
B91: Diluted EPS (GAAP) | C91: =C85/C89 -> 2.0395195 | D91: =D85/D89 -> 2.1687494 | E91: =E85/E89 -> 2.783147 | F91: =F85/F89 -> 2.4156794 | G91: =G85/G89 -> 9.400766 | H91: =H85/H89 -> 2.4922757 | I91: =I85/I89 -> 3.6504401 | J91: =J85/J89 -> 3.7065751
B92: % Y/Y | H92: =H91/C91-1 -> 0.22199159 | I92: =I91/D91-1 -> 0.68320055 | J92: =J91/E91-1 -> 0.33179278
B93: Check: diluted EPS - NI to common / diluted shares (should be 0) | C93: =C91-C85/C89 -> 0 | D93: =D91-D85/D89 -> 0 | E93: =E91-E85/E89 -> 0 | F93: =F91-F85/F89 -> 0 | G93: =G91-G85/G89 -> 0 | H93: =H91-H85/H89 -> 0 | I93: =I91-I85/I89 -> 0 | J93: =J91-J85/J89 -> 0
B94: GAAP to non-GAAP bridge (notable items; pre-tax impact added back to GAAP)
B95: FX benchmark litigation recovery (revenue) | C95: 0 | D95: -3 | E95: 0 | F95: 0 | G95: =SUM(C95:F95) -> -3 | H95: 0 | I95: 0 | J95: 0
B96: Client rescoping (revenue) | C96: 0 | D96: 24 | E96: 0 | F96: 0 | G96: =SUM(C96:F96) -> 24 | H96: 0 | I96: 0 | J96: 0
B97: Repositioning charges (expense) | C97: 0 | D97: 100 | E97: 0 | F97: 226 | G97: =SUM(C97:F97) -> 326 | H97: 89 | I97: 0 | J97: 0
B98: Client rescoping (expense) | C98: 0 | D98: 18 | E98: 0 | F98: 0 | G98: =SUM(C98:F98) -> 18 | H98: 41 | I98: 0 | J98: 0
B99: Other notable items (expense) | C99: 0 | D99: -1 | E99: 0 | F99: -20 | G99: =SUM(C99:F99) -> -21 | H99: 0 | I99: 0 | J99: 0
B100: Total notable items (pre-tax) | C100: =SUM(C95,C96,C97,C98,C99) -> 0 | D100: =SUM(D95,D96,D97,D98,D99) -> 138 | E100: =SUM(E95,E96,E97,E98,E99) -> 0 | F100: =SUM(F95,F96,F97,F98,F99) -> 206 | G100: =SUM(G95,G96,G97,G98,G99) -> 344 | H100: =SUM(H95,H96,H97,H98,H99) -> 130 | I100: =SUM(I95,I96,I97,I98,I99) -> 0 | J100: =SUM(J95,J96,J97,J98,J99) -> 0
B101: Tax impact of notable items | C101: 0 | D101: -35 | E101: 0 | F101: -49 | G101: =SUM(C101:F101) -> -84 | H101: -32 | I101: 0 | J101: =-J100*J71 -> 0
B102: Notable items, after tax | C102: =C100+C101 -> 0 | D102: =D100+D101 -> 103 | E102: =E100+E101 -> 0 | F102: =F100+F101 -> 157 | G102: =G100+G101 -> 260 | H102: =H100+H101 -> 98 | I102: =I100+I101 -> 0 | J102: =J100+J101 -> 0
...

Sheet Balance Sheet
B2: State Street Corporation (NYSE: STT)
B3: Balance Sheet
B4: $ millions, except per share
B5: Fiscal period | C5: 1Q25A | D5: 2Q25A | E5: 3Q25A | F5: 4Q25A | G5: FY25A | H5: 1Q26A | I5: 2Q26A | J5: 3Q26E
B6: Period end | C6: =DATE(2025,3,31) -> 45747 | D6: =DATE(2025,6,30) -> 45838 | E6: =DATE(2025,9,30) -> 45930 | F6: =DATE(2025,12,31) -> 46022 | G6: =DATE(2025,12,31) -> 46022 | H6: =DATE(2026,3,31) -> 46112 | I6: =DATE(2026,6,30) -> 46203 | J6: =DATE(2026,9,30) -> 46295
B7: Days in period | C7: =C6-DATE(2024,12,31) -> 90 | D7: =D6-C6 -> 91 | E7: =E6-D6 -> 92 | F7: =F6-E6 -> 92 | G7: =G6-DATE(2024,12,31) -> 365 | H7: =H6-F6 -> 90 | I7: =I6-H6 -> 91 | J7: =J6-I6 -> 92
B9: Assets
B10: Cash and due from banks | C10: 4658 | D10: 4020 | E10: 4756 | F10: 4433 | G10: =F10 -> 4433 | H10: 6518 | I10: 4290 | J10: ='Cash Flow Statement'!J54 -> 4570.698
B11: Interest-bearing deposits with banks, net | C11: 119464 | D11: 118835 | E11: 122642 | F11: 126930 | G11: =F11 -> 126930 | H11: 123574 | I11: 145223 | J11: =I11 -> 145223
B12: Securities purchased under resale agreements | C12: 7971 | D12: 8275 | E12: 7730 | F12: 6812 | G12: =F12 -> 6812 | H12: 8187 | I12: 9035 | J12: =I12 -> 9035
B13: Trading account assets | C13: 743 | D13: 791 | E13: 884 | F13: 827 | G13: =F13 -> 827 | H13: 842 | I13: 856 | J13: =I13 -> 856
B14: Investment securities available-for-sale, net | C14: 67444 | D14: 70603 | E14: 69443 | F14: 67154 | G14: =F14 -> 67154 | H14: 71645 | I14: 72297 | J14: =I14 -> 72297
B15: Investment securities held-to-maturity, net | C15: 45505 | D15: 43286 | E15: 40934 | F15: 38171 | G15: =F15 -> 38171 | H15: 36732 | I15: 35290 | J15: =I15 -> 35290
B16: Total investment securities | C16: =C14+C15 -> 112949 | D16: =D14+D15 -> 113889 | E16: =E14+E15 -> 110377 | F16: =F14+F15 -> 105325 | G16: =G14+G15 -> 105325 | H16: =H14+H15 -> 108377 | I16: =I14+I15 -> 107587 | J16: =J14+J15 -> 107587
B17: Loans | C17: 44685 | D17: 47279 | E17: 46660 | F17: 46782 | G17: =F17 -> 46782 | H17: 49190 | I17: 52062 | J17: =I17 -> 52062
B18: % Y/Y | H18: =H17/C17-1 -> 0.10081683 | I18: =I17/D17-1 -> 0.10116542 | J18: =J17/E17-1 -> 0.11577368
B19: Q/Q chg (abs) | D19: =D17-C17 -> 2594 | E19: =E17-D17 -> -619 | F19: =F17-E17 -> 122 | H19: =H17-F17 -> 2408 | I19: =I17-H17 -> 2872 | J19: =J17-I17 -> 0
B20: Allowance for credit losses on loans | C20: -176 | D20: -179 | E20: -190 | F20: -193 | G20: =F20 -> -193 | H20: -168 | I20: -161 | J20: =I20 -> -161
B21: Loans, net | C21: =C17+C20 -> 44509 | D21: =D17+D20 -> 47100 | E21: =E17+E20 -> 46470 | F21: =F17+F20 -> 46589 | G21: =G17+G20 -> 46589 | H21: =H17+H20 -> 49022 | I21: =I17+I20 -> 51901 | J21: =J17+J20 -> 51901
B22: Premises and equipment, net | C22: 2784 | D22: 2942 | E22: 3080 | F22: 3174 | G22: =F22 -> 3174 | H22: 3313 | I22: 3854 | J22: =I22 -> 3854
B23: Accrued interest and fees receivable | C23: 4280 | D23: 4589 | E23: 4476 | F23: 4395 | G23: =F23 -> 4395 | H23: 4708 | I23: 4867 | J23: =I23 -> 4867
B24: Goodwill | C24: 7763 | D24: 7918 | E24: 7916 | F24: 8159 | G24: =F24 -> 8159 | H24: 8121 | I24: 8106 | J24: =I24 -> 8106
B25: Other intangible assets | C25: 1046 | D25: 1014 | E25: 958 | F25: 935 | G25: =F25 -> 935 | H25: 872 | I25: 816 | J25: =I25 -> 816
B26: Other assets | C26: 66526 | D26: 67344 | E26: 61781 | F26: 58468 | G26: =F26 -> 58468 | H26: 78631 | I26: 81846 | J26: =I26 -> 81846
B27: Total assets | C27: =SUM(C10,C11,C12,C13,C16,C21,C22,C23,C24,C25,C26) -> 372693 | D27: =SUM(D10,D11,D12,D13,D16,D21,D22,D23,D24,D25,D26) -> 376717 | E27: =SUM(E10,E11,E12,E13,E16,E21,E22,E23,E24,E25,E26) -> 371070 | F27: =SUM(F10,F11,F12,F13,F16,F21,F22,F23,F24,F25,F26) -> 366047 | G27: =SUM(G10,G11,G12,G13,G16,G21,G22,G23,G24,G25,G26) -> 366047 | H27: =SUM(H10,H11,H12,H13,H16,H21,H22,H23,H24,H25,H26) -> 392165 | I27: =SUM(I10,I11,I12,I13,I16,I21,I22,I23,I24,I25,I26) -> 418381 | J27: =SUM(J10,J11,J12,J13,J16,J21,J22,J23,J24,J25,J26) -> 418661.7
B28: Liabilities
B29: Non-interest-bearing deposits | C29: 32265 | D29: 34569 | E29: 34395 | F29: 35267 | G29: =F29 -> 35267 | H29: 39643 | I29: 46489 | J29: =I29 -> 46489
B30: Interest-bearing deposits - U.S. | C30: 168362 | D30: 169444 | E30: 169013 | F30: 168079 | G30: =F30 -> 168079 | H30: 174723 | I30: 191759 | J30: =I30 -> 191759
B31: Interest-bearing deposits - non-U.S. | C31: 71429 | D31: 79011 | E31: 76591 | F31: 71004 | G31: =F31 -> 71004 | H31: 78975 | I31: 81299 | J31: =I31 -> 81299
B32: Total deposits | C32: =C29+C30+C31 -> 272056 | D32: =D29+D30+D31 -> 283024 | E32: =E29+E30+E31 -> 279999 | F32: =F29+F30+F31 -> 274350 | G32: =G29+G30+G31 -> 274350 | H32: =H29+H30+H31 -> 293341 | I32: =I29+I30+I31 -> 319547 | J32: =J29+J30+J31 -> 319547
B33: % Y/Y | H33: =H32/C32-1 -> 0.078237569 | I33: =I32/D32-1 -> 0.12904559 | J33: =J32/E32-1 -> 0.14124336
B34: Q/Q chg (abs) | D34: =D32-C32 -> 10968 | E34: =E32-D32 -> -3025 | F34: =F32-E32 -> -5649 | H34: =H32-F32 -> 18991 | I34: =I32-H32 -> 26206 | J34: =J32-I32 -> 0
B35: Securities sold under repurchase agreements | C35: 3524 | D35: 2377 | E35: 206 | F35: 841 | G35: =F35 -> 841 | H35: 969 | I35: 395 | J35: =I35 -> 395
B36: Other short-term borrowings | C36: 11849 | D36: 9844 | E36: 9825 | F36: 3821 | G36: =F36 -> 3821 | H36: 3981 | I36: 4372 | J36: =I36 -> 4372
B37: Accrued expenses and other liabilities | C37: 33726 | D37: 28254 | E37: 28710 | F37: 34051 | G37: =F37 -> 34051 | H37: 40899 | I37: 40095 | J37: =I37 -> 40095
B38: Long-term debt | C38: 24846 | D38: 25911 | E38: 24688 | F38: 25143 | G38: =F38 -> 25143 | H38: 25233 | I38: 25704 | J38: =I38 -> 25704
B39: Total liabilities | C39: =SUM(C32,C35,C36,C37,C38) -> 346001 | D39: =SUM(D32,D35,D36,D37,D38) -> 349410 | E39: =SUM(E32,E35,E36,E37,E38) -> 343428 | F39: =SUM(F32,F35,F36,F37,F38) -> 338206 | G39: =SUM(G32,G35,G36,G37,G38) -> 338206 | H39: =SUM(H32,H35,H36,H37,H38) -> 364423 | I39: =SUM(I32,I35,I36,I37,I38) -> 390113 | J39: =SUM(J32,J35,J36,J37,J38) -> 390113
B40: Shareholders' equity
B41: Preferred stock - Series G | C41: 493 | D41: 493 | E41: 493 | F41: 493 | G41: =F41 -> 493 | H41: 493 | I41: 493 | J41: =I41 -> 493
B42: Preferred stock - Series I | C42: 1481 | D42: 1481 | E42: 1481 | F42: 1481 | G42: =F42 -> 1481 | H42: 1481 | I42: 1481 | J42: =I42 -> 1481
B43: Preferred stock - Series J | C43: 842 | D43: 842 | E43: 842 | F43: 842 | G43: =F43 -> 842 | H43: 842 | I43: 842 | J43: =I43 -> 842
B44: Preferred stock - Series K | C44: 743 | D44: 743 | E44: 743 | F44: 743 | G44: =F44 -> 743 | H44: 743 | I44: 743 | J44: =I44 -> 743
B45: Total preferred stock | C45: =C41+C42+C43+C44 -> 3559 | D45: =D41+D42+D43+D44 -> 3559 | E45: =E41+E42+E43+E44 -> 3559 | F45: =F41+F42+F43+F44 -> 3559 | G45: =G41+G42+G43+G44 -> 3559 | H45: =H41+H42+H43+H44 -> 3559 | I45: =I41+I42+I43+I44 -> 3559 | J45: =J41+J42+J43+J44 -> 3559
B46: Common stock ($1 par) | C46: 504 | D46: 504 | E46: 504 | F46: 504 | G46: =F46 -> 504 | H46: 504 | I46: 504 | J46: =I46 -> 504
B47: Surplus | C47: 10693 | D47: 10698 | E47: 10704 | F47: 10705 | G47: =F47 -> 10705 | H47: 10701 | I47: 10710 | J47: =I47 -> 10710
B48: Retained earnings | C48: 29959 | D48: 30373 | E48: 30938 | F48: 31392 | G48: =F48 -> 31392 | H48: 31864 | I48: 32660 | J48: =I48+'Income Statement'!J74-'Income Statement'!J79-'Share Count'!J43 -> 33440.698
B49: Accumulated other comprehensive income (loss) | C49: -1792 | D49: -1321 | E49: -1172 | F49: -1043 | G49: =F49 -> -1043 | H49: -1282 | I49: -1178 | J49: =I49 -> -1178
B50: Treasury stock, at cost | C50: -16231 | D50: -16506 | E50: -16891 | F50: -17276 | G50: =F50 -> -17276 | H50: -17604 | I50: -17987 | J50: =I50-'Share Count'!J17 -> -18487
B51: Total shareholders' equity | C51: =C45+C46+C47+C48+C49+C50 -> 26692 | D51: =D45+D46+D47+D48+D49+D50 -> 27307 | E51: =E45+E46+E47+E48+E49+E50 -> 27642 | F51: =F45+F46+F47+F48+F49+F50 -> 27841 | G51: =G45+G46+G47+G48+G49+G50 -> 27841 | H51: =H45+H46+H47+H48+H49+H50 -> 27742 | I51: =I45+I46+I47+I48+I49+I50 -> 28268 | J51: =J45+J46+J47+J48+J49+J50 -> 28548.698
B52: Total liabilities and equity | C52: =C39+C51 -> 372693 | D52: =D39+D51 -> 376717 | E52: =E39+E51 -> 371070 | F52: =F39+F51 -> 366047 | G52: =G39+G51 -> 366047 | H52: =H39+H51 -> 392165 | I52: =I39+I51 -> 418381 | J52: =J39+J51 -> 418661.7
B53: Check: assets - liabilities - equity (should be 0; 3Q26E identity, lines held flat) | C53: =C27-C39-C51 -> 0 | D53: =D27-D39-D51 -> 0 | E53: =E27-E39-E51 -> 0 | F53: =F27-F39-F51 -> 0 | G53: =G27-G39-G51 -> 0 | H53: =H27-H39-H51 -> 0 | I53: =I27-I39-I51 -> 0 | J53: =J27-J39-J51 -> 0
B54: Memo
B55: Common shares outstanding (m) | C55: ='Share Count'!C23 -> 288.676 | D55: ='Share Count'!D23 -> 285.562 | E55: ='Share Count'!E23 -> 282.218 | F55: ='Share Count'!F23 -> 279.078 | G55: ='Share Count'!G23 -> 279.078 | H55: ='Share Count'!H23 -> 276.925 | I55: ='Share Count'!I23 -> 274.703 | J55: ='Share Count'!J23 -> 272.27076
B56: Book value per common share | C56: =(C51-C45)/C55 -> 80.134822 | D56: =(D51-D45)/D55 -> 83.162326 | E56: =(E51-E45)/E55 -> 85.334741 | F56: =(F51-F45)/F55 -> 87.007933 | G56: =(G51-G45)/G55 -> 87.007933 | H56: =(H51-H45)/H55 -> 87.326894 | I56: =(I51-I45)/I55 -> 89.948053 | J56: =(J51-J45)/J55 -> 91.782526
B57: Memo: reported book value per common share | C57: 80.13 | D57: 83.16 | E57: 85.33 | F57: 87.01 | G57: =F57 -> 87.01 | H57: 87.33 | I57: 89.95 | J57: n.a.
B58: Deferred tax liabilities on goodwill and intangibles | C58: 465 | D58: 479 | E58: 473 | F58: 478 | G58: =F58 -> 478 | H58: 480 | I58: 484 | J58: =I58 -> 484
B59: Tangible common equity | C59: =C51-C45-C24-C25+C58 -> 14789 | D59: =D51-D45-D24-D25+D58 -> 15295 | E59: =E51-E45-E24-E25+E58 -> 15682 | F59: =F51-F45-F24-F25+F58 -> 15666 | G59: =G51-G45-G24-G25+G58 -> 15666 | H59: =H51-H45-H24-H25+H58 -> 15670 | I59: =I51-I45-I24-I25+I58 -> 16271 | J59: =J51-J45-J24-J25+J58 -> 16551.698
B60: Tangible book value per common share | C60: =C59/C55 -> 51.230445 | D60: =D59/D55 -> 53.561048 | E60: =E59/E55 -> 55.566973 | F60: =F59/F55 -> 56.134844 | G60: =G59/G55 -> 56.134844 | H60: =H59/H55 -> 56.585718 | I60: =I59/I55 -> 59.231242 | J60: =J59/J55 -> 60.791317
B61: Memo: reported tangible book value per share | C61: 51.23 | D61: 53.56 | E61: 55.57 | F61: 56.13 | G61: =F61 -> 56.13 | H61: 56.59 | I61: 59.23 | J61: n.a.
B62: CET1 ratio (standardized) | C62: 0.11 | D62: 0.107 | E62: 0.113 | F62: 0.116 | G62: =F62 -> 0.116 | H62: 0.106 | I62: 0.108 | J62: n.f.
B63: Q/Q chg (bp) | D63: =(D62-C62)*10000 -> -30 | E63: =(E62-D62)*10000 -> 60 | F63: =(F62-E62)*10000 -> 30 | H63: =(H62-F62)*10000 -> -100 | I63: =(I62-H62)*10000 -> 20
B64: Y/Y chg (bp) | C64: n.a. | D64: n.a. | E64: n.a. | F64: n.a. | G64: n.a. | H64: =(H62-C62)*10000 -> -40 | I64: =(I62-D62)*10000 -> 10
B65: Tier 1 leverage ratio | C65: 0.055 | D65: 0.053 | E65: 0.056 | F65: 0.055 | G65: =F65 -> 0.055 | H65: 0.054 | I65: 0.053 | J65: n.f.
B66: Q/Q chg (bp) | D66: =(D65-C65)*10000 -> -20 | E66: =(E65-D65)*10000 -> 30 | F66: =(F65-E65)*10000 -> -10 | H66: =(H65-F65)*10000 -> -10 | I66: =(I65-H65)*10000 -> -10
B67: Y/Y chg (bp) | C67: n.a. | D67: n.a. | E67: n.a. | F67: n.a. | G67: n.a. | H67: =(H65-C65)*10000 -> -10 | I67: =(I65-D65)*10000 -> 0

Sheet Cash Flow Statement
B2: State Street Corporation (NYSE: STT)
B3: Cash Flow Statement
B4: $ millions, except per share
B5: Fiscal period | C5: 1Q25A | D5: 2Q25A | E5: 3Q25A | F5: 4Q25A | G5: FY25A | H5: 1Q26A | I5: 2Q26A | J5: 3Q26E
B6: Period end | C6: =DATE(2025,3,31) -> 45747 | D6: =DATE(2025,6,30) -> 45838 | E6: =DATE(2025,9,30) -> 45930 | F6: =DATE(2025,12,31) -> 46022 | G6: =DATE(2025,12,31) -> 46022 | H6: =DATE(2026,3,31) -> 46112 | I6: =DATE(2026,6,30) -> 46203 | J6: =DATE(2026,9,30) -> 46295
B7: Days in period | C7: =C6-DATE(2024,12,31) -> 90 | D7: =D6-C6 -> 91 | E7: =E6-D6 -> 92 | F7: =F6-E6 -> 92 | G7: =G6-DATE(2024,12,31) -> 365 | H7: =H6-F6 -> 90 | I7: =I6-H6 -> 91 | J7: =J6-I6 -> 92
B9: Discrete-quarter cash flows ($m; quarters derived from reported year-to-date statements below)
B10: Operating activities
B11: Net income | C11: =C64 -> 644 | D11: =D64-C64 -> 693 | E11: =E64-D64 -> 861 | F11: =F64-E64 -> 747 | G11: =SUM(C11:F11) -> 2945 | H11: =H64 -> 764 | I11: =I64-H64 -> 1084 | J11: ='Income Statement'!J74 -> 1090.3059
B12: Deferred income tax | C12: =C65 -> 18 | D12: =D65-C65 -> -82 | E12: =E65-D65 -> 1 | F12: =F65-E65 -> -26 | G12: =SUM(C12:F12) -> -89 | H12: =H65 -> 28 | I12: =I65-H65 -> 72 | J12: n.f.
B13: Amortization of other intangible assets | C13: =C66 -> 54 | D13: =D66-C66 -> 56 | E13: =E66-D66 -> 56 | F13: =F66-E66 -> 57 | G13: =SUM(C13:F13) -> 223 | H13: =H66 -> 57 | I13: =I66-H66 -> 55 | J13: n.f.
B14: Other non-cash depreciation, amortization and accretion, net | C14: =C67 -> 34 | D14: =D67-C67 -> 61 | E14: =E67-D67 -> 103 | F14: =F67-E67 -> 133 | G14: =SUM(C14:F14) -> 331 | H14: =H67 -> 160 | I14: =I67-H67 -> 145 | J14: n.f.
B15: (Gains) losses related to investment securities, net | C15: =C68 -> 0 | D15: =D68-C68 -> 0 | E15: =E68-D68 -> -1 | F15: =F68-E68 -> -3 | G15: =SUM(C15:F15) -> -4 | H15: =H68 -> -1 | I15: =I68-H68 -> 0 | J15: n.f.
B16: Provision for credit losses | C16: =C69 -> 12 | D16: =D69-C69 -> 30 | E16: =E69-D69 -> 9 | F16: =F69-E69 -> 8 | G16: =SUM(C16:F16) -> 59 | H16: =H69 -> 16 | I16: =I69-H69 -> 0 | J16: n.f.
B17: Change in trading account assets, net | C17: =C70 -> 25 | D17: =D70-C70 -> -47 | E17: =E70-D70 -> -93 | F17: =F70-E70 -> 56 | G17: =SUM(C17:F17) -> -59 | H17: =H70 -> -15 | I17: =I70-H70 -> -14 | J17: n.f.
B18: Change in accrued interest and fees receivable, net | C18: =C71 -> -247 | D18: =D71-C71 -> -308 | E18: =E71-D71 -> 112 | F18: =F71-E71 -> 93 | G18: =SUM(C18:F18) -> -350 | H18: =H71 -> -313 | I18: =I71-H71 -> -159 | J18: n.f.
B19: Change in collateral deposits, net | C19: =C72 -> -1697 | D19: =D72-C72 -> -11441 | E19: =E72-D72 -> 11222 | F19: =F72-E72 -> 8527 | G19: =SUM(C19:F19) -> 6611 | H19: =H72 -> -5682 | I19: =I72-H72 -> -7896 | J19: n.f.
B20: Change in unrealized losses (gains) on FX derivatives, net | C20: =C73 -> 4613 | D20: =D73-C73 -> 1296 | E20: =E73-D73 -> -1778 | F20: =F73-E73 -> 1381 | G20: =SUM(C20:F20) -> 5512 | H20: =H73 -> -4369 | I20: =I73-H73 -> -451 | J20: n.f.
B21: Change in other assets, net | C21: =C74 -> -1761 | D21: =D74-C74 -> -919 | E21: =E74-D74 -> -2 | F21: =F74-E74 -> 158 | G21: =SUM(C21:F21) -> -2524 | H21: =H74 -> -4650 | I21: =I74-H74 -> 2036 | J21: n.f.
B22: Change in accrued expenses and other liabilities, net | C22: =C75 -> 545 | D22: =D75-C75 -> 2094 | E22: =E75-D75 -> -2650 | F22: =F75-E75 -> -1156 | G22: =SUM(C22:F22) -> -1167 | H22: =H75 -> 1625 | I22: =I75-H75 -> 2711 | J22: n.f.
B23: Other, net (operating) | C23: =C76 -> 156 | D23: =D76-C76 -> 126 | E23: =E76-D76 -> 61 | F23: =F76-E76 -> 67 | G23: =SUM(C23:F23) -> 410 | H23: =H76 -> 237 | I23: =I76-H76 -> 91 | J23: n.f.
B24: Net cash provided by (used in) operating activities | C24: =SUM(C11,C12,C13,C14,C15,C16,C17,C18,C19,C20,C21,C22,C23) -> 2396 | D24: =SUM(D11,D12,D13,D14,D15,D16,D17,D18,D19,D20,D21,D22,D23) -> -8441 | E24: =SUM(E11,E12,E13,E14,E15,E16,E17,E18,E19,E20,E21,E22,E23) -> 7901 | F24: =SUM(F11,F12,F13,F14,F15,F16,F17,F18,F19,F20,F21,F22,F23) -> 10042 | G24: =SUM(G11,G12,G13,G14,G15,G16,G17,G18,G19,G20,G21,G22,G23) -> 11898 | H24: =SUM(H11,H12,H13,H14,H15,H16,H17,H18,H19,H20,H21,H22,H23) -> -12143 | I24: =SUM(I11,I12,I13,I14,I15,I16,I17,I18,I19,I20,I21,I22,I23) -> -2326 | J24: n.f. | K24: n.f.: full operating cash flow not forecast; collateral, FX-derivative and other balance-sheet movements lack forecast inputs (2Q26: OCF -2,326 vs NI 1,084).
B25: Investing activities
B26: Net (increase) decrease in interest-bearing deposits with banks | C26: =C77 -> -6507 | D26: =D77-C77 -> 628 | E26: =E77-D77 -> -3806 | F26: =F77-E77 -> -3313 | G26: =SUM(C26:F26) -> -12998 | H26: =H77 -> 3356 | I26: =I77-H77 -> -21649 | J26: n.f.
B27: Net (increase) decrease in securities purchased under resale agreements | C27: =C78 -> -1291 | D27: =D78-C78 -> -304 | E27: =E78-D78 -> 545 | F27: =F78-E78 -> 917 | G27: =SUM(C27:F27) -> -133 | H27: =H78 -> -1375 | I27: =I78-H78 -> -848 | J27: n.f.
B28: Proceeds from sales of AFS securities | C28: =C79 -> 2047 | D28: =D79-C79 -> 5474 | E28: =E79-D79 -> 2390 | F28: =F79-E79 -> 6088 | G28: =SUM(C28:F28) -> 15999 | H28: =H79 -> 3944 | I28: =I79-H79 -> 1484 | J28: n.f.
B29: Proceeds from maturities of AFS securities | C29: =C80 -> 8832 | D29: =D80-C80 -> 7410 | E29: =E80-D80 -> 7649 | F29: =F80-E80 -> 5149 | G29: =SUM(C29:F29) -> 29040 | H29: =H80 -> 5301 | I29: =I80-H80 -> 5464 | J29: n.f.
B30: Purchases of AFS securities | C30: =C81 -> -18449 | D30: =D81-C81 -> -13756 | E30: =E81-D81 -> -9452 | F30: =F81-E81 -> -8588 | G30: =SUM(C30:F30) -> -50245 | H30: =H81 -> -13936 | I30: =I81-H81 -> -7883 | J30: n.f.
B31: Proceeds from maturities of HTM securities | C31: =C82 -> 2333 | D31: =D82-C82 -> 2375 | E31: =E82-D82 -> 2376 | F31: =F82-E82 -> 2774 | G31: =SUM(C31:F31) -> 9858 | H31: =H82 -> 1420 | I31: =I82-H82 -> 1433 | J31: n.f.
B32: Sale of loans | C32: =C83 -> 85 | D32: =D83-C83 -> 66 | E32: =E83-D83 -> 37 | F32: =F83-E83 -> 880 | G32: =SUM(C32:F32) -> 1068 | H32: =H83 -> 132 | I32: =I83-H83 -> 472 | J32: n.f.
B33: Net increase in loans | C33: =C84 -> -1281 | D33: =D84-C84 -> -2004 | E33: =E84-D84 -> 566 | F33: =F84-E84 -> -1000 | G33: =SUM(C33:F33) -> -3719 | H33: =H84 -> -2858 | I33: =I84-H84 -> -3410 | J33: n.f.
B34: Business acquisitions, net of cash acquired | C34: =IF(ISNUMBER(C85),C85,"n.p.") -> n.p. | D34: =IF(AND(ISNUMBER(D85),ISNUMBER(C85)),D85-C85,"n.p.") -> n.p. | E34: =E85-D85 -> 0 | F34: =F85-E85 -> -286 | G34: =SUM(C34:F34) -> -286 | H34: =IF(ISNUMBER(H85),H85,"n.p.") -> n.p. | I34: =IF(AND(ISNUMBER(I85),ISNUMBER(H85)),I85-H85,"n.p.") -> n.p. | J34: n.f.
B35: Purchases of equity investments and other long-term assets | C35: =C86 -> -47 | D35: =D86-C86 -> -212 | E35: =E86-D86 -> -101 | F35: =F86-E86 -> -804 | G35: =SUM(C35:F35) -> -1164 | H35: =H86 -> -156 | I35: =I86-H86 -> -256 | J35: n.f.
B36: Purchases of premises and equipment, net (capex) | C36: =C87 -> -226 | D36: =D87-C87 -> -319 | E36: =E87-D87 -> -243 | F36: =F87-E87 -> -267 | G36: =SUM(C36:F36) -> -1055 | H36: =H87 -> -270 | I36: =I87-H87 -> -675 | J36: n.f.
B37: Other, net (investing) | C37: =C88 -> -103 | D37: =D88-C88 -> 258 | E37: =E88-D88 -> 96 | F37: =F88-E88 -> 393 | G37: =SUM(C37:F37) -> 644 | H37: =H88 -> 59 | I37: =I88-H88 -> 82 | J37: n.f.
B38: Net cash (used in) provided by investing activities | C38: =SUM(C26,C27,C28,C29,C30,C31,C32,C33,C34,C35,C36,C37) -> -14607 | D38: =SUM(D26,D27,D28,D29,D30,D31,D32,D33,D34,D35,D36,D37) -> -384 | E38: =SUM(E26,E27,E28,E29,E30,E31,E32,E33,E34,E35,E36,E37) -> 57 | F38: =SUM(F26,F27,F28,F29,F30,F31,F32,F33,F34,F35,F36,F37) -> 1943 | G38: =SUM(G26,G27,G28,G29,G30,G31,G32,G33,G34,G35,G36,G37) -> -12991 | H38: =SUM(H26,H27,H28,H29,H30,H31,H32,H33,H34,H35,H36,H37) -> -4383 | I38: =SUM(I26,I27,I28,I29,I30,I31,I32,I33,I34,I35,I36,I37) -> -25786 | J38: n.f.
B39: Financing activities
B40: Net (decrease) increase in time deposits | C40: =C89 -> 2663 | D40: =D89-C89 -> -4604 | E40: =E89-D89 -> 1164 | F40: =F89-E89 -> -2331 | G40: =SUM(C40:F40) -> -3108 | H40: =H89 -> -1097 | I40: =I89-H89 -> -415 | J40: n.f.
B41: Net increase in all other deposits | C41: =C90 -> 7469 | D41: =D90-C90 -> 15567 | E41: =E90-D90 -> -4188 | F41: =F90-E90 -> -4377 | G41: =SUM(C41:F41) -> 14471 | H41: =H90 -> 20086 | I41: =I90-H90 -> 26621 | J41: n.f.
B42: Net (decrease) increase in securities sold under repurchase agreements | C42: =C91 -> -157 | D42: =D91-C91 -> -1147 | E42: =E91-D91 -> -2171 | F42: =F91-E91 -> 635 | G42: =SUM(C42:F42) -> -2840 | H42: =H91 -> 128 | I42: =I91-H91 -> -574 | J42: n.f.
B43: Net (decrease) increase in other short-term borrowings | C43: =C92 -> 2010 | D43: =D92-C92 -> -2006 | E43: =E92-D92 -> -19 | F43: =F92-E92 -> -6003 | G43: =SUM(C43:F43) -> -6018 | H43: =H92 -> 159 | I43: =I92-H92 -> 392 | J43: n.f.
B44: Proceeds from issuance of long-term debt, net | C44: =C93 -> 2737 | D44: =D93-C93 -> 1991 | E44: =E93-D93 -> 0 | F44: =F93-E93 -> 994 | G44: =SUM(C44:F44) -> 5722 | H44: =H93 -> 123 | I44: =I93-H93 -> 1492 | J44: n.f.
B45: Payments for long-term debt and finance leases | C45: =C94 -> -1312 | D45: =D94-C94 -> -1013 | E45: =E94-D94 -> -1314 | F45: =F94-E94 -> -504 | G45: =SUM(C45:F45) -> -4143 | H45: =H94 -> -5 | I45: =I94-H94 -> -913 | J45: n.f.
B46: Proceeds from issuance of preferred stock, net | C46: =C95 -> 743 | D46: =D95-C95 -> 0 | E46: =E95-D95 -> 0 | F46: =F95-E95 -> 0 | G46: =SUM(C46:F46) -> 743 | H46: =H95 -> 0 | I46: =I95-H95 -> 0 | J46: n.f.
B47: Repurchases of common stock | C47: =C96 -> -100 | D47: =D96-C96 -> -300 | E47: =E96-D96 -> -400 | F47: =F96-E96 -> -400 | G47: =SUM(C47:F47) -> -1200 | H47: =H96 -> -400 | I47: =I96-H96 -> -400 | J47: =-'Share Count'!J17 -> -500
B48: Repurchases of common stock for employee tax withholding | C48: =C97 -> -57 | D48: =D97-C97 -> -14 | E48: =E97-D97 -> -16 | F48: =F97-E97 -> -19 | G48: =SUM(C48:F48) -> -106 | H48: =H97 -> -85 | I48: =I97-H97 -> -22 | J48: n.f.
B49: Payments for cash dividends | C49: =C98 -> -266 | D49: =D98-C98 -> -283 | E49: =E98-D98 -> -275 | F49: =F98-E98 -> -296 | G49: =SUM(C49:F49) -> -1120 | H49: =H98 -> -293 | I49: =I98-H98 -> -291 | J49: =-('Share Count'!J43+'Income Statement'!J79) -> -309.60793
B50: Other, net (financing) | C50: =C99 -> -6 | D50: =D99-C99 -> -4 | E50: =E99-D99 -> -3 | F50: =F99-E99 -> -7 | G50: =SUM(C50:F50) -> -20 | H50: =H99 -> -5 | I50: =I99-H99 -> -6 | J50: n.f.
B51: Net cash provided by (used in) financing activities | C51: =SUM(C40,C41,C42,C43,C44,C45,C46,C47,C48,C49,C50) -> 13724 | D51: =SUM(D40,D41,D42,D43,D44,D45,D46,D47,D48,D49,D50) -> 8187 | E51: =SUM(E40,E41,E42,E43,E44,E45,E46,E47,E48,E49,E50) -> -7222 | F51: =SUM(F40,F41,F42,F43,F44,F45,F46,F47,F48,F49,F50) -> -12308 | G51: =SUM(G40,G41,G42,G43,G44,G45,G46,G47,G48,G49,G50) -> 2381 | H51: =SUM(H40,H41,H42,H43,H44,H45,H46,H47,H48,H49,H50) -> 18611 | I51: =SUM(I40,I41,I42,I43,I44,I45,I46,I47,I48,I49,I50) -> 25884 | J51: n.f.
B52: Net increase (decrease) in cash and due from banks (3Q26E: partial capital-return scenario) | C52: =C24+C38+C51 -> 1513 | D52: =D24+D38+D51 -> -638 | E52: =E24+E38+E51 -> 736 | F52: =F24+F38+F51 -> -323 | G52: =G24+G38+G51 -> 1288 | H52: =H24+H38+H51 -> 2085 | I52: =I24+I38+I51 -> -2228 | J52: =J11+J47+J49 -> 280.69797
B53: Cash and due from banks, beginning of period | C53: 3145 | D53: =C54 -> 4658 | E53: =D54 -> 4020 | F53: =E54 -> 4756 | G53: =C53 -> 3145 | H53: =F54 -> 4433 | I53: =H54 -> 6518 | J53: =I54 -> 4290
B54: Cash and due from banks, end of period (3Q26E: scenario, not a forecast) | C54: =C53+C52 -> 4658 | D54: =D53+D52 -> 4020 | E54: =E53+E52 -> 4756 | F54: =F53+F52 -> 4433 | G54: =G53+G52 -> 4433 | H54: =H53+H52 -> 6518 | I54: =I53+I52 -> 4290 | J54: =J53+J52 -> 4570.698
B55: Check: ending cash - Balance Sheet cash (should be 0; 3Q26E identity) | C55: =C54-'Balance Sheet'!C10 -> 0 | D55: =D54-'Balance Sheet'!D10 -> 0 | E55: =E54-'Balance Sheet'!E10 -> 0 | F55: =F54-'Balance Sheet'!F10 -> 0 | G55: =G54-'Balance Sheet'!G10 -> 0 | H55: =H54-'Balance Sheet'!H10 -> 0 | I55: =I54-'Balance Sheet'!I10 -> 0 | J55: =J54-'Balance Sheet'!J10 -> 0
B56: Check: change in cash - change in Balance Sheet cash (should be 0; 3Q26E identity) | C56: =C52-('Balance Sheet'!C10-C53) -> 0 | D56: =D52-('Balance Sheet'!D10-'Balance Sheet'!C10) -> 0 | E56: =E52-('Balance Sheet'!E10-'Balance Sheet'!D10) -> 0 | F56: =F52-('Balance Sheet'!F10-'Balance Sheet'!E10) -> 0 | G56: =G52-('Balance Sheet'!G10-G53) -> 0 | H56: =H52-('Balance Sheet'!H10-'Balance Sheet'!F10) -> 0 | I56: =I52-('Balance Sheet'!I10-'Balance Sheet'!H10) -> 0 | J56: =J52-('Balance Sheet'!J10-'Balance Sheet'!I10) -> 0
B57: Check: cash-flow net income - Income Statement net income (should be 0; 3Q26E identity) | C57: =C11-'Income Statement'!C74 -> 0 | D57: =D11-'Income Statement'!D74 -> 0 | E57: =E11-'Income Statement'!E74 -> 0 | F57: =F11-'Income Statement'!F74 -> 0 | G57: =G11-'Income Statement'!G74 -> 0 | H57: =H11-'Income Statement'!H74 -> 0 | I57: =I11-'Income Statement'!I74 -> 0 | J57: =J11-'Income Statement'!J74 -> 0
B58: Cash flow metrics
B59: Capital expenditures (purchases of premises and equipment) | C59: =-C36 -> 226 | D59: =-D36 -> 319 | E59: =-E36 -> 243 | F59: =-F36 -> 267 | G59: =-G36 -> 1055 | H59: =-H36 -> 270 | I59: =-I36 -> 675 | J59: n.f. | K59: n.f.: capex not in the original forecasting inputs (CapIQ capex_m blank, Inputs!C71; not in STT_history.csv); no issuer capex guidance found in preserved sources.
B60: Free cash flow (issuer-defined) | C60: n.a. | D60: n.a. | E60: n.a. | F60: n.a. | G60: n.a. | H60: n.a. | I60: n.a. | J60: n.a. | K60: n.a.: no issuer-defined free cash flow measure found in the preserved sources; CapIQ fcf_m blank (Inputs!C73); not constructed by the model.
B62: Reported year-to-date statement of cash flows ($m) - inputs
B63: Columns hold YTD to each period end: 3M25, 6M25, 9M25, FY25, (FY25 col blank), 3M26, 6M26
B64: Net income (YTD) | C64: 644 | D64: 1337 | E64: 2198 | F64: 2945 | H64: 764 | I64: 1848
B65: Deferred income tax (YTD) | C65: 18 | D65: -64 | E65: -63 | F65: -89 | H65: 28 | I65: 100
B66: Amortization of other intangible assets (YTD) | C66: 54 | D66: 110 | E66: 166 | F66: 223 | H66: 57 | I66: 112
B67: Other non-cash depreciation, amortization and accretion, net (YTD) | C67: 34 | D67: 95 | E67: 198 | F67: 331 | H67: 160 | I67: 305
B68: (Gains) losses related to investment securities, net (YTD) | C68: 0 | D68: 0 | E68: -1 | F68: -4 | H68: -1 | I68: -1
B69: Provision for credit losses (YTD) | C69: 12 | D69: 42 | E69: 51 | F69: 59 | H69: 16 | I69: 16
B70: Change in trading account assets, net (YTD) | C70: 25 | D70: -22 | E70: -115 | F70: -59 | H70: -15 | I70: -29
B71: Change in accrued interest and fees receivable, net (YTD) | C71: -247 | D71: -555 | E71: -443 | F71: -350 | H71: -313 | I71: -472
B72: Change in collateral deposits, net (YTD) | C72: -1697 | D72: -13138 | E72: -1916 | F72: 6611 | H72: -5682 | I72: -13578
B73: Change in unrealized losses (gains) on FX derivatives, net (YTD) | C73: 4613 | D73: 5909 | E73: 4131 | F73: 5512 | H73: -4369 | I73: -4820
B74: Change in other assets, net (YTD) | C74: -1761 | D74: -2680 | E74: -2682 | F74: -2524 | H74: -4650 | I74: -2614
B75: Change in accrued expenses and other liabilities, net (YTD) | C75: 545 | D75: 2639 | E75: -11 | F75: -1167 | H75: 1625 | I75: 4336
... B84: Net increase in loans (YTD) | C84: -1281 | D84: -3285 | E84: -2719 | F84: -3719 | H84: -2858 | I84: -6268
B85: Business acquisitions, net of cash acquired (YTD) | C85: n.p. | D85: 0 | E85: 0 | F85: -286 | H85: n.p. | I85: n.p.
B86: Purchases of equity investments and other long-term assets (YTD) | C86: -47 | D86: -259 | E86: -360 | F86: -1164 | H86: -156 | I86: -412
B87: Purchases of premises and equipment, net (capex) (YTD) | C87: -226 | D87: -545 | E87: -788 | F87: -1055 | H87: -270 | I87: -945
B88: Other, net (investing) (YTD) | C88: -103 | D88: 155 | E88: 251 | F88: 644 | H88: 59 | I88: 141
B89: Net (decrease) increase in time deposits (YTD) | C89: 2663 | D89: -1941 | E89: -777 | F89: -3108 | H89: -1097 | I89: -1512
B90: Net increase in all other deposits (YTD) | C90: 7469 | D90: 23036 | E90: 18848 | F90: 14471 | H90: 20086 | I90: 46707
B91: Net (decrease) increase in securities sold under repurchase agreements (YTD) | C91: -157 | D91: -1304 | E91: -3475 | F91: -2840 | H91: 128 | I91: -446
B92: Net (decrease) increase in other short-term borrowings (YTD) | C92: 2010 | D92: 4 | E92: -15 | F92: -6018 | H92: 159 | I92: 551
B93: Proceeds from issuance of long-term debt, net (YTD) | C93: 2737 | D93: 4728 | E93: 4728 | F93: 5722 | H93: 123 | I93: 1615
B94: Payments for long-term debt and finance leases (YTD) | C94: -1312 | D94: -2325 | E94: -3639 | F94: -4143 | H94: -5 | I94: -918
B95: Proceeds from issuance of preferred stock, net (YTD) | C95: 743 | D95: 743 | E95: 743 | F95: 743 | H95: 0 | I95: 0
B96: Repurchases of common stock (YTD) | C96: -100 | D96: -400 | E96: -800 | F96: -1200 | H96: -400 | I96: -800
B97: Repurchases of common stock for employee tax withholding (YTD) | C97: -57 | D97: -71 | E97: -87 | F97: -106 | H97: -85 | I97: -107
... B103: Memo: reported YTD Net change in cash subtotal | C103: 1513 | D103: 875 | E103: 1611 | F103: 1288 | H103: 2085 | I103: -143
B104: Check: YTD operating components - reported subtotal (should be 0) | C104: =SUM(C64,C65,C66,C67,C68,C69,C70,C71,C72,C73,C74,C75,C76)-C100 -> 0 | D104: =SUM(D64,D65,D66,D67,D68,D69,D70,D71,D72,D73,D74,D75,D76)-D100 -> 0 | E104: =SUM(E64,E65,E66,E67,E68,E69,E70,E71,E72,E73,E74,E75,E76)-E100 -> 0 | F104: =SUM(F64,F65,F66,F67,F68,F69,F70,F71,F72,F73,F74,F75,F76)-F100 -> 0 | H104: =SUM(H64,H65,H66,H67,H68,H69,H70,H71,H72,H73,H74,H75,H76)-H100 -> 0 | I104: =SUM(I64,I65,I66,I67,I68,I69,I70,I71,I72,I73,I74,I75,I76)-I100 -> 0
B105: Check: YTD investing components - reported subtotal (should be 0) | C105: =SUM(C77,C78,C79,C80,C81,C82,C83,C84,C85,C86,C87,C88)-C101 -> 0 | D105: =SUM(D77,D78,D79,D80,D81,D82,D83,D84,D85,D86,D87,D88)-D101 -> 0 | E105: =SUM(E77,E78,E79,E80,E81,E82,E83,E84,E85,E86,E87,E88)-E101 -> 0 | F105: =SUM(F77,F78,F79,F80,F81,F82,F83,F84,F85,F86,F87,F88)-F101 -> 0 | H105: =SUM(H77,H78,H79,H80,H81,H82,H83,H84,H85,H86,H87,H88)-H101 -> 0 | I105: =SUM(I77,I78,I79,I80,I81,I82,I83,I84,I85,I86,I87,I88)-I101 -> 0
B106: Check: YTD financing components - reported subtotal (should be 0) | C106: =SUM(C89,C90,C91,C92,C93,C94,C95,C96,C97,C98,C99)-C102 -> 0 | D106: =SUM(D89,D90,D91,D92,D93,D94,D95,D96,D97,D98,D99)-D102 -> 0 | E106: =SUM(E89,E90,E91,E92,E93,E94,E95,E96,E97,E98,E99)-E102 -> 0 | F106: =SUM(F89,F90,F91,F92,F93,F94,F95,F96,F97,F98,F99)-F102 -> 0 | H106: =SUM(H89,H90,H91,H92,H93,H94,H95,H96,H97,H98,H99)-H102 -> 0 | I106: =SUM(I89,I90,I91,I92,I93,I94,I95,I96,I97,I98,I99)-I102 -> 0

Sheet Geo
B2: State Street Corporation (NYSE: STT)
B3: Geography
B4: $ millions for revenue and pre-tax income; AUC/A, AUM and net flows in $ billions
B5: Fiscal period | C5: 1Q25A | D5: 2Q25A | E5: 3Q25A | F5: 4Q25A | G5: FY25A | H5: 1Q26A | I5: 2Q26A | J5: 3Q26E
B6: Period end | C6: =DATE(2025,3,31) -> 45747 | D6: =DATE(2025,6,30) -> 45838 | E6: =DATE(2025,9,30) -> 45930 | F6: =DATE(2025,12,31) -> 46022 | G6: =DATE(2025,12,31) -> 46022 | H6: =DATE(2026,3,31) -> 46112 | I6: =DATE(2026,6,30) -> 46203 | J6: =DATE(2026,9,30) -> 46295
B7: Days in period | C7: =C6-DATE(2024,12,31) -> 90 | D7: =D6-C6 -> 91 | E7: =E6-D6 -> 92 | F7: =F6-E6 -> 92 | G7: =G6-DATE(2024,12,31) -> 365 | H7: =H6-F6 -> 90 | I7: =I6-H6 -> 91 | J7: =J6-I6 -> 92
B9: Revenue by geography (annual disclosure only, 10-K Non-U.S. Activities note)
B10: U.S. total revenue | C10: n.d. | D10: n.d. | E10: n.d. | F10: n.d. | G10: 8008 | H10: n.d. | I10: n.d. | J10: n.d.
B11: Non-U.S. total revenue | C11: n.d. | D11: n.d. | E11: n.d. | F11: n.d. | G11: 5936 | H11: n.d. | I11: n.d. | J11: n.d.
B12: Total revenue by geography | G12: =G10+G11 -> 13944
B13: Check: geography sum - Income Statement total revenue (should be 0) | G13: =G12-'Income Statement'!G27 -> 0
B14: U.S. % of total revenue | G14: =G10/G12 -> 0.57429719
B15: Non-U.S. % of total revenue | G15: =G11/G12 -> 0.42570281
B16: Pre-tax income by geography (annual)
B17: U.S. income before income tax | G17: 2238
B18: Non-U.S. income before income tax | G18: 1493
B19: Check: geography sum - Income Statement pre-tax income (should be 0) | G19: =G17+G18-'Income Statement'!G65 -> 0
B21: AUC/A by geography (closing, $bn; domicile of servicing entity)
B22: Americas | C22: 33340 | D22: 35028 | E22: 36698 | F22: 37422 | G22: =F22 -> 37422 | H22: 37265 | I22: 40040 | J22: ='Segment - Investment Servicing'!J21*I22/I34 -> 40578.808
B23: % Y/Y | H23: =H22/C22-1 -> 0.11772645 | I23: =I22/D22-1 -> 0.14308553 | J23: =J22/E22-1 -> 0.10574985
B24: Q/Q chg (abs) | D24: =D22-C22 -> 1688 | E24: =E22-D22 -> 1670 | F24: =F22-E22 -> 724 | H24: =H22-F22 -> -157 | I24: =I22-H22 -> 2775 | J24: =J22-I22 -> 538.80783
B25: % of AUC/A | C25: =C22/C34 -> 0.7134145 | D25: =D22/D34 -> 0.71485714 | E25: =E22/E34 -> 0.71032053 | F25: =F22/F34 -> 0.69557621 | G25: =G22/G34 -> 0.69557621 | H25: =H22/H34 -> 0.68357333 | I25: =I22/I34 -> 0.69203913 | J25: =J22/'Segment - Investment Servicing'!J21 -> 0.69203913
B26: Europe / Middle East / Africa | C26: 10303 | D26: 10803 | E26: 11570 | F26: 12918 | G26: =F26 -> 12918 | H26: 13563 | I26: 14002 | J26: ='Segment - Investment Servicing'!J21*I26/I34 -> 14190.421
B27: % Y/Y | H27: =H26/C26-1 -> 0.3164127 | I27: =I26/D26-1 -> 0.29612145 | J27: =J26/E26-1 -> 0.22648412
B28: Q/Q chg (abs) | D28: =D26-C26 -> 500 | E28: =E26-D26 -> 767 | F28: =F26-E26 -> 1348 | H28: =H26-F26 -> 645 | I28: =I26-H26 -> 439 | J28: =J26-I26 -> 188.42126
B29: % of AUC/A | C29: =C26/C34 -> 0.2204652 | D29: =D26/D34 -> 0.22046939 | E29: =E26/E34 -> 0.22394704 | F29: =F26/F34 -> 0.24011152 | G29: =G26/G34 -> 0.24011152 | H29: =H26/H34 -> 0.24879391 | I29: =I26/I34 -> 0.24200629 | J29: =J26/'Segment - Investment Servicing'!J21 -> 0.24200629
B30: Asia-Pacific | C30: 3090 | D30: 3169 | E30: 3396 | F30: 3460 | G30: =F30 -> 3460 | H30: 3687 | I30: 3816 | J30: ='Segment - Investment Servicing'!J21*I30/I34 -> 3867.3509
B31: % Y/Y | H31: =H30/C30-1 -> 0.19320388 | I31: =I30/D30-1 -> 0.20416535 | J31: =J30/E30-1 -> 0.13879591
B32: Q/Q chg (abs) | D32: =D30-C30 -> 79 | E32: =E30-D30 -> 227 | F32: =F30-E30 -> 64 | H32: =H30-F30 -> 227 | I32: =I30-H30 -> 129 | J32: =J30-I30 -> 51.350916
B33: % of AUC/A | C33: =C30/C34 -> 0.0661203 | D33: =D30/D34 -> 0.064673469 | E33: =E30/E34 -> 0.065732425 | F33: =F30/F34 -> 0.064312268 | G33: =G30/G34 -> 0.064312268 | H33: =H30/H34 -> 0.067632762 | I33: =I30/I34 -> 0.065954578 | J33: =J30/'Segment - Investment Servicing'!J21 -> 0.065954578
B34: Total AUC/A by geography | C34: =C22+C26+C30 -> 46733 | D34: =D22+D26+D30 -> 49000 | E34: =E22+E26+E30 -> 51664 | F34: =F22+F26+F30 -> 53800 | G34: =G22+G26+G30 -> 53800 | H34: =H22+H26+H30 -> 54515 | I34: =I22+I26+I30 -> 57858 | J34: =J22+J26+J30 -> 58636.58
B35: Check: geography - closing AUC/A (should be 0; 3Q26E identity, mix held) | C35: =C34-'Segment - Investment Servicing'!C21 -> 0 | D35: =D34-'Segment - Investment Servicing'!D21 -> 0 | E35: =E34-'Segment - Investment Servicing'!E21 -> 0 | F35: =F34-'Segment - Investment Servicing'!F21 -> 0 | G35: =G34-'Segment - Investment Servicing'!G21 -> 0 | H35: =H34-'Segment - Investment Servicing'!H21 -> 0 | I35: =I34-'Segment - Investment Servicing'!I21 -> 0 | J35: =J34-'Segment - Investment Servicing'!J21 -> 0
B37: AUM by geography (closing, $bn; client or fund-management location)
B38: Americas | C38: 3431 | D38: 3713 | E38: 3982 | F38: 4155 | G38: =F38 -> 4155 | H38: 4108 | I38: 4573 | J38: ='Segment - Investment Management'!J43*I38/I50 -> 4648.716
B39: % Y/Y | H39: =H38/C38-1 -> 0.19731857 | I39: =I38/D38-1 -> 0.23161864 | J39: =J38/E38-1 -> 0.16743245
B40: Q/Q chg (abs) | D40: =D38-C38 -> 282 | E40: =E38-D38 -> 269 | F40: =F38-E38 -> 173 | H40: =H38-F38 -> -47 | I40: =I38-H38 -> 465 | J40: =J38-I38 -> 75.716002
B41: % of AUM | C41: =C38/C50 -> 0.73547696 | D41: =D38/D50 -> 0.72562048 | E41: =E38/E50 -> 0.73117885 | F41: =F38/F50 -> 0.73345102 | G41: =G38/G50 -> 0.73345102 | H41: =H38/H50 -> 0.73096085 | I41: =I38/I50 -> 0.72841669 | J41: =J38/'Segment - Investment Management'!J43 -> 0.72841669
B42: Europe / Middle East / Africa | C42: 690 | D42: 771 | E42: 806 | F42: 841 | G42: =F42 -> 841 | H42: 845 | I42: 956 | J42: ='Segment - Investment Management'!J43*I42/I50 -> 971.82867
B43: % Y/Y | H43: =H42/C42-1 -> 0.22463768 | I43: =I42/D42-1 -> 0.23994812 | J43: =J42/E42-1 -> 0.20574276
B44: Q/Q chg (abs) | D44: =D42-C42 -> 81 | E44: =E42-D42 -> 35 | F44: =F42-E42 -> 35 | H44: =H42-F42 -> 4 | I44: =I42-H42 -> 111 | J44: =J42-I42 -> 15.828668
B45: % of AUM | C45: =C42/C50 -> 0.14790997 | D45: =D42/D50 -> 0.15067422 | E45: =E42/E50 -> 0.14799853 | F45: =F42/F50 -> 0.14845543 | G45: =G42/G50 -> 0.14845543 | H45: =H42/H50 -> 0.15035587 | I45: =I42/I50 -> 0.1522778 | J45: =J42/'Segment - Investment Management'!J43 -> 0.1522778
B46: Asia-Pacific | C46: 544 | D46: 633 | E46: 658 | F46: 669 | G46: =F46 -> 669 | H46: 667 | I46: 749 | J46: ='Segment - Investment Management'!J43*I46/I50 -> 761.40133
B47: % Y/Y | H47: =H46/C46-1 -> 0.22610294 | I47: =I46/D46-1 -> 0.18325434 | J47: =J46/E46-1 -> 0.15714488
B48: Q/Q chg (abs) | D48: =D46-C46 -> 89 | E48: =E46-D46 -> 25 | F48: =F46-E46 -> 11 | H48: =H46-F46 -> -2 | I48: =I46-H46 -> 82 | J48: =J46-I46 -> 12.401331
B49: % of AUM | C49: =C46/C50 -> 0.11661308 | D49: =D46/D50 -> 0.1237053 | E49: =E46/E50 -> 0.12082262 | F49: =F46/F50 -> 0.11809356 | G49: =G46/G50 -> 0.11809356 | H49: =H46/H50 -> 0.11868327 | I49: =I46/I50 -> 0.11930551 | J49: =J46/'Segment - Investment Management'!J43 -> 0.11930551
B50: Total AUM by geography | C50: =C38+C42+C46 -> 4665 | D50: =D38+D42+D46 -> 5117 | E50: =E38+E42+E46 -> 5446 | F50: =F38+F42+F46 -> 5665 | G50: =G38+G42+G46 -> 5665 | H50: =H38+H42+H46 -> 5620 | I50: =I38+I42+I46 -> 6278 | J50: =J38+J42+J46 -> 6381.946
B51: Check: geography - closing AUM (should be 0; 3Q26E identity, mix held) | C51: =C50-'Segment - Investment Management'!C43 -> 0 | D51: =D50-'Segment - Investment Management'!D43 -> 0 | E51: =E50-'Segment - Investment Management'!E43 -> 0 | F51: =F50-'Segment - Investment Management'!F43 -> 0 | G51: =G50-'Segment - Investment Management'!G43 -> 0 | H51: =H50-'Segment - Investment Management'!H43 -> 0 | I51: =I50-'Segment - Investment Management'!I43 -> 0 | J51: =J50-'Segment - Investment Management'!J43 -> 0
B52: AUM net flows by geography ($bn)
B53: Americas | C53: 4 | D53: 29 | E53: 36 | F53: 75 | G53: =SUM(C53:F53) -> 144 | H53: 10 | I53: 75 | J53: n.f.
B54: Y/Y chg (abs) | H54: =H53-C53 -> 6 | I54: =I53-D53 -> 46
B55: Q/Q chg (abs) | D55: =D53-C53 -> 25 | E55: =E53-D53 -> 7 | F55: =F53-E53 -> 39 | H55: =H53-F53 -> -65 | I55: =I53-H53 -> 65
B56: Europe / Middle East / Africa | C56: -29 | D56: 18 | E56: 0 | F56: 10 | G56: =SUM(C56:F56) -> -1 | H56: 29 | I56: 18 | J56: n.f.
B57: Y/Y chg (abs) | H57: =H56-C56 -> 58 | I57: =I56-D56 -> 0
B58: Q/Q chg (abs) | D58: =D56-C56 -> 47 | E58: =E56-D56 -> -18 | F58: =F56-E56 -> 10 | H58: =H56-F56 -> 19 | I58: =I56-H56 -> -11
B59: Asia-Pacific | C59: 12 | D59: 35 | E59: -10 | F59: 0 | G59: =SUM(C59:F59) -> 37 | H59: 10 | I59: 21 | J59: n.f.
B60: Y/Y chg (abs) | H60: =H59-C59 -> -2 | I60: =I59-D59 -> -14
B61: Q/Q chg (abs) | D61: =D59-C59 -> 23 | E61: =E59-D59 -> -45 | F61: =F59-E59 -> 10 | H61: =H59-F59 -> 10 | I61: =I59-H59 -> 11
B62: Total net flows by geography | C62: =C53+C56+C59 -> -13 | D62: =D53+D56+D59 -> 82 | E62: =E53+E56+E59 -> 26 | F62: =F53+F56+F59 -> 85 | G62: =G53+G56+G59 -> 180 | H62: =H53+H56+H59 -> 49 | I62: =I53+I56+I59 -> 114 | J62: n.f.
B63: Check: geography flows - total net flows (should be 0) | C63: =C62-'Segment - Investment Management'!C27 -> 0 | D63: =D62-'Segment - Investment Management'!D27 -> 0 | E63: =E62-'Segment - Investment Management'!E27 -> 0 | F63: =F62-'Segment - Investment Management'!F27 -> 0 | G63: =G62-'Segment - Investment Management'!G27 -> 0 | H63: =H62-'Segment - Investment Management'!H27 -> 0 | I63: =I62-'Segment - Investment Management'!I27 -> 0

Sheet Share Count
B2: State Street Corporation (NYSE: STT)
B3: Share Count
B4: Shares in millions; repurchase cost and dividends in $ millions; prices and DPS in $ per share
B5: Fiscal period | C5: 1Q25A | D5: 2Q25A | E5: 3Q25A | F5: 4Q25A | G5: FY25A | H5: 1Q26A | I5: 2Q26A | J5: 3Q26E
B6: Period end | C6: =DATE(2025,3,31) -> 45747 | D6: =DATE(2025,6,30) -> 45838 | E6: =DATE(2025,9,30) -> 45930 | F6: =DATE(2025,12,31) -> 46022 | G6: =DATE(2025,12,31) -> 46022 | H6: =DATE(2026,3,31) -> 46112 | I6: =DATE(2026,6,30) -> 46203 | J6: =DATE(2026,9,30) -> 46295
B7: Days in period | C7: =C6-DATE(2024,12,31) -> 90 | D7: =D6-C6 -> 91 | E7: =E6-D6 -> 92 | F7: =F6-E6 -> 92 | G7: =G6-DATE(2024,12,31) -> 365 | H7: =H6-F6 -> 90 | I7: =I6-H6 -> 91 | J7: =J6-I6 -> 92
B9: Common shares (millions)
B10: Opening common shares outstanding | C10: 288.767 | D10: =C23 -> 288.676 | E10: =D23 -> 285.562 | F10: =E23 -> 282.218 | G10: =C10 -> 288.767 | H10: =F23 -> 279.078 | I10: =H23 -> 276.925 | J10: =I23 -> 274.703
B11: Shares repurchased under program | C11: 1 | D11: 3.5 | E11: 3.6 | F11: n.d. | G11: n.a. | H11: 3.2 | I11: 2.5 | J11: =J17/J14 -> 2.7322404
B12: % Y/Y | H12: =H11/C11-1 -> 2.2 | I12: =I11/D11-1 -> -0.28571429 | J12: =J11/E11-1 -> -0.24104432
B13: Q/Q chg (abs) | D13: =D11-C11 -> 2.5 | E13: =E11-D11 -> 0.1 | I13: =I11-H11 -> -0.7 | J13: =J11-I11 -> 0.23224044
B14: Average repurchase price ($) | C14: 99.6 | D14: 85.78 | E14: 110.34 | F14: n.d. | G14: n.a. | H14: 125.94 | I14: 159.63 | J14: 183
B15: % Y/Y | H15: =H14/C14-1 -> 0.26445783 | I15: =I14/D14-1 -> 0.86092329 | J15: =J14/E14-1 -> 0.65851006
B16: Q/Q chg (abs) | D16: =D14-C14 -> -13.82 | E16: =E14-D14 -> 24.56 | I16: =I14-H14 -> 33.69 | J16: =J14-I14 -> 23.37
B17: Repurchase cost ($m) | C17: =-'Cash Flow Statement'!C47 -> 100 | D17: =-'Cash Flow Statement'!D47 -> 300 | E17: =-'Cash Flow Statement'!E47 -> 400 | F17: =-'Cash Flow Statement'!F47 -> 400 | G17: =SUM(C17:F17) -> 1200 | H17: =-'Cash Flow Statement'!H47 -> 400 | I17: =-'Cash Flow Statement'!I47 -> 400 | J17: 500
B18: % Y/Y | H18: =H17/C17-1 -> 3 | I18: =I17/D17-1 -> 0.33333333 | J18: =J17/E17-1 -> 0.25
B19: Q/Q chg (abs) | D19: =D17-C17 -> 200 | E19: =E17-D17 -> 100 | F19: =F17-E17 -> 0 | H19: =H17-F17 -> 0 | I19: =I17-H17 -> 0 | J19: =J17-I17 -> 100
B20: Net shares issued / other (history derived; 3Q26E assumption) | C20: =C23-C10+C11 -> 0.909 | D20: =D23-D10+D11 -> 0.386 | E20: =E23-E10+E11 -> 0.256 | F20: n.a. | G20: n.a. | H20: =H23-H10+H11 -> 1.047 | I20: =I23-I10+I11 -> 0.278 | J20: 0.3
B21: % Y/Y | H21: =H20/C20-1 -> 0.15181518 | I21: =I20/D20-1 -> -0.27979275 | J21: =J20/E20-1 -> 0.171875
B22: Q/Q chg (abs) | D22: =D20-C20 -> -0.523 | E22: =E20-D20 -> -0.13 | I22: =I20-H20 -> -0.769 | J22: =J20-I20 -> 0.022
B23: Closing common shares outstanding | C23: 288.676 | D23: 285.562 | E23: 282.218 | F23: 279.078 | G23: =F23 -> 279.078 | H23: 276.925 | I23: 274.703 | J23: =J10-J11+J20 -> 272.27076
B24: % Y/Y | H24: =H23/C23-1 -> -0.040706536 | I24: =I23/D23-1 -> -0.038026768 | J24: =J23/E23-1 -> -0.035246655
B25: Q/Q chg (abs) | D25: =D23-C23 -> -3.114 | E25: =E23-D23 -> -3.344 | F25: =F23-E23 -> -3.14 | H25: =H23-F23 -> -2.153 | I25: =I23-H23 -> -2.222 | J25: =J23-I23 -> -2.4322404
B27: Weighted-average shares (millions)
B28: Weighted-average basic shares | C28: 288.562 | D28: 286.281 | E28: 283.434 | F28: 280.008 | G28: 284.545 | H28: 278.434 | I28: 276.15 | J28: =AVERAGE(J10,J23) -> 273.48688
B29: % Y/Y | H29: =H28/C28-1 -> -0.035098176 | I29: =I28/D28-1 -> -0.035388307 | J29: =J28/E28-1 -> -0.035095014
B30: Q/Q chg (abs) | D30: =D28-C28 -> -2.281 | E30: =E28-D28 -> -2.847 | F30: =F28-E28 -> -3.426 | H30: =H28-F28 -> -1.574 | I30: =I28-H28 -> -2.284 | J30: =J28-I28 -> -2.6631202
B31: Dilutive securities | C31: =C34-C28 -> 4.154 | D31: =D34-D28 -> 4.209 | E31: =E34-E28 -> 4.729 | F31: =F34-F28 -> 4.798 | G31: =G34-G28 -> 4.474 | H31: =H34-H28 -> 4.44 | I31: =I34-I28 -> 4.912 | J31: 4.75
B32: % Y/Y | H32: =H31/C31-1 -> 0.068849302 | I32: =I31/D31-1 -> 0.16702305 | J32: =J31/E31-1 -> 0.0044406851
B33: Q/Q chg (abs) | D33: =D31-C31 -> 0.055 | E33: =E31-D31 -> 0.52 | F33: =F31-E31 -> 0.069 | H33: =H31-F31 -> -0.358 | I33: =I31-H31 -> 0.472 | J33: =J31-I31 -> -0.162
B34: Weighted-average diluted shares | C34: 292.716 | D34: 290.49 | E34: 288.163 | F34: 284.806 | G34: =G37 -> 289.019 | H34: 282.874 | I34: 281.062 | J34: =J28+J31 -> 278.23688
B35: % Y/Y | H35: =H34/C34-1 -> -0.033623034 | I35: =I34/D34-1 -> -0.032455506 | J35: =J34/E34-1 -> -0.0344462
B36: Q/Q chg (abs) | D36: =D34-C34 -> -2.226 | E36: =E34-D34 -> -2.327 | F36: =F34-E34 -> -3.357 | H36: =H34-F34 -> -1.932 | I36: =I34-H34 -> -1.812 | J36: =J34-I34 -> -2.8251202
B37: Memo: FY25 reported average diluted shares | G37: 289.019
B39: Dividends and capital return
B40: Dividends declared per common share ($) | C40: 0.76 | D40: 0.76 | E40: 0.84 | F40: 0.84 | G40: =SUM(C40:F40) -> 3.2 | H40: 0.84 | I40: 0.84 | J40: 0.92
B41: % Y/Y | H41: =H40/C40-1 -> 0.10526316 | I41: =I40/D40-1 -> 0.10526316 | J41: =J40/E40-1 -> 0.095238095
B42: Q/Q chg (abs) | D42: =D40-C40 -> 0 | E42: =E40-D40 -> 0.08 | F42: =F40-E40 -> 0 | H42: =H40-F40 -> 0 | I42: =I40-H40 -> 0 | J42: =J40-I40 -> 0.08
B43: Common dividends declared ($m) | C43: 220 | D43: 217 | E43: 237 | F43: 235 | G43: =SUM(C43:F43) -> 909 | H43: 233 | I43: 231 | J43: =J40*J28 -> 251.60793
B44: % Y/Y | H44: =H43/C43-1 -> 0.059090909 | I44: =I43/D43-1 -> 0.064516129 | J44: =J43/E43-1 -> 0.061636833
B45: Q/Q chg (abs) | D45: =D43-C43 -> -3 | E45: =E43-D43 -> 20 | F45: =F43-E43 -> -2 | H45: =H43-F43 -> -2 | I45: =I43-H43 -> -2 | J45: =J43-I43 -> 20.607929
B46: Preferred dividends ($m) | C46: ='Income Statement'!C79 -> 46 | D46: ='Income Statement'!D79 -> 63 | E46: ='Income Statement'!E79 -> 58 | F46: ='Income Statement'!F79 -> 59 | G46: ='Income Statement'!G79 -> 226 | H46: ='Income Statement'!H79 -> 58 | I46: ='Income Statement'!I79 -> 58 | J46: ='Income Statement'!J79 -> 58
B47: Total payout ratio (dividends + buybacks) / NI to common | C47: =(C43+C17)/'Income Statement'!C85 -> 0.5360134 | D47: =(D43+D17)/'Income Statement'!D85 -> 0.82063492 | E47: =(E43+E17)/'Income Statement'!E85 -> 0.79426434 | F47: =(F43+F17)/'Income Statement'!F85 -> 0.92296512 | G47: =(G43+G17)/'Income Statement'!G85 -> 0.77622378 | H47: =(H43+H17)/'Income Statement'!H85 -> 0.89787234 | I47: =(I43+I17)/'Income Statement'!I85 -> 0.61500975 | J47: =(J43+J17)/'Income Statement'!J85 -> 0.72879243
B48: Q/Q chg (bp) | D48: =(D47-C47)*10000 -> 2846.2152 | E48: =(E47-D47)*10000 -> -263.70581 | F48: =(F47-E47)*10000 -> 1287.0078 | H48: =(H47-F47)*10000 -> -250.92776 | I48: =(I47-H47)*10000 -> -2828.6259 | J48: =(J47-I47)*10000 -> 1137.8268
B49: Y/Y chg (bp) | C49: n.a. | D49: n.a. | E49: n.a. | F49: n.a. | G49: n.a. | H49: =(H47-C47)*10000 -> 3618.5894 | I49: =(I47-D47)*10000 -> -2056.2517 | J49: =(J47-E47)*10000 -> -654.71912
B51: Forecast share count behind 3Q26E EPS
B52: Diluted shares used in 3Q26E EPS (m) | J52: =J34 -> 278.23688

Sheet Guidance
B2: State Street Corporation (NYSE: STT)
B3: Guidance
B4: $ millions, except per share
B5: Fiscal period | C5: 1Q25A | D5: 2Q25A | E5: 3Q25A | F5: 4Q25A | G5: FY25A | H5: 1Q26A | I5: 2Q26A | J5: 3Q26E
B6: Period end | C6: =DATE(2025,3,31) -> 45747 | D6: =DATE(2025,6,30) -> 45838 | E6: =DATE(2025,9,30) -> 45930 | F6: =DATE(2025,12,31) -> 46022 | G6: =DATE(2025,12,31) -> 46022 | H6: =DATE(2026,3,31) -> 46112 | I6: =DATE(2026,6,30) -> 46203 | J6: =DATE(2026,9,30) -> 46295
B7: Days in period | C7: =C6-DATE(2024,12,31) -> 90 | D7: =D6-C6 -> 91 | E7: =E6-D6 -> 92 | F7: =F6-E6 -> 92 | G7: =G6-DATE(2024,12,31) -> 365 | H7: =H6-F6 -> 90 | I7: =I6-H6 -> 91 | J7: =J6-I6 -> 92
B8: Period band above is navigation only; the guidance table below uses its own column headers (columns are not fiscal periods).
B9: Guidance given (all FY metrics ex-notable items, Y/Y growth)
B10: Metric | C10: Date given | D10: Period | E10: Source | F10: Low | G10: High | H10: Midpoint | I10: Actual | J10: Beat / miss
B11: Fee revenue growth | C11: =DATE(2025,7,15) -> 45853 | D11: FY25 | E11: S12 | F11: 0.05 | G11: 0.07 | H11: =AVERAGE(F11,G11) -> 0.06 | I11: =J32 -> 0.09191067 | J11: =IF(I11>H11,"Beat",IF(I11<H11,"Miss","In line")) -> Beat
B12: Fee revenue growth | C12: =DATE(2025,10,17) -> 45947 | D12: FY25 | E12: S11 | F12: 0.085 | G12: 0.09 | H12: =AVERAGE(F12,G12) -> 0.0875 | I12: =J32 -> 0.09191067 | J12: =IF(I12>H12,"Beat",IF(I12<H12,"Miss","In line")) -> Beat
B13: Fee revenue growth | C13: =DATE(2026,1,16) -> 46038 | D13: FY26 | E13: S21 | F13: 0.04 | G13: 0.06 | H13: =AVERAGE(F13,G13) -> 0.05 | I13: pending | J13: pending
B14: NII growth ("low single digit") | C14: =DATE(2026,1,16) -> 46038 | D14: FY26 | E14: S21 | F14: n.d. | G14: n.d. | H14: n.a. | I14: pending | J14: pending
B15: Expense growth | C15: =DATE(2026,1,16) -> 46038 | D15: FY26 | E15: S21 | F15: 0.03 | G15: 0.04 | H15: =AVERAGE(F15,G15) -> 0.035 | I15: pending | J15: pending
B16: Fee revenue growth | C16: =DATE(2026,4,17) -> 46129 | D16: FY26 | E16: S21 | F16: 0.07 | G16: 0.09 | H16: =AVERAGE(F16,G16) -> 0.08 | I16: pending | J16: pending
B17: NII growth | C17: =DATE(2026,4,17) -> 46129 | D17: FY26 | E17: S21 | F17: 0.08 | G17: 0.1 | H17: =AVERAGE(F17,G17) -> 0.09 | I17: pending | J17: pending
B18: Expense growth | C18: =DATE(2026,4,17) -> 46129 | D18: FY26 | E18: S21 | F18: 0.05 | G18: 0.06 | H18: =AVERAGE(F18,G18) -> 0.055 | I18: pending | J18: pending
B19: Fee revenue growth | C19: =DATE(2026,7,16) -> 46219 | D19: FY26 | E19: S5 | F19: 0.12 | G19: 0.13 | H19: =AVERAGE(F19,G19) -> 0.125 | I19: pending | J19: pending
B20: NII growth | C20: =DATE(2026,7,16) -> 46219 | D20: FY26 | E20: S5 | F20: 0.14 | G20: 0.15 | H20: =AVERAGE(F20,G20) -> 0.145 | I20: pending | J20: pending
B21: Expense growth ("~8% +/-") | C21: =DATE(2026,7,16) -> 46219 | D21: FY26 | E21: S5 | F21: 0.08 | G21: 0.08 | H21: =AVERAGE(F21,G21) -> 0.08 | I21: pending | J21: pending
B22: Effective tax rate (~22%) | C22: =DATE(2026,7,16) -> 46219 | D22: FY26 | E22: S20 | F22: 0.22 | G22: 0.22 | H22: =AVERAGE(F22,G22) -> 0.22 | I22: pending | J22: pending
B23: Fee revenue growth | C23: =DATE(2026,9,14) -> 46279 | D23: FY26 | E23: S22 | F23: 0.13 | G23: 0.14 | H23: =AVERAGE(F23,G23) -> 0.135 | I23: pending | J23: pending
B24: NII growth ("towards upper end of 14-15%") | C24: =DATE(2026,9,14) -> 46279 | D24: FY26 | E24: S22 | F24: 0.145 | G24: 0.15 | H24: =AVERAGE(F24,G24) -> 0.1475 | I24: pending | J24: pending
B25: Expense growth ("slightly higher" than ~8%) | C25: =DATE(2026,9,14) -> 46279 | D25: FY26 | E25: S22 | F25: 0.08 | G25: 0.09 | H25: =AVERAGE(F25,G25) -> 0.085 | I25: pending | J25: pending
B26: 3Q26 fees, NII, expenses vs 2Q26 ("pretty stable") | C26: =DATE(2026,9,14) -> 46279 | D26: 3Q26 | E26: S22 | F26: n.d. | G26: n.d. | H26: n.a. | I26: pending | J26: pending
B28: FY25 actual fee revenue growth, ex-notables (for beat/miss)
B29: FY25 fee revenue ex-notables ($m) | J29: ='Income Statement'!G16+'Income Statement'!G95+'Income Statement'!G96 -> 11001
B30: FY24 total fee revenue, reported ($m) | J30: ='Revenue summary'!G126 -> 10156
B31: FY24 fee-revenue notable items (Other LOB; S8 addendum, S14 10-K) | J31: 81
B32: FY25 fee revenue growth, ex-notables | J32: =J29/(J30-J31)-1 -> 0.09191067
B34: Guidance-implied 3Q26 (latest FY26 outlook, 14-Sep-2026; 2H26 split by days)
B35: Days in 4Q26 | J35: =DATE(2026,12,31)-J6 -> 92
B36: 3Q26 share of 2H26 (days) | J36: =J7/(J7+J35) -> 0.5
B37: FY25 fee revenue ex-notables ($m) | J37: ='Income Statement'!G16+'Income Statement'!G95+'Income Statement'!G96 -> 11001
B38: Fee growth midpoint | J38: =H23 -> 0.135
B39: Implied FY26 fee revenue | J39: =J37*(1+J38) -> 12486.135
B40: less: 1H26 actual fee revenue | J40: ='Income Statement'!H16+'Income Statement'!I16 -> 6148
B41: Implied 3Q26 fee revenue | J41: =(J39-J40)*J36 -> 3169.0675
B42: FY25 NII ($m) | J42: ='Income Statement'!G22 -> 2960
B43: NII growth midpoint | J43: =H24 -> 0.1475
B44: Implied 3Q26 NII | J44: =(J42*(1+J43)-'Income Statement'!H22-'Income Statement'!I22)*J36 -> 850.8
B45: Guidance-implied 3Q26 total revenue | J45: =J41+J44 -> 4019.8675
B46: FY25 expenses ex-notables ($m) | J46: ='Income Statement'!G105 -> 9831
B47: Expense growth midpoint | J47: =H25 -> 0.085
B48: Implied 3Q26 expenses | J48: =(J46*(1+J47)-'Income Statement'!H105-'Income Statement'!I105)*J36 -> 2663.3175
B49: Provision (not guided; model assumption) | J49: ='Income Statement'!J30 -> 10
B50: Implied pre-tax income | J50: =J45-J48-J49 -> 1346.55
B51: Tax at guided ~22% | J51: =J50*H22 -> 296.241
B52: Guidance-implied net income to common (after preferred / participating) | J52: =J50-J51-'Income Statement'!J79-'Income Statement'!J82 -> 991.309
B53: Guidance-implied 3Q26 EPS (ex-notables) | J53: =J52/'Income Statement'!J89 -> 3.5628239

Sheet Sources
B2: State Street Corporation (NYSE: STT)
B3: Sources
B4: $ millions, except per share
B5: Fiscal period | C5: 1Q25A | D5: 2Q25A | E5: 3Q25A | F5: 4Q25A | G5: FY25A | H5: 1Q26A | I5: 2Q26A | J5: 3Q26E
B6: Period end | C6: =DATE(2025,3,31) -> 45747 | D6: =DATE(2025,6,30) -> 45838 | E6: =DATE(2025,9,30) -> 45930 | F6: =DATE(2025,12,31) -> 46022 | G6: =DATE(2025,12,31) -> 46022 | H6: =DATE(2026,3,31) -> 46112 | I6: =DATE(2026,6,30) -> 46203 | J6: =DATE(2026,9,30) -> 46295
B7: Days in period | C7: =C6-DATE(2024,12,31) -> 90 | D7: =D6-C6 -> 91 | E7: =E6-D6 -> 92 | F7: =F6-E6 -> 92 | G7: =G6-DATE(2024,12,31) -> 365 | H7: =H6-F6 -> 90 | I7: =I6-H6 -> 91 | J7: =J6-I6 -> 92
B8: Period band above is navigation only; the source register below uses its own column headers (columns are not fiscal periods).
B9: Source register (retrieved 2026-10-12 UTC via web_fetch / web search; publication dates on or before the 2026-10-11 cutoff date; same-day caveat in B66)
B10: ID | C10: Published | D10: Publisher | E10: Retrieved | F10: Feeds | G10: URL or file
B11: S1 | C11: =DATE(2026,10,11) -> 46306 | D11: S&P Capital IQ | E11: =DATE(2026,10,12) -> 46307 | F11: Inputs; Cover consensus | G11: STT_consensus.json (attached CapIQ snapshot)
B12: S2 | C12: =DATE(2026,10,11) -> 46306 | D12: S&P Capital IQ | E12: =DATE(2026,10,12) -> 46307 | F12: Inputs; IncSt memo | G12: STT_history.csv (attached CapIQ snapshot)
B13: S3 | C13: =DATE(2026,7,16) -> 46219 | D13: State Street (SEC) | E13: =DATE(2026,10,12) -> 46307 | F13: All tabs | G13: https://www.sec.gov/Archives/edgar/data/93751/000009375126000387/exhibit992-2q26earningsrel.htm
B14: S4 | C14: =DATE(2026,7,16) -> 46219 | D14: State Street (SEC) | E14: =DATE(2026,10,12) -> 46307 | F14: IM; RS; ShCnt | G14: https://www.sec.gov/Archives/edgar/data/93751/000009375126000387/a2q26earningspressrelease.htm
B15: S5 | C15: =DATE(2026,7,16) -> 46219 | D15: State Street (SEC) | E15: =DATE(2026,10,12) -> 46307 | F15: IS; Guidance | G15: https://www.sec.gov/Archives/edgar/data/93751/000009375126000387/stt2q26earningspresentat.htm
B16: S6 | C16: =DATE(2026,4,17) -> 46129 | D16: State Street (SEC) | E16: =DATE(2026,10,12) -> 46307 | F16: IS; IM LOB | G16: https://www.sec.gov/Archives/edgar/data/93751/000009375126000184/exhibit992-1q26earningsrel.htm
B17: S7 | C17: =DATE(2026,4,17) -> 46129 | D17: State Street (SEC) | E17: =DATE(2026,10,12) -> 46307 | F17: RS; IS | G17: https://www.sec.gov/Archives/edgar/data/93751/000009375126000184/a1q26earningspressrelease.htm
B18: S8 | C18: =DATE(2026,1,16) -> 46038 | D18: State Street (SEC) | E18: =DATE(2026,10,12) -> 46307 | F18: RS; IS FX | G18: https://www.sec.gov/Archives/edgar/data/93751/000009375126000008/exhibit992-4q25earningsrel.htm
B19: S9 | C19: =DATE(2026,1,16) -> 46038 | D19: State Street (SEC) | E19: =DATE(2026,10,12) -> 46307 | F19: RS; Guidance | G19: https://www.sec.gov/Archives/edgar/data/93751/000009375126000008/a4q25earningspressrelease.htm
B20: S10 | C20: =DATE(2025,10,17) -> 45947 | D20: State Street (SEC) | E20: =DATE(2026,10,12) -> 46307 | F20: IS; IM LOB | G20: https://www.sec.gov/Archives/edgar/data/93751/000009375125000560/exhibit992-3q25earningsrel.htm
B21: S11 | C21: =DATE(2025,10,17) -> 45947 | D21: State Street (SEC) | E21: =DATE(2026,10,12) -> 46307 | F21: RS; Guidance | G21: https://www.sec.gov/Archives/edgar/data/93751/000009375125000560/a3q25earningspressrelease.htm
B22: S12 | C22: =DATE(2025,7,15) -> 45853 | D22: State Street (SEC) | E22: =DATE(2026,10,12) -> 46307 | F22: RS; Guidance | G22: https://www.sec.gov/Archives/edgar/data/93751/000009375125000403/a2q25earningspressrelease.htm
B23: S13 | C23: =DATE(2025,4,17) -> 45764 | D23: State Street (SEC) | E23: =DATE(2026,10,12) -> 46307 | F23: IS; IM; RS | G23: https://www.sec.gov/Archives/edgar/data/93751/000009375125000220/a1q25earningspressrelease.htm
B24: S14 | C24: =DATE(2026,2,19) -> 46072 | D24: State Street (SEC) | E24: =DATE(2026,10,12) -> 46307 | F24: CF; Geo; ShCnt | G24: https://www.sec.gov/Archives/edgar/data/93751/000009375126000124/stt-20251231.htm (R8, R10, R137, R141)
B25: S15 | C25: =DATE(2026,7,30) -> 46233 | D25: State Street (SEC) | E25: =DATE(2026,10,12) -> 46307 | F25: CF; ShCnt | G25: https://www.sec.gov/Archives/edgar/data/93751/000009375126000397/stt-20260630.htm (R9)
B26: S16 | C26: =DATE(2026,4,29) -> 46141 | D26: State Street (SEC) | E26: =DATE(2026,10,12) -> 46307 | F26: CF; ShCnt | G26: https://www.sec.gov/Archives/edgar/data/93751/000009375126000196/stt-20260331.htm (R9)
B27: S17 | C27: =DATE(2025,10,30) -> 45960 | D27: State Street (SEC) | E27: =DATE(2026,10,12) -> 46307 | F27: CF; ShCnt | G27: https://www.sec.gov/Archives/edgar/data/93751/000009375125000575/stt-20250930.htm (R9)
B28: S18 | C28: =DATE(2025,7,31) -> 45869 | D28: State Street (SEC) | E28: =DATE(2026,10,12) -> 46307 | F28: CF; ShCnt | G28: https://www.sec.gov/Archives/edgar/data/93751/000009375125000425/stt-20250630.htm (R9)
B29: S19 | C29: =DATE(2025,5,1) -> 45778 | D29: State Street (SEC) | E29: =DATE(2026,10,12) -> 46307 | F29: ShCnt | G29: https://www.sec.gov/Archives/edgar/data/93751/000009375125000226/stt-20250331.htm
B30: S20 | C30: =DATE(2026,7,23) -> 46226 | D30: Motley Fool | E30: =DATE(2026,10,12) -> 46307 | F30: Guidance; IncSt | G30: https://www.fool.com/earnings/call-transcripts/2026/07/23/state-street-stt-q2-2026-earnings-call-transcript/
B31: S21 | C31: =DATE(2026,4,17) -> 46129 | D31: Motley Fool | E31: =DATE(2026,10,12) -> 46307 | F31: Guidance | G31: https://www.fool.com/earnings/call-transcripts/2026/04/17/state-street-stt-q1-2026-earnings-transcript/
B32: S22 | C32: =DATE(2026,9,14) -> 46279 | D32: Equibles (transcript) | E32: =DATE(2026,10,12) -> 46307 | F32: Guidance; IS; IM | G32: https://equibles.com/stocks/stt/documents/667e5233-0b4c-4db8-8279-94b268d3fc0d
B33: S23 | C33: =DATE(2026,9,14) -> 46279 | D33: Investing.com | E33: =DATE(2026,10,12) -> 46307 | F33: Guidance | G33: https://www.investing.com/news/transcripts/state-street-at-barclays-conference-growth-ai-and-margin-gains-93CH-4900063
B34: S24 | C34: =DATE(2026,10,9) -> 46304 | D34: Zacks / Yahoo | E34: =DATE(2026,10,12) -> 46307 | F34: Inputs (other cons.) | G34: https://finance.yahoo.com/markets/stocks/articles/ahead-state-street-stt-q3-121501904.html
B35: S25 | C35: =DATE(2026,9,30) -> 46295 | D35: Dow Jones / Morningstar | E35: =DATE(2026,10,12) -> 46307 | F35: IS; IM assumptions | G35: https://www.morningstar.com/news/dow-jones/202609307962/sp-500-rises-203-this-quarter-to-765154-data-talk
B36: S26 | C36: =DATE(2026,10,8) -> 46303 | D36: First Trust | E36: =DATE(2026,10,12) -> 46307 | F36: IS NIM; AUC/A | G36: https://www.ftportfolios.com/Commentary/MarketCommentary/2026/10/8/a-recap-of-september-2026
B37: S27 | C37: =DATE(2026,9,23) -> 46288 | D37: State Street IR | E37: =DATE(2026,10,12) -> 46307 | F37: Cover report date | G37: https://investors.statestreet.com/investor-news-events/press-releases/news-details/2026/State-Street-Corporation-to-Report-Third-Quarter-2026-Financial-Results-and-Host-Conference-Call-Webcast-on-October-14/default.aspx
B38: S28 | C38: =DATE(2026,7,28) -> 46231 | D38: State Street IR | E38: =DATE(2026,10,12) -> 46307 | F38: RS (M&A n.d.) | G38: https://investors.statestreet.com/investor-news-events/press-releases/news-details/2026/State-Street-to-Expand-Latin-America-Footprint-with-Santander-CACEIS-Latam-Securities-Services/default.aspx
B39: S29 | C39: =DATE(2026,10,11) -> 46306 | D39: Tickeron | E39: =DATE(2026,10,12) -> 46307 | F39: Inputs (mkt cap cross-check only) | G39: https://tickeron.com/ticker/STT/
B40: S30 | C40: =DATE(2026,10,2) -> 46297 | D40: Q3 market recap | E40: =DATE(2026,10,12) -> 46307 | F40: IM assumptions | G40: https://usmarketcurrent.com/q3-2026-scorecard-sp-500-up-2-russell-2000-down-7-5-energy-led-utilities-fell-13-10-year-up-87bp/
B41: S31 | C41: =DATE(2026,10,6) -> 46301 | D41: Earnings Whispers | E41: =DATE(2026,10,12) -> 46307 | F41: Inputs (other cons.) | G41: https://wt11.earningswhispers.com/article/STT/20326
B42: S32 | C42: =DATE(2026,10,11) -> 46306 | D42: ORTEX News | E42: =DATE(2026,10,12) -> 46307 | F42: Context | G42: https://ortex.news/articles/185005/state-street-bulls-and-bears-draw-battle-lines-before-q3-print
B43: S33 | C43: =DATE(2026,10,10) -> 46305 | D43: levelbox.ai | E43: =DATE(2026,10,12) -> 46307 | F43: Context (rates) | G43: https://levelbox.ai/blog/bank-stocks-bond-losses-selloff-october-2026
B44: S34 | C44: =DATE(2026,10,7) -> 46302 | D44: MarketBeat | E44: =DATE(2026,10,12) -> 46307 | F44: Inputs (other cons.) | G44: https://www.americanbankingnews.com/2026/10/07/state-street-stt-set-to-post-earnings-on-wednesday.html
B45: S35 | C45: =DATE(2026,10,2) -> 46297 | D45: Benzinga | E45: =DATE(2026,10,12) -> 46307 | F45: Inputs (other cons.) | G45: https://www.benzinga.com/analyst-stock-ratings/price-target/26/10/62128654/state-street-gears-up-for-q3-print-here-are-the-recent-forecast-changes-from-wall-streets-most-accurate-analysts
B46: S36 | C46: =DATE(2026,7,31) -> 46234 | D46: FactSet | E46: =DATE(2026,10,12) -> 46307 | F46: Prior (reference) | G46: https://insight.factset.com/sp-500-earnings-season-update-july-31-2026
B47: S37 | C47: =DATE(2025,4,17) -> 45764 | D47: State Street (SEC) | E47: =DATE(2026,10,12) -> 46307 | F47: RS prior-year LOB | G47: https://www.sec.gov/Archives/edgar/data/93751/000009375125000220/exhibit992-1q25earningsrel.htm
B48: S38 | C48: =DATE(2025,7,15) -> 45853 | D48: State Street (SEC) | E48: =DATE(2026,10,12) -> 46307 | F48: RS prior-year LOB | G48: https://www.sec.gov/Archives/edgar/data/93751/000009375125000403/exhibit992-2q25earningsrel.htm
B50: Other / newer consensus observations (recorded separately; NOT the scoring baseline, which is the CapIQ snapshot on Cover)
B51: Observation | C51: Value | D51: Source ID
B52: Zacks consensus EPS (Yahoo Finance, 9-Oct-2026) | C52: 3.63 | D52: S24
B53: Earnings Whispers consensus EPS (6-Oct-2026) | C53: 3.63 | D53: S31
B54: Benzinga consensus EPS (2-Oct-2026) | C54: 3.66 | D54: S35
B55: MarketBeat consensus EPS (7-Oct-2026) | C55: 3.67 | D55: S34
B56: Zacks key-metric consensus: total fee revenue ($m, 9-Oct-2026) | C56: 3200 | D56: S24
B57: Zacks key-metric consensus: net interest income ($m) | C57: 857.91 | D57: S24
B58: Zacks key-metric consensus: servicing fees ($m) | C58: 1520 | D58: S24
B59: Zacks key-metric consensus: management fees ($m) | C59: 811.83 | D59: S24
B60: Zacks key-metric consensus: AUM ($bn) | C60: 6375.31 | D60: S24
B62: Inputs tab: kept because the task requires the raw CapIQ summary row and six history rows to be embedded in Inputs; it holds raw files and prior calibration, and the consensus shown to readers lives in the Cover headline table.
B63: Tab coverage: no requested tab omitted. Geo is included, but revenue by geography is annual only (10-K Non-U.S. Activities note, S14); quarterly revenue split checked in S3/S6/S8 addenda and not disclosed.
B64: Target-quarter (3Q26) actual results: not encountered and not used. Expected release 2026-10-14, after the cutoff.
B65: Not used as evidence: undated pages (e.g. prediction-market pages), OpenStocks estimates, target-price data.
B66: Same-day sources: S1, S2, S29 and S32 carry date-only 11-Oct-2026 stamps, so precedence to the 22:24 UTC cutoff is not independently provable (no capture times recorded). S1/S2 are the frozen CapIQ snapshot.

Sheet Inputs
B2: State Street Corporation (NYSE: STT)
B3: Inputs (S&P Capital IQ snapshot, raw)
B4: $ millions, except per share
B5: Fiscal period | C5: 1Q25A | D5: 2Q25A | E5: 3Q25A | F5: 4Q25A | G5: FY25A | H5: 1Q26A | I5: 2Q26A | J5: 3Q26E
B6: Period end | C6: =DATE(2025,3,31) -> 45747 | D6: =DATE(2025,6,30) -> 45838 | E6: =DATE(2025,9,30) -> 45930 | F6: =DATE(2025,12,31) -> 46022 | G6: =DATE(2025,12,31) -> 46022 | H6: =DATE(2026,3,31) -> 46112 | I6: =DATE(2026,6,30) -> 46203 | J6: =DATE(2026,9,30) -> 46295
B7: Days in period | C7: =C6-DATE(2024,12,31) -> 90 | D7: =D6-C6 -> 91 | E7: =E6-D6 -> 92 | F7: =F6-E6 -> 92 | G7: =G6-DATE(2024,12,31) -> 365 | H7: =H6-F6 -> 90 | I7: =I6-H6 -> 91 | J7: =J6-I6 -> 92
B8: Period band above applies only to section C (rows 98-105); sections A, B and D are field / value lists with values in column C.
B9: A. CapIQ consensus file (STT_consensus.json) - top-level fields
B10: source | C10: S&P Capital IQ
B11: ticker | C11: STT
B12: company | C12: State Street Corporation
B13: fiscal_period | C13: FQ3 2026 - Sep 2026
B14: period_end_date | C14: 46295
B15: as_of_date | C15: 46306
B16: analyst_count | C16: 13
B17: consensus_eps | C17: 3.68
B18: eps_basis | C18: Normalized diluted EPS per common share, USD; verify issuer adjustments
B19: consensus_revenue_m | C19: 4041.38
B20: currency | C20: USD
B21: summary_sha256 | C21: edbf949d984075e582c0427440965f3f2b24f43d8e9ef3ba40bd5d158b8c8d16
B22: captured_precision | C22: date only, user confirmed
B23: currency_units_status | C23: per-share in USD; revenue and income in USD millions
B25: B. CapIQ summary_row (complete, raw; blank source values left blank)
B26: ticker | C26: STT
B27: company_name | C27: State Street Corporation
B28: exchange_ticker | C28: NYSE:STT
B29: capiq_company_id | C29: 188785
B30: sp500_member | C30: Y
B31: market_cap_usd_m
B32: fiscal_quarter | C32: FQ3 2026 - Sep 2026
B33: quarter_end_date | C33: 46295
B34: expected_report_date | C34: 46309
B35: fiscal_year_end | C35: Dec-31
B36: analysts_covering | C36: 17
B37: eps_normalized_mean | C37: 3.68
B38: eps_normalized_median | C38: 3.66
B39: eps_normalized_high | C39: 3.89
B40: eps_normalized_low | C40: 3.59
B41: eps_normalized_std_dev | C41: 0.08
B42: eps_normalized_n_est | C42: 13
B43: eps_normalized_guidance
B44: eps_normalized_guidance_low
B45: eps_normalized_guidance_high
B46: eps_gaap_mean | C46: 3.65
B47: eps_gaap_median | C47: 3.64
B48: eps_gaap_high | C48: 3.72
B49: eps_gaap_low | C49: 3.59
B50: eps_gaap_std_dev | C50: 0.04
B51: eps_gaap_n_est | C51: 10
B52: eps_gaap_guidance
B53: revenue_m_mean | C53: 4041.38
B54: revenue_m_median | C54: 4037
B55: revenue_m_high | C55: 4101.01
B56: revenue_m_low | C56: 3995
B57: revenue_m_std_dev | C57: 33.75
B58: revenue_m_n_est | C58: 8
B59: revenue_m_guidance
B60: revenue_m_guidance_low
B61: revenue_m_guidance_high
B62: ebitda_m
B63: ebit_m | C63: 1387.25
B64: ebt_excl_excep_m | C64: 1378.17
B65: ebt_gaap_m | C65: 1381.25
B66: net_income_excl_excep_m | C66: 1013.18 | D66: Basis unstated by CapIQ (preferred/participating deduction unknown); Cover E24:F24 variance withheld.
B67: net_income_gaap_m | C67: 1014.74
B68: gross_margin_pct | C68: 1.11
B69: effective_tax_rate_pct | C69: 22
B70: d_and_a_m
B71: capex_m
B72: cfo_m
B73: fcf_m
B74: interest_expense_m
B75: net_debt_m
B76: cfps
B77: bvps
B78: dps
B79: nav_m | C79: 16819.5
B80: navps
B81: roe_pct | C81: 16.3
B82: target_price_mean | C82: 199.03
B83: target_price_median | C83: 200
B84: target_price_high | C84: 220
B85: target_price_low | C85: 150
B86: target_price_std_dev | C86: 16.72
B87: target_price_n_est | C87: 15
B88: recommendation | C88: Outperform
B89: recommendation_score | C89: 2
B90: last_close_price | C90: 174.96
B91: wk52_high_low | C91: 195.93/104.64
B92: currency | C92: USD
B93: units | C93: per-share in USD; revenue and income in USD millions
B94: estimates_captured_at | C94: 46306
B95: notes | C95: A GAAP EPS "Guidance 0.92" value on the CapIQ page looks like a different line item and was excluded.
B97: C. CapIQ history (STT_history.csv) - six CSV rows, transposed onto the model timeline (one column per row)
B98: period_end_date | C98: 45747 | D98: 45838 | E98: 45930 | F98: 46022 | H98: 46112 | I98: 46203
B99: report_date | C99: 45764 | D99: 45853 | E99: 45947 | F99: 46038 | H99: 46129 | I99: 46219
B100: eps_normalized_consensus | C100: 2.01 | D100: 2.36 | E100: 2.65 | F100: 2.84 | H100: 2.64 | I100: 3.34
B101: eps_normalized_actual | C101: 2.04 | D101: 2.53 | E101: 2.78 | F101: 2.97 | H101: 2.84 | I101: 3.65
B102: eps_gaap_consensus | C102: 2.01 | D102: 2.31 | E102: 2.61 | F102: 2.45 | H102: 2.62 | I102: 3.31
B103: eps_gaap_actual | C103: 2.04 | D103: 2.17 | E103: 2.78 | F103: 2.42 | H103: 2.49 | I103: 3.65
...
